Workbook

Sheet Language
A1: 2024 Iowa Acts, Chapter 1155, Section 1 (FY2025)

Sheet FINANCIAL
A1: Status | B1: PROJECT NUMBER | C1: PROJECT TITLE | D1: Project Mgr. | E1: Vertical Infrastructure Project Allocation | F1: Additional Funds | G1: Total Project Budget | H1: Contracted Amount | I1: Expended Amount | J1: Contracted Not Expended | K1: Not Encumbered
C2: Total Appropriation R52 | D2: 22000000
C3: Additional Funds
C4: Sales Tax Refunds | E4: 0
C5: Total Funds & Sales Tax Refunds | E5: =D2+D3-E4 -> 22000000
B6: . | C6: Less: Total Assigned | E6: =G45 -> 18436370
C7: Total Unassigned / Unallocated | E7: =E5-E6 -> 3563629.8
C8: Major Maintenance Projects
E9: hard code | F9: link to project recap | G9: link to this page budget column | H9: link to project recap | I9: link to project recap | J9: link to project recap | K9: link to project recap
C10: Funds Received
A11: C | B11: 9997.26 | C11: Project Management Time | D11: Geoff W. | E11: =75000-27187.7 -> 47812.3 | G11: =E11+F11 -> 47812.3 | H11: ='RECAP #9997.26'!D14 -> 47812.3 | I11: ='RECAP #9997.26'!E14 -> 47812.3 | J11: ='RECAP #9997.26'!F14 -> 2.1827873e-11 | K11: ='RECAP #9997.26'!G14 -> 0
B12: 9440.01 | C12: DAS CC Historical Building Elevators Replacement PH1 | D12: Brad T. | E12: =1550000+200000 -> 1750000 | G12: =E12+F12 -> 1750000 | H12: ='RECAP #9440.01'!D19 -> 1627413.1 | I12: ='RECAP #9440.01'!E19 -> 123996.56 | J12: ='RECAP #9440.01'!F19 -> 1503416.6 | K12: ='RECAP #9440.01'!G19 -> 122586.85 | O12: ='#9440.01 PM TIME '!I29 -> 22559.73
B13: 9455.00 | C13: IDOE ISD Giangreco Hall Water Infiltration Mitigation | D13: Jennie E | E13: =4600000-900000-3402430.58 -> 297569.42 | G13: =E13+F13 -> 297569.42 | H13: ='RECAP #9455.00'!D15 -> 297569.42 | I13: ='RECAP #9455.00'!E15 -> 290959.04 | J13: ='RECAP #9455.00'!F15 -> 6610.38 | K13: ='RECAP #9455.00'!G15 -> 0
B14: 9483.00 | C14: DVA IVH Dack and Malloy Building Roof Replacements | D14: Brad T. | E14: =2630000+100000+90000 -> 2820000 | G14: =E14+F14 -> 2820000 | H14: ='RECAP #9483.00'!D17 -> 2752691.7 | I14: ='RECAP #9483.00'!E17 -> 1934997.4 | J14: ='RECAP #9483.00'!F17 -> 817694.31 | K14: ='RECAP #9483.00'!G17 -> 67308.33 | O14: ='#9483.00 PM TIME'!I43 -> 55228.5
B15: 9484.00 | C15: ILEA JOH Hydraulic Elevator Replacement | D15: Brad T. | E15: =575000-100000 -> 475000 | G15: =E15+F15 -> 475000 | H15: ='RECAP #9484.00'!D19 -> 402440.55 | I15: ='RECAP #9484.00'!E19 -> 359784.6 | J15: ='RECAP #9484.00'!F19 -> 42655.95 | K15: ='RECAP #9484.00'!G19 -> 72559.45 | O15: ='#9484.00 PM TIME'!I43 -> 4997.82
B16: 9491.00 | C16: DOC 7 JD RTU #2 Replacement | D16: James T. | E16: =170000+300000-150000 -> 320000 | G16: =E16+F16 -> 320000 | H16: ='RECAP #9491.00'!D17 -> 276688.96 | I16: ='RECAP #9491.00'!E17 -> 46537.07 | J16: ='RECAP #9491.00'!F17 -> 230151.89 | K16: ='RECAP #9491.00'!G17 -> 43311.04 | O16: ='#9491.00 PM TIME '!I39 -> 7303.88
A17: C | B17: 9494.00 | C17: IDOE ISD Giangreco Hall Gutter, Dentil and Roof Repairs | D17: Jennie E. | E17: =4600000-4600000 -> 0 | G17: =E17+F17 -> 0 | H17: ='RECAP #9494.00'!D14 -> 0 | I17: ='RECAP #9494.00'!E14 -> 0 | J17: ='RECAP #9494.00'!F14 -> 0 | K17: ='RECAP #9494.00'!G14 -> 0
A18: C | B18: 9495.00 | C18: HHS IMHI Boiler #3 Replacement | D18: Oliver S.(JE) | E18: =1400000-1400000 -> 0 | G18: =E18+F18 -> 0 | H18: ='RECAP #9495.00'!D14 -> 0 | I18: ='RECAP #9495.00'!E14 -> 0 | J18: ='RECAP #9495.00'!F14 -> 0 | K18: ='RECAP #9495.00'!G14 -> 0
B19: 9496.00 | C19: DOC NCCF Replace Windows in Education Building | D19: Jennie E. | E19: =250000+120000 -> 370000 | G19: =E19+F19 -> 370000 | H19: ='RECAP #9496.00'!D17 -> 326173.92 | I19: ='RECAP #9496.00'!E17 -> 63909.92 | J19: ='RECAP #9496.00'!F17 -> 262264 | K19: ='RECAP #9496.00'!G17 -> 43826.08 | O19: ='#9496.00 PM TIME'!I35 -> 4151.29
B20: 9497.00 | C20: HHS IMHI Warehouse Roof Replacement | D20: James T. | E20: 495000 | G20: =E20+F20 -> 495000 | H20: ='RECAP #9497.00'!D18 -> 235116.54 | I20: ='RECAP #9497.00'!E18 -> 71968.44 | J20: ='RECAP #9497.00'!F18 -> 163148.1 | K20: ='RECAP #9497.00'!G18 -> 259883.46 | O20: ='#9497.00 PM TIME'!I37 -> 383.35
B21: 9498.00 | C21: DAS TH Parking Lot Retaining Wall Repairs | D21: James T. | E21: =105000+35000+95000 -> 235000 | G21: =E21+F21 -> 235000 | H21: ='RECAP #9498.00'!D18 -> 219050.51 | I21: ='RECAP #9498.00'!E18 -> 70275.49 | J21: ='RECAP #9498.00'!F18 -> 148775.02 | K21: ='RECAP #9498.00'!G18 -> 15949.49 | O21: ='#9498.00 PM TIME'!I39 -> 3546.04
B22: 9499.00 | C22: IPBS 6535 Corporate Drive Parking Lot Replacement | D22: Brandon A. | E22: =640965-200000 -> 440965 | G22: =E22+F22 -> 440965 | H22: ='RECAP #9499.00'!D17 -> 419314.01 | I22: ='RECAP #9499.00'!E17 -> 399998.07 | J22: ='RECAP #9499.00'!F17 -> 19315.94 | K22: ='RECAP #9499.00'!G17 -> 21650.99 | O22: ='#9499.00 PM TIME '!I37 -> 1435.46
B23: 9500.00 | C23: DOC MPCF Spill Containment for Diesel Tank | D23: Brandon A. | E23: =400000+150000 -> 550000 | G23: =E23+F23 -> 550000 | H23: ='RECAP #9500.00'!D18 -> 505936.55 | I23: ='RECAP #9500.00'!E18 -> 83781.27 | J23: ='RECAP #9500.00'!F18 -> 422155.28 | K23: ='RECAP #9500.00'!G18 -> 44063.45 | O23: ='#9500.00 PM TIME'!I39 -> 1000.06
B24: 9501.00 | C24: DOC NCCF Air Handler Replacement and Condenser Coils Unit A and B | D24: Jennie E. | E24: 275000 | G24: =E24+F24 -> 275000 | H24: ='RECAP #9501.00'!D17 -> 231488.81 | I24: ='RECAP #9501.00'!E17 -> 52596.15 | J24: ='RECAP #9501.00'!F17 -> 178892.66 | K24: ='RECAP #9501.00'!G17 -> 43511.19 | O24: ='#9501.00 PM TIME'!I35 -> 3053.38
B25: 9502.00 | C25: DOC MPCF Hot and Cold Water Mains Replacement | D25: Brandon A. | E25: =505000+450000 -> 955000 | G25: =E25+F25 -> 955000 | H25: ='RECAP #9502.00'!D17 -> 899595.47 | I25: ='RECAP #9502.00'!E17 -> 623534.77 | J25: ='RECAP #9502.00'!F17 -> 276060.7 | K25: ='RECAP #9502.00'!G17 -> 55404.53 | O25: ='#9502.00 PM TIME'!I39 -> 3795.99
B26: 9503.00 | C26: HHS WRC CDC Freezer Repair | D26: Jennifer K. | E26: 440000 | G26: =E26+F26 -> 440000 | H26: ='RECAP #9503.00'!D18 -> 105690.06 | I26: ='RECAP #9503.00'!E18 -> 73321.48 | J26: ='RECAP #9503.00'!F18 -> 32368.58 | K26: ='RECAP #9503.00'!G18 -> 334309.94 | O26: ='#9503.00 PM TIME '!I35 -> 4673.43
B27: 9504.00 | C27: HHS WRC Food Service Elevator Replacement | D27: Jennifer K. | E27: 400000 | G27: =E27+F27 -> 400000 | H27: ='RECAP #9504.00'!D17 -> 307537.47 | I27: ='RECAP #9504.00'!E17 -> 87651.19 | J27: ='RECAP #9504.00'!F17 -> 219886.28 | K27: ='RECAP #9504.00'!G17 -> 92462.53 | O27: ='#9504.00 PM TIME'!I35 -> 4291.53
B28: 9505.00 | C28: DOC FDCF Sally Port Operator Replacement | D28: Jennie E. | E28: =385000+106000 -> 491000 | G28: =E28+F28 -> 491000 | H28: ='RECAP #9505.00'!D17 -> 486945.01 | I28: ='RECAP #9505.00'!E17 -> 69930.54 | J28: ='RECAP #9505.00'!F17 -> 417014.47 | K28: ='RECAP #9505.00'!G17 -> 4054.99 | O28: ='#9505.00 PM TIME'!I37 -> 3519.04
B29: 9506.00 | C29: DOC MPCF Perimeter Fence and Wagon Gates | D29: Brandon A. | E29: 1680747 | G29: =E29+F29 -> 1680747 | H29: ='RECAP #9506.00'!D16 -> 197979.32 | I29: ='RECAP #9506.00'!E16 -> 140953.03 | J29: ='RECAP #9506.00'!F16 -> 57026.29 | K29: ='RECAP #9506.00'!G16 -> 1482767.7 | O29: ='#9506.00 PM TIME'!I39 -> 1253.34
B30: 9507.00 | C30: DOC IMCC Cooling Tower Replacement | D30: Geoff W(JK) | E30: 700000 | G30: =E30+F30 -> 700000 | H30: ='RECAP #9507.00'!D14 -> 451832 | I30: ='RECAP #9507.00'!E14 -> 734.36 | J30: ='RECAP #9507.00'!F14 -> 451097.64 | K30: ='RECAP #9507.00'!G14 -> 248168 | O30: ='#9507.00 PM TIME'!I23 -> 14265.64
B31: 9508.00 | C31: DOC FDCF Unit A Roof Replacement | D31: Geoff W(JE) | E31: =440800+633500+633000 -> 1707300 | G31: =E31+F31 -> 1707300 | H31: ='RECAP #9508.00'!D17 -> 1268098.9 | I31: ='RECAP #9508.00'!E17 -> 785455.04 | J31: ='RECAP #9508.00'!F17 -> 482643.86 | K31: ='RECAP #9508.00'!G17 -> 439201.1 | O31: ='#9508.00 PM TIME'!I37 -> 27534.45
A32: C | B32: 9509.00 | C32: DOC FDCF Boone Unit Roof Replacement | D32: Geoff W(JE) | E32: =633500-633500 -> 0 | G32: =E32+F32 -> 0 | H32: ='RECAP #9509.00'!D14 -> 0 | I32: ='RECAP #9509.00'!E14 -> 0 | J32: ='RECAP #9509.00'!F14 -> 0 | K32: ='RECAP #9509.00'!G14 -> 0
A33: C | B33: 9510.00 | C33: DOC FDCF Grove Unit Roof Replacement | D33: Geoff W(JE) | E33: =633000-633000 -> 0 | G33: =E33+F33 -> 0 | H33: ='RECAP #9510.00'!D14 -> 0 | I33: ='RECAP #9510.00'!E14 -> 0 | J33: ='RECAP #9510.00'!F14 -> 0 | K33: ='RECAP #9510.00'!G14 -> 0
B34: 9511.00 | C34: DPS P13 Upper Parking Lot Replacement | D34: Brandon A. | E34: =205000+60000 -> 265000 | G34: =E34+F34 -> 265000 | H34: ='RECAP #9511.00'!D18 -> 244916.62 | I34: ='RECAP #9511.00'!E18 -> 63581.22 | J34: ='RECAP #9511.00'!F18 -> 181335.4 | K34: ='RECAP #9511.00'!G18 -> 20083.38 | O34: ='#9511.00 PM TIME'!I39 -> 1825.18
A35: C | B35: 9512.00 | C35: IDOE IPBS 6450 Corporate Drive Repair Auditorium Exterior Fire Exit | D35: Brandon A. | E35: =75000-42927.53+30.95 -> 32103.42 | G35: =E35+F35 -> 32103.42 | H35: ='RECAP #9512.00'!D16 -> 32103.42 | I35: ='RECAP #9512.00'!E16 -> 32103.42 | J35: ='RECAP #9512.00'!F16 -> 3.6379788e-12 | K35: ='RECAP #9512.00'!G16 -> 0
B36: 9513.00 | C36: HHS CHMHI Tuckpointing Phase 2.2 | D36: Jennie E. | E36: 640000 | G36: =E36+F36 -> 640000 | H36: ='RECAP #9513.00'!D17 -> 457313.17 | I36: ='RECAP #9513.00'!E17 -> 79246.14 | J36: ='RECAP #9513.00'!F17 -> 378067.03 | K36: ='RECAP #9513.00'!G17 -> 182686.83 | O36: ='#9513.00 PM TIME'!I37 -> 9101.89
A37: C | B37: 9514.00 | C37: DAS Union Sunday School Structural Investigation | D37: Geoff W | E37: =10000-1426.92 -> 8573.08 | G37: =E37+F37 -> 8573.08 | H37: ='RECAP #9514.00'!D14 -> 8573.08 | I37: ='RECAP #9514.00'!E14 -> 8573.08 | J37: ='RECAP #9514.00'!F14 -> 0 | K37: ='RECAP #9514.00'!G14 -> 0
B38: 9519.00 | C38: HHS IMHI Infirmary Building Roof Repair | D38: James T. | E38: 250000 | G38: =E38+F38 -> 250000 | H38: ='RECAP #9519.00'!D17 -> 103175.98 | I38: ='RECAP #9519.00'!E17 -> 55065.59 | J38: ='RECAP #9519.00'!F17 -> 48110.39 | K38: ='RECAP #9519.00'!G17 -> 146824.02 | O38: ='#9519.00 PM TIME'!I29 -> 8971.16
B39: 9521.00 | C39: DPS D1 1333 Ohio Roof Replacement | D39: Brandon A. | E39: =1500000-700000 -> 800000 | G39: =E39+F39 -> 800000 | H39: ='RECAP #9521.00'!D18 -> 682744.21 | I39: ='RECAP #9521.00'!E18 -> 49248.93 | J39: ='RECAP #9521.00'!F18 -> 633495.28 | K39: ='RECAP #9521.00'!G18 -> 117255.79 | O39: ='#9521.00 PM TIME '!I29 -> 32301.88
B40: 9524.00 | C40: DOC ASP SallyPort Tunnel & Living Unit B Tunnel Repair | D40: Brandon A. | E40: 250000 | G40: =E40+F40 -> 250000 | H40: ='RECAP #9524.00'!D15 -> 70911.31 | I40: ='RECAP #9524.00'!E15 -> 29241.64 | J40: ='RECAP #9524.00'!F15 -> 41669.67 | K40: ='RECAP #9524.00'!G15 -> 179088.69 | O40: ='#9524.00 PM TIME'!I33 -> 6937.48
B41: 9527.00 | C41: HHS CHMHI Four Corners Elevator Replacement | D41: Jennie E. | E41: 500000 | G41: =E41+F41 -> 500000 | H41: ='RECAP #9527.00'!D15 -> 99485.76 | I41: ='RECAP #9527.00'!E15 -> 57963.07 | J41: ='RECAP #9527.00'!F15 -> 41522.69 | K41: ='RECAP #9527.00'!G15 -> 400514.24 | O41: ='#9527.00 PM TIME'!I29 -> 4890.98
B42: 9529.00 | C42: HHS CHMHI Wirth Hall Tunnel Repairs | D42: Jennie E. | E42: 800000 | G42: =E42+F42 -> 800000 | H42: ='RECAP #9529.00'!D15 -> 130765.88 | I42: ='RECAP #9529.00'!E15 -> 30679.32 | J42: ='RECAP #9529.00'!F15 -> 100086.56 | K42: ='RECAP #9529.00'!G15 -> 669234.12 | O42: ='#9529.00 PM TIME'!I29 -> 17675.14
B43: 9530.00 | C43: DOC FDCF Unit L Pre-Cast Sealant & Warehouse W Freezer Floor Repair | D43: Jennie E. | E43: =213300+227000 -> 440300 | G43: =E43+F43 -> 440300 | H43: ='RECAP #9530.00'!D15 -> 63408.29 | I43: ='RECAP #9530.00'!E15 -> 36885.52 | J43: ='RECAP #9530.00'!F15 -> 26522.77 | K43: ='RECAP #9530.00'!G15 -> 376891.71 | O43: ='#9530.00 PM TIME'!I29 -> 2174.21
C45: Major Maintenance Totals | E45: =SUM(E11:E44) -> 18436370 | F45: =SUM(F9:F44) -> 0 | G45: =SUM(G11:G44) -> 18436370 | H45: =SUM(H11:H44) -> 12952772 | I45: =SUM(I11:I44) -> 5770784.6 | J45: =SUM(J11:J44) -> 7181987.7 | K45: =SUM(K11:K44) -> 5483597.9 | O45: =SUM(O12:O43) -> 246870.85
G47: Total funds not allocated to the projects listed above | K47: =E7 -> 3563629.8
C48: For these projects the recap budget page will link to the Vertical Infrastructure project allocation and not the Total Budget column | G48: Subtotal | K48: =K45+K47 -> 9047227.7
G49: Total funds Available | J49: =E5 -> 22000000
G50: Total obligated by contract or PO | J50: =H45*-1 -> -12952772 | K50: =SUM(J49:J50) -> 9047227.7
G51: Variance | K51: =K48-K50 -> 0

Sheet RECAP #9997.26
B1: Project Management Time
B2: Project # 9997.26
B3: Program code 999726 | E3: Major Program xxxx
B4: Recap
B5: Acct. Codes-0017-335-MM26 | E5: Close Date: | F5: 38933
B6: Project Manager - Geoff W.
C7: TRANSFERS | D7: CONTRACTED | E7: EXPENDED | F7: CONTRACTED, NOT EXPENDED | G7: UNDER(OVER) Budget
B8: Budget | C8: =FINANCIAL!E11 -> 47812.3
B10: VendorA | D10: 0 | E10: 0 | F10: 0
B11: PM TIME | D11: ='#9997.26 PM TIME '!E47 -> 47812.3 | E11: ='#9997.26 PM TIME '!G47 -> 47812.3 | F11: ='#9997.26 PM TIME '!I47 -> 0
B12: Misc. | D12: 0 | E12: ='#9484.00 Misc'!H22 -> 0 | F12: =D12-E12 -> 0
B14: Total Project Cost | C14: =SUM(C8:C13) -> 47812.3 | D14: =SUM(D8:D13) -> 47812.3 | E14: =SUM(E8:E13) -> 47812.3 | F14: =SUM(D14-E14) -> 2.1827873e-11 | G14: =C8-D14 -> 0

Sheet #9997.26 PM TIME 
A1: ='RECAP #9997.26'!B1 -> Project Management Time
A2: ='RECAP #9997.26'!B2 -> Project # 9997.26
A3: ='RECAP #9997.26'!B3 -> Program code 999726 | E3: ='RECAP #9997.26'!E3 -> Major Program xxxx
A4: PM TIME | E4: Internal documents
A6: Acct. Codes-0017-335-MM26-xxxx | E6: eDAS: 733L
A7: ='RECAP #9997.26'!B6 -> Project Manager - Geoff W.
A8: Doc # | B8: Date | C8: Object Code | D8: Activity Code | E8: Contract & C.O.'s | F8: Contract Total | G8: Payment Amount | H8: Total Paid | I8: Balance
D9: Budget amount | E9: =75000-27187.7 -> 47812.3 | F9: =E9 -> 47812.3 | I9: =F9 -> 47812.3
F10: =F9+E10 -> 47812.3 | H10: =H9+G10 -> 0 | I10: =I9-G10+E10 -> 47812.3
A11: IET DAS202601115300001 | B11: 45876 | C11: 2507 | D11: Finance Support for July 01-31, 2025 | F11: =F10+E11 -> 47812.3 | G11: =424.26+1038.89 -> 1463.15 | H11: =H10+G11 -> 1463.15 | I11: =I10-G11+E11 -> 46349.15
A12: IET DAS202601115300001 | B12: 45876 | C12: 9500 | D12: DAS Support for July 01-31, 2025 | F12: =F11+E12 -> 47812.3 | G12: =1449.7+4661.5 -> 6111.2 | H12: =H11+G12 -> 7574.35 | I12: =I11-G12+E12 -> 40237.95
A13: CDE 33526246821 | B13: 45911 | C13: 2507 | D13: Move expense to 9436.00 | F13: =F12+E13 -> 47812.3 | G13: -110.44 | H13: =H12+G13 -> 7463.91 | I13: =I12-G13+E13 -> 40348.39
A14: CDE 33526246821 | B14: 45911 | C14: 2507 | D14: Move expense to 9440.00 | F14: =F13+E14 -> 47812.3 | G14: -144.14 | H14: =H13+G14 -> 7319.77 | I14: =I13-G14+E14 -> 40492.53
A15: CDE 33526246821 | B15: 45911 | C15: 2507 | D15: Move expense to 9420.00 | F15: =F14+E15 -> 47812.3 | G15: -169.68 | H15: =H14+G15 -> 7150.09 | I15: =I14-G15+E15 -> 40662.21
A16: CDE 33526246821 | B16: 45911 | C16: 9500 | D16: Move expense to 9436.00 | F16: =F15+E16 -> 47812.3 | G16: -1211.1 | H16: =H15+G16 -> 5938.99 | I16: =I15-G16+E16 -> 41873.31
A17: CDE 33526246821 | B17: 45911 | C17: 9500 | D17: Move expense to 9440.00 | F17: =F16+E17 -> 47812.3 | G17: -1595.5 | H17: =H16+G17 -> 4343.49 | I17: =I16-G17+E17 -> 43468.81
A18: CDE 33526246821 | B18: 45911 | C18: 9500 | D18: Move expense to 9420.00 | F18: =F17+E18 -> 47812.3 | G18: -1854.9 | H18: =H17+G18 -> 2488.59 | I18: =I17-G18+E18 -> 45323.71
A19: IET DAS202602115300001 | B19: 45908 | C19: 2507 | D19: Finance Support for August 01-31, 2025 | F19: =F18+E19 -> 47812.3 | G19: 2070.07 | H19: =H18+G19 -> 4558.66 | I19: =I18-G19+E19 -> 43253.64
A20: IET DAS202602115300001 | B20: 45908 | C20: 9500 | D20: DAS Support for August 01-31, 2025 | F20: =F19+E20 -> 47812.3 | G20: 2472.3 | H20: =H19+G20 -> 7030.96 | I20: =I19-G20+E20 -> 40781.34
A21: IET DAS202603115300001 | B21: 45937 | C21: 2507 | D21: Finance Support for September 01-30, 2025 | F21: =F20+E21 -> 47812.3 | G21: 3801.19 | H21: =H20+G21 -> 10832.15 | I21: =I20-G21+E21 -> 36980.15
A22: IET DAS202603115300001 | B22: 45937 | C22: 9500 | D22: DAS Support for September 01-30, 2025 | F22: =F21+E22 -> 47812.3 | G22: 2413.6 | H22: =H21+G22 -> 13245.75 | I22: =I21-G22+E22 -> 34566.55
A23: IET DAS202604115300001 | B23: 45968 | C23: 2507 | D23: Finance Support for October 01-31, 2025 | F23: =F22+E23 -> 47812.3 | G23: 2021.01 | H23: =H22+G23 -> 15266.76 | I23: =I22-G23+E23 -> 32545.54
A24: IET DAS202604115300001 | B24: 45968 | C24: 9500 | D24: DAS Support for October 01-31, 2025 | F24: =F23+E24 -> 47812.3 | G24: 27910.6 | H24: =H23+G24 -> 43177.36 | I24: =I23-G24+E24 -> 4634.94
A25: CDE 33526317909 | B25: 45974 | C25: 2507 | D25: Move from DA26 9481.00 | F25: =F24+E25 -> 47812.3 | G25: 300.34 | H25: =H24+G25 -> 43477.7 | I25: =I24-G25+E25 -> 4334.6
A26: CDE 33526317909 | B26: 45974 | C26: 9500 | D26: Move from DA26 9481.00 | F26: =F25+E26 -> 47812.3 | G26: 571.2 | H26: =H25+G26 -> 44048.9 | I26: =I25-G26+E26 -> 3763.4
A27: IET DAS202605115300001 | B27: 45996 | C27: 2507 | D27: Finance Support for November 1-30, 2025 | F27: =F26+E27 -> 47812.3 | G27: 2222.7 | H27: =H26+G27 -> 46271.6 | I27: =I26-G27+E27 -> 1540.7
A28: IET DAS202605115300001 | B28: 45996 | C28: 9500 | D28: DAS Support for November 1-30, 2025 | F28: =F27+E28 -> 47812.3 | G28: 1513.8 | H28: =H27+G28 -> 47785.4 | I28: =I27-G28+E28 -> 26.9
A29: IET DAS202606115300001 | B29: 46030 | C29: 2507 | D29: Finance Support for December 1-31, 2025 | F29: =F28+E29 -> 47812.3 | G29: 1572.63 | H29: =H28+G29 -> 49358.03 | I29: =I28-G29+E29 -> -1545.73
A30: IET DAS202606115300001 | B30: 46030 | C30: 9500 | D30: DAS Support for December 1-31, 2025 | F30: =F29+E30 -> 47812.3 | G30: 2305.9 | H30: =H29+G30 -> 51663.93 | I30: =I29-G30+E30 -> -3851.63
A31: IET DAS202607115300001 | B31: 46062 | C31: 2507 | D31: Finance Support for January 1-31, 2026 | F31: =F30+E31 -> 47812.3 | G31: 1295.7 | H31: =H30+G31 -> 52959.63 | I31: =I30-G31+E31 -> -5147.33
A32: IET DAS202607115300001 | B32: 46062 | C32: 9500 | D32: DAS Support for January 1-31, 2026 | F32: =F31+E32 -> 47812.3 | G32: 1468.4 | H32: =H31+G32 -> 54428.03 | I32: =I31-G32+E32 -> -6615.73
A33: IET DAS202608115300001 | B33: 46090 | C33: 2507 | D33: Finance Support for February 1-28, 2026 | F33: =F32+E33 -> 47812.3 | G33: 1448.3 | H33: =H32+G33 -> 55876.33 | I33: =I32-G33+E33 -> -8064.03
A34: IET DAS202608115300001 | B34: 46090 | C34: 9500 | D34: DAS Support for February 1-28, 2026 | F34: =F33+E34 -> 47812.3 | G34: 1782.4 | H34: =H33+G34 -> 57658.73 | I34: =I33-G34+E34 -> -9846.43
A35: IET DAS202609115300001 | B35: 46118 | C35: 2507 | D35: Finance Support for March 01-31, 2026 | F35: =F34+E35 -> 47812.3 | G35: 2230.7 | H35: =H34+G35 -> 59889.43 | I35: =I34-G35+E35 -> -12077.13
A36: IET DAS202609115300001 | B36: 46118 | C36: 9500 | D36: DAS Support for March 01-31, 2026 | F36: =F35+E36 -> 47812.3 | G36: 1361.8 | H36: =H35+G36 -> 61251.23 | I36: =I35-G36+E36 -> -13438.93
A37: IET DAS202610115300001 | B37: 46149 | C37: 2507 | D37: Finance Support for April 01-30, 2026 | F37: =F36+E37 -> 47812.3 | G37: 1894.52 | H37: =H36+G37 -> 63145.75 | I37: =I36-G37+E37 -> -15333.45
A38: IET DAS202610115300001 | B38: 46149 | C38: 9500 | D38: DAS Support for April 01-30, 2026 | F38: =F37+E38 -> 47812.3 | G38: 2057 | H38: =H37+G38 -> 65202.75 | I38: =I37-G38+E38 -> -17390.45
A39: IET DAS202611115300001 | B39: 46181 | C39: 2507 | D39: Finance Support for May 01-31, 2026 | F39: =F38+E39 -> 47812.3 | G39: 1497.61 | H39: =H38+G39 -> 66700.36 | I39: =I38-G39+E39 -> -18888.06
A40: IET DAS202611115300001 | B40: 46181 | C40: 9500 | D40: DAS Support for May 01-31, 2026 | F40: =F39+E40 -> 47812.3 | G40: 1588.9 | H40: =H39+G40 -> 68289.26 | I40: =I39-G40+E40 -> -20476.96
A41: IET DAS202612115300001 | B41: 46211 | C41: 2507 | D41: Finance Support for June 01-30, 2026 | F41: =F40+E41 -> 47812.3 | G41: 1518.39 | H41: =H40+G41 -> 69807.65 | I41: =I40-G41+E41 -> -21995.35
A42: IET DAS202612115300001 | B42: 46211 | C42: 9500 | D42: DAS Support for June 01-30, 2026 | F42: =F41+E42 -> 47812.3 | G42: -22605 | H42: =H41+G42 -> 47202.65 | I42: =I41-G42+E42 -> 609.65
A43: IET DAS202613115300001 | B43: 46218 | C43: 2507 | D43: Finance Support for June 01-30, 2026 (Period 13) | F43: =F42+E43 -> 47812.3 | G43: 609.65 | H43: =H42+G43 -> 47812.3 | I43: =I42-G43+E43 -> 5.1159077e-12
F44: =F43+E44 -> 47812.3 | H44: =H43+G44 -> 47812.3 | I44: =I43-G44+E44 -> 5.1159077e-12
F45: =F44+E45 -> 47812.3 | H45: =H44+G45 -> 47812.3 | I45: =I44-G45+E45 -> 5.1159077e-12
D47: Totals: | E47: =SUM(E9:E46) -> 47812.3 | G47: =SUM(G9:G46) -> 47812.3 | I47: =E47-G47 -> 0

Sheet RECAP #9440.01
B1: DAS CC Historical Building Elevators Replacement PH1
B2: Project # 9440.01
B3: Program code 944001 | E3: Major Program: 4D03
B4: Recap
B5: Acct. Codes-0017-335-MM26 | E5: Close Date:
B6: Project Manager - Brad T
C7: TRANSFERS | D7: CONTRACTED | E7: EXPENDED | F7: CONTRACTED, NOT EXPENDED | G7: UNDER(OVER) Budget
B8: Budget | C8: =FINANCIAL!E12 -> 1750000
A10: C | B10: DCI Group | D10: ='#9440.01 DCI Group'!D23 -> 14236.45 | E10: ='#9440.01 DCI Group'!F23 -> 14236.45 | F10: ='#9440.01 DCI Group'!H23 -> 0
B11: PM TIME | D11: ='#9440.01 PM TIME '!E29 -> 30000 | E11: ='#9440.01 PM TIME '!G29 -> 7440.27 | F11: ='#9440.01 PM TIME '!I29 -> 22559.73
B12: Misc. | D12: ='#9440.01 Misc '!G22 -> 1617.74 | E12: ='#9440.01 Misc '!G22 -> 1617.74 | F12: =D12-E12 -> 0
B13: OPN Architects | D13: ='#9440.01 OPN Architects'!D23 -> 143190 | E13: ='#9440.01 OPN Architects'!F23 -> 100702.1 | F13: ='#9440.01 OPN Architects'!H23 -> 42487.9
B14: DCI Group (2) | D14: ='#9440.01 DCI Group (2)'!D23 -> 219929.96 | E14: ='#9440.01 DCI Group (2)'!F23 -> 0 | F14: ='#9440.01 DCI Group (2)'!H23 -> 219929.96
B15: Bergstrum Construction | D15: ='#9440.01 Bergstrom Construction'!D23 -> 146245 | E15: ='#9440.01 Bergstrom Construction'!F23 -> 0 | F15: ='#9440.01 Bergstrom Construction'!H23 -> 146245
B16: VanMaanen Electric | D16: ='#9440.01 VanMaanen Electric'!D23 -> 111858 | E16: ='#9440.01 VanMaanen Electric'!F23 -> 0 | F16: ='#9440.01 VanMaanen Electric'!H23 -> 111858
B17: Schumacher Elevator CO | D17: ='#9440.01 Schumacher Elevator'!D23 -> 960336 | E17: ='#9440.01 Schumacher Elevator'!F23 -> 0 | F17: ='#9440.01 Schumacher Elevator'!H23 -> 960336
B19: Total Project Cost | C19: =SUM(C8:C18) -> 1750000 | D19: =SUM(D8:D18) -> 1627413.1 | E19: =SUM(E8:E18) -> 123996.56 | F19: =SUM(D19-E19) -> 1503416.6 | G19: =C8-D19 -> 122586.85

Sheet #9440.01 DCI Group
A1: ='RECAP #9440.01'!B1 -> DAS CC Historical Building Elevators Replacement PH1
A2: ='RECAP #9440.01'!B2 -> Project # 9440.01
A3: ='RECAP #9440.01'!B3 -> Program code 944001 | D3: ='RECAP #9440.01'!E3 -> Major Program: 4D03
A4: DCI Group | D4: Vendor: 00003025029
A5: Acct. Codes-0017-335-MM26-9255 | D5: RFP1821335228-DCI11012021
A6: ='RECAP #9440.01'!B6 -> Project Manager - Brad T | D6: Activity code: CMGR
A8: Doc # | B8: Date | C8: Activity | D8: Contract & C.O.'s | E8: Contract Total | F8: Payment Amount | G8: Total Paid | H8: Balance
A9: PO 33526055913 | B9: 46077 | C9: PO Procore | D9: 18399.16 | E9: =D9 -> 18399.16 | H9: =E9 -> 18399.16
A10: PRC 3352605PA5913 | B10: 46127 | C10: Inv. 9440.01 PC 01 | E10: =E9+D10 -> 18399.16 | F10: 1104.72 | G10: =G9+F10 -> 1104.72 | H10: =H9-F10+D10 -> 17294.44
A11: PRC 3352605PB5913 | B11: 46154 | C11: Inv. 9440.01 PC #02 | E11: =E10+D11 -> 18399.16 | F11: 1700.85 | G11: =G10+F11 -> 2805.57 | H11: =H10-F11+D11 -> 15593.59
A12: PRC 3352605PC5913 | B12: 46177 | C12: Inv. 9440.01 PC #03 | E12: =E11+D12 -> 18399.16 | F12: 2741.83 | G12: =G11+F12 -> 5547.4 | H12: =H11-F12+D12 -> 12851.76
A13: PRC 3352605PD5913 | B13: 46216 | C13: Inv. 9440.01 PC #04 | E13: =E12+D13 -> 18399.16 | F13: 3117.49 | G13: =G12+F13 -> 8664.89 | H13: =H12-F13+D13 -> 9734.27 | I13: FY26
A14: PO 33527055913 | B14: 46225 | C14: Roll to FY27 | D14: 0 | E14: =E13+D14 -> 18399.16 | G14: =G13+F14 -> 8664.89 | H14: =H13-F14+D14 -> 9734.27
A15: PRC 3352705PE5913 | B15: 46246 | C15: Inv. 9440.01 PC 05 | E15: =E14+D15 -> 18399.16 | F15: 2976.9 | G15: =G14+F15 -> 11641.79 | H15: =H14-F15+D15 -> 6757.37
A16: PRC 3352705PF5913 | B16: 46273 | C16: Inv. 9440.01 PC 06 FINAL | D16: -4162.71 | E16: =E15+D16 -> 14236.45 | F16: 2594.66 | G16: =G15+F16 -> 14236.45 | H16: =H15-F16+D16 -> 0
E17: =E16+D17 -> 14236.45 | G17: =G16+F17 -> 14236.45 | H17: =H16-F17+D17 -> 0
E18: =E17+D18 -> 14236.45 | G18: =G17+F18 -> 14236.45 | H18: =H17-F18+D18 -> 0
E19: =E18+D19 -> 14236.45 | G19: =G18+F19 -> 14236.45 | H19: =H18-F19+D19 -> 0
E20: =E19+D20 -> 14236.45 | G20: =G19+F20 -> 14236.45 | H20: =H19-F20+D20 -> 0
E21: =E20+D21 -> 14236.45 | G21: =G20+F21 -> 14236.45 | H21: =H20-F21+D21 -> 0
C23: Totals: | D23: =SUM(D9:D22) -> 14236.45 | F23: =SUM(F9:F22) -> 14236.45 | H23: =D23-F23 -> 0 | I23: FINAL
C26: CM Services | D26: =17399.16-3162.71 -> 14236.45 | F26: =1104.72+1700.85+2741.83+3117.49+2976.9+2594.66 -> 14236.45 | H26: =D26-F26 -> 0
C27: Reimbursables | D27: =1000-1000 -> 0 | H27: =D27-F27 -> 0
C28: Total: | D28: =SUM(D26:D27) -> 14236.45 | F28: =SUM(F26:F27) -> 14236.45 | H28: =SUM(H26:H27) -> 0

Sheet #9440.01 PM TIME 
A1: ='RECAP #9440.01'!B1 -> DAS CC Historical Building Elevators Replacement PH1
A2: ='RECAP #9440.01'!B2 -> Project # 9440.01
A3: ='RECAP #9440.01'!B3 -> Program code 944001 | E3: ='RECAP #9440.01'!E3 -> Major Program: 4D03
A4: PM TIME | E4: Internal documents
A6: Acct. Codes-0017-335-MM26-xxxx | E6: eDAS 911I
A7: ='RECAP #9440.01'!B6 -> Project Manager - Brad T
A8: Doc # | B8: Date | C8: Object Code | D8: Activity Code | E8: Contract & C.O.'s | F8: Contract Total | G8: Payment Amount | H8: Total Paid | I8: Balance
D9: Budget amount | E9: 30000 | F9: =E9 -> 30000 | I9: =F9 -> 30000
A10: IET DAS202608115300001 | B10: 46090 | C10: 2507 | D10: Finance Support for February 1-28, 2026 | F10: =F9+E10 -> 30000 | G10: 48.78 | H10: =H9+G10 -> 48.78 | I10: =I9-G10+E10 -> 29951.22
A11: IET DAS202608115300001 | B11: 46090 | C11: 9500 | D11: DAS Support for February 1-28, 2026 | F11: =F10+E11 -> 30000 | G11: 561.5 | H11: =H10+G11 -> 610.28 | I11: =I10-G11+E11 -> 29389.72
A12: IET DAS202609115300001 | B12: 46118 | C12: 2507 | D12: Finance Support for March 01-31, 2026 | F12: =F11+E12 -> 30000 | G12: 51.76 | H12: =H11+G12 -> 662.04 | I12: =I11-G12+E12 -> 29337.96
A13: IET DAS202609115300001 | B13: 46118 | C13: 9500 | D13: DAS Support for March 01-31, 2026 | F13: =F12+E13 -> 30000 | G13: 419.3 | H13: =H12+G13 -> 1081.34 | I13: =I12-G13+E13 -> 28918.66
A14: IET DAS202610115300001 | B14: 46149 | C14: 2507 | D14: Finance Support for April 01-30, 2026 | F14: =F13+E14 -> 30000 | G14: 104.88 | H14: =H13+G14 -> 1186.22 | I14: =I13-G14+E14 -> 28813.78
A15: IET DAS202610115300001 | B15: 46149 | C15: 9500 | D15: DAS Support for April 01-30, 2026 | F15: =F14+E15 -> 30000 | G15: 1094.9 | H15: =H14+G15 -> 2281.12 | I15: =I14-G15+E15 -> 27718.88
A16: IET DAS202611115300001 | B16: 46181 | C16: 2507 | D16: Finance Support for May 01-31, 2026 | F16: =F15+E16 -> 30000 | G16: 97.92 | H16: =H15+G16 -> 2379.04 | I16: =I15-G16+E16 -> 27620.96
A17: IET DAS202611115300001 | B17: 46181 | C17: 9500 | D17: DAS Support for May 01-31, 2026 | F17: =F16+E17 -> 30000 | G17: 1201.5 | H17: =H16+G17 -> 3580.54 | I17: =I16-G17+E17 -> 26419.46
A18: IET DAS202612115300001 | B18: 46211 | C18: 2507 | D18: Finance Support for June 01-30, 2026 | F18: =F17+E18 -> 30000 | G18: 103.54 | H18: =H17+G18 -> 3684.08 | I18: =I17-G18+E18 -> 26315.92
A19: IET DAS202612115300001 | B19: 46211 | C19: 9500 | D19: DAS Support for June 01-30, 2026 | F19: =F18+E19 -> 30000 | G19: 1191.4 | H19: =H18+G19 -> 4875.48 | I19: =I18-G19+E19 -> 25124.52
A20: IET DAS202613115300001 | B20: 46218 | C20: 2507 | D20: Finance Support for June 01-30, 2026 (Period 13) | F20: =F19+E20 -> 30000 | G20: 41.76 | H20: =H19+G20 -> 4917.24 | I20: =I19-G20+E20 -> 25082.76
A21: IET DAS202701115300001 | B21: 46241 | C21: 2507 | D21: Finance Support for July 01-31, 2026 | F21: =F20+E21 -> 30000 | G21: 123.37 | H21: =H20+G21 -> 5040.61 | I21: =I20-G21+E21 -> 24959.39
A22: IET DAS202701115300001 | B22: 46241 | C22: 9500 | D22: DAS Support for July 01-31, 2026 | F22: =F21+E22 -> 30000 | G22: 1322.5 | H22: =H21+G22 -> 6363.11 | I22: =I21-G22+E22 -> 23636.89
A23: IET DAS202702115300001 | B23: 46272 | C23: 2507 | D23: Finance Support for August 01-31, 2026 | F23: =F22+E23 -> 30000 | G23: 100.76 | H23: =H22+G23 -> 6463.87 | I23: =I22-G23+E23 -> 23536.13
A24: IET DAS202702115300001 | B24: 46272 | C24: 9500 | D24: DAS Support for August 01-31, 2026 | F24: =F23+E24 -> 30000 | G24: 976.4 | H24: =H23+G24 -> 7440.27 | I24: =I23-G24+E24 -> 22559.73
F25: =F24+E25 -> 30000 | H25: =H24+G25 -> 7440.27 | I25: =I24-G25+E25 -> 22559.73
F26: =F25+E26 -> 30000 | H26: =H25+G26 -> 7440.27 | I26: =I25-G26+E26 -> 22559.73
F27: =F26+E27 -> 30000 | H27: =H26+G27 -> 7440.27 | I27: =I26-G27+E27 -> 22559.73
D29: Totals: | E29: =SUM(E9:E28) -> 30000 | G29: =SUM(G9:G28) -> 7440.27 | I29: =E29-G29 -> 22559.73

Sheet #9440.01 Misc 
A1: ='RECAP #9440.01'!B1 -> DAS CC Historical Building Elevators Replacement PH1
A2: ='RECAP #9440.01'!B2 -> Project # 9440.01
A3: ='RECAP #9440.01'!B3 -> Program code 944001 | E3: ='RECAP #9440.01'!E3 -> Major Program: 4D03
A4: Misc
E5: Do not code PM, EADOC, or Builders Risk here
A6: Acct. Codes-0017-335-MM26-xxxx | E6: Shipping Code: 035
A7: ='RECAP #9440.01'!B6 -> Project Manager - Brad T
A8: Doc # | B8: Date | C8: Object Code | D8: Activity Code | E8: Activity | F8: Invoice | G8: Payment Amount | H8: Total Paid
A9: PRC 33526187907 | B9: 46209 | C9: 9500 | D9: CNST | E9: ATC Group V#(00002134218) | F9: Inv. 2720306 | G9: 1350.5 | H9: =G9 -> 1350.5
A10: PRC 33526202900 | B10: 46224 | C10: 9500 | D10: CNST | E10: Rapids Reproductions V#(00002111375) | F10: Inv. INVCL2989 | G10: 267.24 | H10: =H9+G10 -> 1617.74
H11: =H10+G11 -> 1617.74
H12: =H11+G12 -> 1617.74
H13: =H12+G13 -> 1617.74
H14: =H13+G14 -> 1617.74
H15: =H14+G15 -> 1617.74
H16: =H15+G16 -> 1617.74
H17: =H16+G17 -> 1617.74
H18: =H17+G18 -> 1617.74
H19: =H18+G19 -> 1617.74
H20: =H19+G20 -> 1617.74
E22: Totals: | G22: =SUM(G9:G21) -> 1617.74

Sheet #9440.01 OPN Architects
A1: ='RECAP #9440.01'!B1 -> DAS CC Historical Building Elevators Replacement PH1
A2: ='RECAP #9440.01'!B2 -> Project # 9440.01
A3: ='RECAP #9440.01'!B3 -> Program code 944001 | D3: ='RECAP #9440.01'!E3 -> Major Program: 4D03
A4: OPN Architects | D4: Vendor: 00003035830
A5: Acct. Codes-0017-335-MM26-9260 | D5: RFP944000-01
A6: ='RECAP #9440.01'!B6 -> Project Manager - Brad T | D6: Activity code: DSGN
A8: Doc # | B8: Date | C8: Activity | D8: Contract & C.O.'s | E8: Contract Total | F8: Payment Amount | G8: Total Paid | H8: Balance
A9: PO 33526062911 | B9: 46084 | C9: PO Procore | D9: 143190 | E9: =D9 -> 143190 | H9: =E9 -> 143190
A10: PRC 3352606PA2911 | B10: 46155 | C10: Inv. 26817000-1 | E10: =E9+D10 -> 143190 | F10: 2790.96 | G10: =G9+F10 -> 2790.96 | H10: =H9-F10+D10 -> 140399.04
A11: PRC 3352606PB2911 | B11: 46176 | C11: Inv. 26817000-2 | E11: =E10+D11 -> 143190 | F11: 10234.56 | G11: =G10+F11 -> 13025.52 | H11: =H10-F11+D11 -> 130164.48
A12: PRC 3352606PC2911 | B12: 46216 | C12: Inv. 26817000-3 | E12: =E11+D12 -> 143190 | F12: 83463.48 | G12: =G11+F12 -> 96489 | H12: =H11-F12+D12 -> 46701 | I12: FY26
A13: PO 33527062911 | B13: 46225 | C13: Roll to FY27 | D13: 0 | E13: =E12+D13 -> 143190 | G13: =G12+F13 -> 96489 | H13: =H12-F13+D13 -> 46701
A14: PRC 3352706PD2911 | B14: 46239 | C14: Inv. 26817000-4 | E14: =E13+D14 -> 143190 | F14: 1411.7 | G14: =G13+F14 -> 97900.7 | H14: =H13-F14+D14 -> 45289.3
A15: PRC 3352706PE2911 | B15: 46268 | C15: Inv. 26817000-5 | E15: =E14+D15 -> 143190 | F15: 2801.4 | G15: =G14+F15 -> 100702.1 | H15: =H14-F15+D15 -> 42487.9
E16: =E15+D16 -> 143190 | G16: =G15+F16 -> 100702.1 | H16: =H15-F16+D16 -> 42487.9
E17: =E16+D17 -> 143190 | G17: =G16+F17 -> 100702.1 | H17: =H16-F17+D17 -> 42487.9
E18: =E17+D18 -> 143190 | G18: =G17+F18 -> 100702.1 | H18: =H17-F18+D18 -> 42487.9
E19: =E18+D19 -> 143190 | G19: =G18+F19 -> 100702.1 | H19: =H18-F19+D19 -> 42487.9
E20: =E19+D20 -> 143190 | G20: =G19+F20 -> 100702.1 | H20: =H19-F20+D20 -> 42487.9
E21: =E20+D21 -> 143190 | G21: =G20+F21 -> 100702.1 | H21: =H20-F21+D21 -> 42487.9
C23: Totals: | D23: =SUM(D9:D22) -> 143190 | F23: =SUM(F9:F22) -> 100702.1 | H23: =D23-F23 -> 42487.9
C26: Elevator #3
C27: 50% CDs | D27: 15910 | F27: =930.32+10234.56+4745.12 -> 15910 | H27: =D27-F27 -> 0
C28: 100% CDs | D28: 15910 | F28: =15910 -> 15910 | H28: =D28-F28 -> 0
C29: Bid | D29: 343 | F29: =343 -> 343 | H29: =D29-F29 -> 0
C30: Construction Admin | D30: 15567 | F30: =470.57+933.8 -> 1404.37 | H30: =D30-F30 -> 14162.63
C31: Sub Total | D31: =SUM(D27:D30) -> 47730 | F31: =SUM(F27:F30) -> 33567.37 | H31: =SUM(H27:H30) -> 14162.63
C35: Elevator #4
C36: 50% CDs | D36: 15910 | F36: =930.32+14979.68 -> 15910 | H36: =D36-F36 -> 0
C37: 100% CDs | D37: 15910 | F37: =15910 -> 15910 | H37: =D37-F37 -> 0
C38: Bid | D38: 343 | F38: =343 -> 343 | H38: =D38-F38 -> 0
C39: Construction Admin | D39: 15567 | F39: =470.56+933.8 -> 1404.36 | H39: =D39-F39 -> 14162.64
C40: Sub Total | D40: =SUM(D36:D39) -> 47730 | F40: =SUM(F36:F39) -> 33567.36 | H40: =SUM(H36:H39) -> 14162.64
C43: Elevator #5
C44: 50% CDs | D44: 15910 | F44: =930.32+14979.68 -> 15910 | H44: =D44-F44 -> 0
C45: 100% CDs | D45: 15910 | F45: =15910 -> 15910 | H45: =D45-F45 -> 0
C46: Bid | D46: 343 | F46: =343 -> 343 | H46: =D46-F46 -> 0
C47: Construction Admin | D47: 15567 | F47: =470.57+933.8 -> 1404.37 | H47: =D47-F47 -> 14162.63
C48: Sub Total | D48: =SUM(D44:D47) -> 47730 | F48: =SUM(F44:F47) -> 33567.37 | H48: =SUM(H44:H47) -> 14162.63
C51: Grand Total | D51: =D31+D40+D48 -> 143190 | F51: =F31+F40+F48 -> 100702.1 | H51: =H31+H40+H48 -> 42487.9

Sheet #9440.01 DCI Group (2)
A1: ='RECAP #9440.01'!B1 -> DAS CC Historical Building Elevators Replacement PH1
A2: ='RECAP #9440.01'!B2 -> Project # 9440.01
A3: ='RECAP #9440.01'!B3 -> Program code 944001 | D3: ='RECAP #9440.01'!E3 -> Major Program: 4D03
A4: DCI Group (2) | D4: Vendor: 00003025029
A5: Acct. Codes-0017-335-MM26-9255 | D5: RFP1821335228-DCI11012021
A6: ='RECAP #9440.01'!B6 -> Project Manager - Brad T | D6: Activity code: CMGR
A8: Doc # | B8: Date | C8: Activity | D8: Contract & C.O.'s | E8: Contract Total | F8: Payment Amount | G8: Total Paid | H8: Balance
A9: PO 33527204905 | B9: 46226 | C9: PO Procore | D9: 219929.96 | E9: =D9 -> 219929.96 | H9: =E9 -> 219929.96
E10: =E9+D10 -> 219929.96 | G10: =G9+F10 -> 0 | H10: =H9-F10+D10 -> 219929.96
E11: =E10+D11 -> 219929.96 | G11: =G10+F11 -> 0 | H11: =H10-F11+D11 -> 219929.96
E12: =E11+D12 -> 219929.96 | G12: =G11+F12 -> 0 | H12: =H11-F12+D12 -> 219929.96
E13: =E12+D13 -> 219929.96 | G13: =G12+F13 -> 0 | H13: =H12-F13+D13 -> 219929.96
E14: =E13+D14 -> 219929.96 | G14: =G13+F14 -> 0 | H14: =H13-F14+D14 -> 219929.96
E15: =E14+D15 -> 219929.96 | G15: =G14+F15 -> 0 | H15: =H14-F15+D15 -> 219929.96
E16: =E15+D16 -> 219929.96 | G16: =G15+F16 -> 0 | H16: =H15-F16+D16 -> 219929.96
E17: =E16+D17 -> 219929.96 | G17: =G16+F17 -> 0 | H17: =H16-F17+D17 -> 219929.96
E18: =E17+D18 -> 219929.96 | G18: =G17+F18 -> 0 | H18: =H17-F18+D18 -> 219929.96
E19: =E18+D19 -> 219929.96 | G19: =G18+F19 -> 0 | H19: =H18-F19+D19 -> 219929.96
E20: =E19+D20 -> 219929.96 | G20: =G19+F20 -> 0 | H20: =H19-F20+D20 -> 219929.96
E21: =E20+D21 -> 219929.96 | G21: =G20+F21 -> 0 | H21: =H20-F21+D21 -> 219929.96
C23: Totals: | D23: =SUM(D9:D22) -> 219929.96 | F23: =SUM(F9:F22) -> 0 | H23: =D23-F23 -> 219929.96
C26: CM Services | D26: 154008.01 | H26: =D26-F26 -> 154008.01
C27: Reimbursables | D27: 5000 | H27: =D27-F27 -> 5000
C28: Fee | D28: 60921.95 | H28: =D28-F28 -> 60921.95
C29: Total: | D29: =SUM(D26:D28) -> 219929.96 | F29: =SUM(F26:F28) -> 0 | H29: =SUM(H26:H28) -> 219929.96

Sheet #9440.01 Bergstrom Construction
A1: ='RECAP #9440.01'!B1 -> DAS CC Historical Building Elevators Replacement PH1
A2: ='RECAP #9440.01'!B2 -> Project # 9440.01
A3: ='RECAP #9440.01'!B3 -> Program code 944001 | D3: ='RECAP #9440.01'!E3 -> Major Program: 4D03
A4: Bergstrom Construction | D4: Vendor: 00002110114
A5: Acct. Codes-0017-335-MM26-9255 | D5: RFB944001-01
A6: ='RECAP #9440.01'!B6 -> Project Manager - Brad T | D6: Activity code: BRUM
A8: Doc # | B8: Date | C8: Activity | D8: Contract & C.O.'s | E8: Contract Total | F8: Payment Amount | G8: Total Paid | H8: Balance
A9: PO 33527204906 | B9: 46226 | C9: PO Procore | D9: 146245 | E9: =D9 -> 146245 | H9: =E9 -> 146245
E10: =E9+D10 -> 146245 | G10: =G9+F10 -> 0 | H10: =H9-F10+D10 -> 146245
E11: =E10+D11 -> 146245 | G11: =G10+F11 -> 0 | H11: =H10-F11+D11 -> 146245
E12: =E11+D12 -> 146245 | G12: =G11+F12 -> 0 | H12: =H11-F12+D12 -> 146245
E13: =E12+D13 -> 146245 | G13: =G12+F13 -> 0 | H13: =H12-F13+D13 -> 146245
E14: =E13+D14 -> 146245 | G14: =G13+F14 -> 0 | H14: =H13-F14+D14 -> 146245
E15: =E14+D15 -> 146245 | G15: =G14+F15 -> 0 | H15: =H14-F15+D15 -> 146245
E16: =E15+D16 -> 146245 | G16: =G15+F16 -> 0 | H16: =H15-F16+D16 -> 146245
E17: =E16+D17 -> 146245 | G17: =G16+F17 -> 0 | H17: =H16-F17+D17 -> 146245
E18: =E17+D18 -> 146245 | G18: =G17+F18 -> 0 | H18: =H17-F18+D18 -> 146245
E19: =E18+D19 -> 146245 | G19: =G18+F19 -> 0 | H19: =H18-F19+D19 -> 146245
E20: =E19+D20 -> 146245 | G20: =G19+F20 -> 0 | H20: =H19-F20+D20 -> 146245
E21: =E20+D21 -> 146245 | G21: =G20+F21 -> 0 | H21: =H20-F21+D21 -> 146245
C23: Totals: | D23: =SUM(D9:D22) -> 146245 | F23: =SUM(F9:F22) -> 0 | H23: =D23-F23 -> 146245

Sheet #9440.01 VanMaanen Electric
A1: ='RECAP #9440.01'!B1 -> DAS CC Historical Building Elevators Replacement PH1
A2: ='RECAP #9440.01'!B2 -> Project # 9440.01
A3: ='RECAP #9440.01'!B3 -> Program code 944001 | D3: ='RECAP #9440.01'!E3 -> Major Program: 4D03
A4: VanMaanen Electric | D4: Vendor: 00002091370
A5: Acct. Codes-0017-335-MM26-9255 | D5: RFB #944001-01
A6: ='RECAP #9440.01'!B6 -> Project Manager - Brad T | D6: Activity code: BRUM
A8: Doc # | B8: Date | C8: Activity | D8: Contract & C.O.'s | E8: Contract Total | F8: Payment Amount | G8: Total Paid | H8: Balance
A9: PO 33527208910 | B9: 46230 | C9: PO Procore | D9: 111858 | E9: =D9 -> 111858 | H9: =E9 -> 111858
E10: =E9+D10 -> 111858 | G10: =G9+F10 -> 0 | H10: =H9-F10+D10 -> 111858
E11: =E10+D11 -> 111858 | G11: =G10+F11 -> 0 | H11: =H10-F11+D11 -> 111858
E12: =E11+D12 -> 111858 | G12: =G11+F12 -> 0 | H12: =H11-F12+D12 -> 111858
E13: =E12+D13 -> 111858 | G13: =G12+F13 -> 0 | H13: =H12-F13+D13 -> 111858
E14: =E13+D14 -> 111858 | G14: =G13+F14 -> 0 | H14: =H13-F14+D14 -> 111858
E15: =E14+D15 -> 111858 | G15: =G14+F15 -> 0 | H15: =H14-F15+D15 -> 111858
E16: =E15+D16 -> 111858 | G16: =G15+F16 -> 0 | H16: =H15-F16+D16 -> 111858
E17: =E16+D17 -> 111858 | G17: =G16+F17 -> 0 | H17: =H16-F17+D17 -> 111858
E18: =E17+D18 -> 111858 | G18: =G17+F18 -> 0 | H18: =H17-F18+D18 -> 111858
E19: =E18+D19 -> 111858 | G19: =G18+F19 -> 0 | H19: =H18-F19+D19 -> 111858
E20: =E19+D20 -> 111858 | G20: =G19+F20 -> 0 | H20: =H19-F20+D20 -> 111858
E21: =E20+D21 -> 111858 | G21: =G20+F21 -> 0 | H21: =H20-F21+D21 -> 111858
C23: Totals: | D23: =SUM(D9:D22) -> 111858 | F23: =SUM(F9:F22) -> 0 | H23: =D23-F23 -> 111858

Sheet #9440.01 Schumacher Elevator
A1: ='RECAP #9440.01'!B1 -> DAS CC Historical Building Elevators Replacement PH1
A2: ='RECAP #9440.01'!B2 -> Project # 9440.01
A3: ='RECAP #9440.01'!B3 -> Program code 944001 | D3: ='RECAP #9440.01'!E3 -> Major Program: 4D03
A4: Schumacher Elevator | D4: Vendor: 00002108471
A5: Acct. Codes-0017-335-MM26-9255 | D5: RFB #944001-01
A6: ='RECAP #9440.01'!B6 -> Project Manager - Brad T | D6: Activity code: BRUM
A8: Doc # | B8: Date | C8: Activity | D8: Contract & C.O.'s | E8: Contract Total | F8: Payment Amount | G8: Total Paid | H8: Balance
A9: PO 33527216910 | B9: 46238 | C9: PO Procore | D9: 960336 | E9: =D9 -> 960336 | H9: =E9 -> 960336
E10: =E9+D10 -> 960336 | G10: =G9+F10 -> 0 | H10: =H9-F10+D10 -> 960336
E11: =E10+D11 -> 960336 | G11: =G10+F11 -> 0 | H11: =H10-F11+D11 -> 960336
E12: =E11+D12 -> 960336 | G12: =G11+F12 -> 0 | H12: =H11-F12+D12 -> 960336
E13: =E12+D13 -> 960336 | G13: =G12+F13 -> 0 | H13: =H12-F13+D13 -> 960336
E14: =E13+D14 -> 960336 | G14: =G13+F14 -> 0 | H14: =H13-F14+D14 -> 960336
E15: =E14+D15 -> 960336 | G15: =G14+F15 -> 0 | H15: =H14-F15+D15 -> 960336
E16: =E15+D16 -> 960336 | G16: =G15+F16 -> 0 | H16: =H15-F16+D16 -> 960336
E17: =E16+D17 -> 960336 | G17: =G16+F17 -> 0 | H17: =H16-F17+D17 -> 960336
E18: =E17+D18 -> 960336 | G18: =G17+F18 -> 0 | H18: =H17-F18+D18 -> 960336
E19: =E18+D19 -> 960336 | G19: =G18+F19 -> 0 | H19: =H18-F19+D19 -> 960336
E20: =E19+D20 -> 960336 | G20: =G19+F20 -> 0 | H20: =H19-F20+D20 -> 960336
E21: =E20+D21 -> 960336 | G21: =G20+F21 -> 0 | H21: =H20-F21+D21 -> 960336
C23: Totals: | D23: =SUM(D9:D22) -> 960336 | F23: =SUM(F9:F22) -> 0 | H23: =D23-F23 -> 960336

Sheet RECAP #9455.00
B1: IDOE ISD Giangreco Hall Water Infiltration Mitigation
B2: Project # 9455.00
B3: Program code 945500 | E3: Major Program 4F04
B4: Recap
B5: Acct. Codes-0017-335-MM26 | E5: Close Date:
B6: Project Manager - Jennie E.
C7: TRANSFERS | D7: CONTRACTED | E7: EXPENDED | F7: CONTRACTED, NOT EXPENDED | G7: UNDER(OVER) Budget
B8: Budget | C8: =FINANCIAL!G13 -> 297569.42
B10: McKinnis Roofing & Sheet Metal | D10: ='#9455.00 McKinnis Roofing'!D23 -> 220346.03 | E10: ='#9455.00 McKinnis Roofing'!F23 -> 213735.65 | F10: ='#9455.00 McKinnis Roofing'!H23 -> 6610.38
A11: C | B11: PM TIME | D11: ='#9455.00 PM TIME '!E23 -> 0 | E11: ='#9455.00 PM TIME '!G23 -> 0 | F11: ='#9455.00 PM TIME '!I23 -> 0
A12: C | B12: Misc. | D12: ='#9455.00 Misc'!G22 -> 10361 | E12: ='#9455.00 Misc'!G22 -> 10361 | F12: =D12-E12 -> 0
A13: C | B13: Samuels Group | D13: ='#9455.00 Samuels Group'!D23 -> 66862.39 | E13: ='#9455.00 Samuels Group'!F23 -> 66862.39 | F13: ='#9455.00 Samuels Group'!H23 -> 0
B15: Total Project Cost | C15: =SUM(C8:C14) -> 297569.42 | D15: =SUM(D8:D14) -> 297569.42 | E15: =SUM(E8:E14) -> 290959.04 | F15: =SUM(D15-E15) -> 6610.38 | G15: =C8-D15 -> 0

Sheet #9455.00 McKinnis Roofing
A1: ='RECAP #9455.00'!B1 -> IDOE ISD Giangreco Hall Water Infiltration Mitigation
A2: ='RECAP #9455.00'!B2 -> Project # 9455.00
A3: ='RECAP #9455.00'!B3 -> Program code 945500 | D3: ='RECAP #9455.00'!E3 -> Major Program 4F04
A4: McKinnis Roofing | D4: Vendor: 00003217305
A5: Acct. Codes-0017-335-MM26-9255 | D5: RFB945500-01
A6: ='RECAP #9455.00'!B6 -> Project Manager - Jennie E. | D6: Activity code: BRIN
D7: Spilt w/DA27
A8: Doc # | B8: Date | C8: Activity | D8: Contract & C.O.'s | E8: Contract Total | F8: Payment Amount | G8: Total Paid | H8: Balance | I8: Retainage
A9: PO 33526002900 | B9: 46024 | C9: PO Procore | D9: 2454306 | E9: =D9 -> 2454306 | H9: =E9 -> 2454306
A10: PRC 3352600PA2900 | B10: 46192 | C10: Inv. 49368 | E10: =E9+D10 -> 2454306 | F10: 213735.65 | G10: =G9+F10 -> 213735.65 | H10: =H9-F10+D10 -> 2240570.4 | I10: =6610.38 -> 6610.38 | J10: FY26
A11: PO 33527002900 | B11: 46234 | C11: Roll to FY27 | D11: 0 | E11: =E10+D11 -> 2454306 | G11: =G10+F11 -> 213735.65 | H11: =H10-F11+D11 -> 2240570.4
A12: PO 33527002900 | B12: 46238 | C12: CO #1 Splitting w/DA27 | D12: -2233960 | E12: =E11+D12 -> 220346.03 | G12: =G11+F12 -> 213735.65 | H12: =H11-F12+D12 -> 6610.38
A13: PRC 3352700PB2900 | B13: 46273 | C13: Inv. 49434(100% to DA27) | E13: =E12+D13 -> 220346.03 | F13: 0 | G13: =G12+F13 -> 213735.65 | H13: =H12-F13+D13 -> 6610.38
E14: =E13+D14 -> 220346.03 | G14: =G13+F14 -> 213735.65 | H14: =H13-F14+D14 -> 6610.38
E15: =E14+D15 -> 220346.03 | G15: =G14+F15 -> 213735.65 | H15: =H14-F15+D15 -> 6610.38
E16: =E15+D16 -> 220346.03 | G16: =G15+F16 -> 213735.65 | H16: =H15-F16+D16 -> 6610.38
E17: =E16+D17 -> 220346.03 | G17: =G16+F17 -> 213735.65 | H17: =H16-F17+D17 -> 6610.38
E18: =E17+D18 -> 220346.03 | G18: =G17+F18 -> 213735.65 | H18: =H17-F18+D18 -> 6610.38
E19: =E18+D19 -> 220346.03 | G19: =G18+F19 -> 213735.65 | H19: =H18-F19+D19 -> 6610.38
E20: =E19+D20 -> 220346.03 | G20: =G19+F20 -> 213735.65 | H20: =H19-F20+D20 -> 6610.38
E21: =E20+D21 -> 220346.03 | G21: =G20+F21 -> 213735.65 | H21: =H20-F21+D21 -> 6610.38
C23: Totals: | D23: =SUM(D9:D22) -> 220346.03 | F23: =SUM(F9:F22) -> 213735.65 | H23: =D23-F23 -> 6610.38
C26: DA27 | D26: ='[1]#9455.00 McKinnis'!$D$28 -> 4887544.9 | F26: ='[1]#9455.00 McKinnis'!$F$28 -> 155808.35 | H26: ='[1]#9455.00 McKinnis'!$H$28 -> 4731736.5
C27: Total: | D27: =SUM(D23:D26) -> 5107890.9 | F27: =SUM(F23:F26) -> 369544 | H27: =SUM(H23:H26) -> 4738346.9

Sheet #9455.00 PM TIME 
A1: ='RECAP #9455.00'!B1 -> IDOE ISD Giangreco Hall Water Infiltration Mitigation
A2: ='RECAP #9455.00'!B2 -> Project # 9455.00
A3: ='RECAP #9455.00'!B3 -> Program code 945500 | E3: ='RECAP #9455.00'!E3 -> Major Program 4F04
A4: PM TIME | E4: Internal documents
A6: Acct. Codes-0017-335-MM26-xxxx | E6: eDAS 735L
A7: ='RECAP #9455.00'!B6 -> Project Manager - Jennie E.
A8: Doc # | B8: Date | C8: Object Code | D8: Activity Code | E8: Contract & C.O.'s | F8: Contract Total | G8: Payment Amount | H8: Total Paid | I8: Balance
D9: Budget amount | F9: =E9 -> 0 | I9: =F9 -> 0
A10: IET DAS202610115300001 | B10: 46149 | C10: 2507 | D10: Finance Support for April 01-30, 2026 | F10: =F9+E10 -> 0 | G10: 96.6 | H10: =H9+G10 -> 96.6 | I10: =I9-G10+E10 -> -96.6
A11: IET DAS202610115300001 | B11: 46149 | C11: 9500 | D11: DAS Support for April 01-30, 2026 | F11: =F10+E11 -> 0 | G11: 1061.8 | H11: =H10+G11 -> 1158.4 | I11: =I10-G11+E11 -> -1158.4
A12: CDE 33526140900 | B12: 46162 | C12: 2507 | D12: Moving April Finance Support to MM25 | F12: =F11+E12 -> 0 | G12: -96.6 | H12: =H11+G12 -> 1061.8 | I12: =I11-G12+E12 -> -1061.8
A13: CDE 33526140900 | B13: 46162 | C13: 9500 | D13: Moving April DAS Support to MM25 | F13: =F12+E13 -> 0 | G13: -1061.8 | H13: =H12+G13 -> 0 | I13: =I12-G13+E13 -> 0
F14: =F13+E14 -> 0 | H14: =H13+G14 -> 0 | I14: =I13-G14+E14 -> 0
F15: =F14+E15 -> 0 | H15: =H14+G15 -> 0 | I15: =I14-G15+E15 -> 0
F16: =F15+E16 -> 0 | H16: =H15+G16 -> 0 | I16: =I15-G16+E16 -> 0
F17: =F16+E17 -> 0 | H17: =H16+G17 -> 0 | I17: =I16-G17+E17 -> 0
F18: =F17+E18 -> 0 | H18: =H17+G18 -> 0 | I18: =I17-G18+E18 -> 0
F19: =F18+E19 -> 0 | H19: =H18+G19 -> 0 | I19: =I18-G19+E19 -> 0
F20: =F19+E20 -> 0 | H20: =H19+G20 -> 0 | I20: =I19-G20+E20 -> 0
F21: =F20+E21 -> 0 | H21: =H20+G21 -> 0 | I21: =I20-G21+E21 -> 0
D23: Totals: | E23: =SUM(E9:E22) -> 0 | G23: =SUM(G9:G22) -> 0 | I23: =E23-G23 -> 0

Sheet #9455.00 Misc
A1: ='RECAP #9455.00'!B1 -> IDOE ISD Giangreco Hall Water Infiltration Mitigation
A2: ='RECAP #9455.00'!B2 -> Project # 9455.00
A3: ='RECAP #9455.00'!B3 -> Program code 945500 | E3: ='RECAP #9455.00'!E3 -> Major Program 4F04
A4: Misc
E5: Do not code PM, EADOC, or Builders Risk here
A6: Acct. Codes-0017-335-MM26-xxxx | E6: Shipping Code: 231A
A7: ='RECAP #9455.00'!B6 -> Project Manager - Jennie E.
A8: Doc # | B8: Date | C8: Object Code | D8: Activity Code | E8: Activity | F8: Invoice | G8: Payment Amount | H8: Total Paid
A9: PRC 33526065905 | B9: 46087 | C9: 9500 | D9: CNST | E9: Holmes Murphy V#(00002110543) | F9: Inv. 880061 | G9: 6639 | H9: =G9 -> 6639
A10: PRC 33526187908 | B10: 46209 | C10: 9500 | D10: CNST | E10: Holmes Murphy V#(00002110543) | F10: Inv. 899580 | G10: 3722 | H10: =H9+G10 -> 10361
H11: =H10+G11 -> 10361
H12: =H11+G12 -> 10361
H13: =H12+G13 -> 10361
H14: =H13+G14 -> 10361
H15: =H14+G15 -> 10361
H16: =H15+G16 -> 10361
H17: =H16+G17 -> 10361
H18: =H17+G18 -> 10361
H19: =H18+G19 -> 10361
H20: =H19+G20 -> 10361
E22: Totals: | G22: =SUM(G9:G21) -> 10361

Sheet #9455.00 Samuels Group
A1: ='RECAP #9455.00'!B1 -> IDOE ISD Giangreco Hall Water Infiltration Mitigation
A2: ='RECAP #9455.00'!B2 -> Project # 9455.00
A3: ='RECAP #9455.00'!B3 -> Program code 945500 | D3: ='RECAP #9455.00'!E3 -> Major Program 4F04
A4: Samuels Group | D4: Vendor: 00003033402
A5: Acct. Codes-0017-335-MM26-9255 | D5: RFP1821335228-Samuels11012021
A6: ='RECAP #9455.00'!B6 -> Project Manager - Jennie E. | D6: Activity code: CMGR
D7: Split w/DA27
A8: Doc # | B8: Date | C8: Activity | D8: Contract & C.O.'s | E8: Contract Total | F8: Payment Amount | G8: Total Paid | H8: Balance
A9: PO 33526029913 | B9: 46051 | C9: PO Procore | D9: 750625.68 | E9: =D9 -> 750625.68 | H9: =E9 -> 750625.68
A10: PRC 3352602PA9913 | B10: 46057 | C10: Inv. 7850.51945500 | E10: =E9+D10 -> 750625.68 | F10: 1793.69 | G10: =G9+F10 -> 1793.69 | H10: =H9-F10+D10 -> 748831.99
A11: PRC 3352602PB9913 | B11: 46084 | C11: Inv. 7850.52945500 | E11: =E10+D11 -> 750625.68 | F11: 2668.08 | G11: =G10+F11 -> 4461.77 | H11: =H10-F11+D11 -> 746163.91
A12: PRC 3352602PC9913 | B12: 46121 | C12: Inv. 7850.53945500 | E12: =E11+D12 -> 750625.68 | F12: 3139.91 | G12: =G11+F12 -> 7601.68 | H12: =H11-F12+D12 -> 743024
A13: PRC 3352602PD9913 | B13: 46163 | C13: Inv. 7850.54945500 | E13: =E12+D13 -> 750625.68 | F13: 23878.53 | G13: =G12+F13 -> 31480.21 | H13: =H12-F13+D13 -> 719145.47
A14: PRC 3352602PE9913 | B14: 46189 | C14: Inv. 7850.55945500 | E14: =E13+D14 -> 750625.68 | F14: 17483.14 | G14: =G13+F14 -> 48963.35 | H14: =H13-F14+D14 -> 701662.33
A15: PRC 3352602PF9913 | B15: 46209 | C15: Inv. 7850.56945500 | E15: =E14+D15 -> 750625.68 | F15: 17899.04 | G15: =G14+F15 -> 66862.39 | H15: =H14-F15+D15 -> 683763.29
A16: PO 33526029913 | B16: 46226 | C16: CO #1(Split w/ DA27) | D16: -683763.29 | E16: =E15+D16 -> 66862.39 | G16: =G15+F16 -> 66862.39 | H16: =H15-F16+D16 -> 0
E17: =E16+D17 -> 66862.39 | G17: =G16+F17 -> 66862.39 | H17: =H16-F17+D17 -> 0
E18: =E17+D18 -> 66862.39 | G18: =G17+F18 -> 66862.39 | H18: =H17-F18+D18 -> 0
E19: =E18+D19 -> 66862.39 | G19: =G18+F19 -> 66862.39 | H19: =H18-F19+D19 -> 0
E20: =E19+D20 -> 66862.39 | G20: =G19+F20 -> 66862.39 | H20: =H19-F20+D20 -> 0
E21: =E20+D21 -> 66862.39 | G21: =G20+F21 -> 66862.39 | H21: =H20-F21+D21 -> 0
C23: Totals: | D23: =SUM(D9:D22) -> 66862.39 | F23: =SUM(F9:F22) -> 66862.39 | H23: =D23-F23 -> 0
C26: CM Services | D26: 570253.44 | F26: =1293.69+2186.36+2639.91+19288.2+13219.7+9336.14 -> 47964 | H26: =D26-F26 -> 522289.44
C27: Reimbursables (Hotels, Mileage, Meals) | D27: 61600 | F27: =1523.17+1263.44+1049.84 -> 3836.45 | H27: =D27-F27 -> 57763.55
C28: Reimbursables(Temp Trailer $600 monthly) | D28: 12600 | F28: =455 -> 455 | H28: =D28-F28 -> 12145
C29: Reimbursables(Temp Power Utilities) | D29: 8000 | F29: =67.16+2058.06 -> 2125.22 | H29: =D29-F29 -> 5874.78
C30: 4% Samuels GroupFee | D30: 98172.24 | F30: =500+481.72+500+3000+3000+5000 -> 12481.72 | H30: =D30-F30 -> 85690.52
C31: CO #1 | D31: -683763.29 | H31: =D31-F31 -> -683763.29
C32: Total: | D32: =SUM(D26:D31) -> 66862.39 | F32: =SUM(F26:F31) -> 66862.39 | H32: =SUM(H26:H31) -> 0
C34: DA27 | D34: ='[1]#9455.00 Samuels Group'!$D$23 -> 683763.29 | F34: ='[1]#9455.00 Samuels Group'!$F$23 -> 37935.6 | H34: ='[1]#9455.00 Samuels Group'!$H$23 -> 645827.69
C35: Total: | D35: =D23+D34 -> 750625.68 | F35: =F23+F34 -> 104797.99 | H35: =SUM(H23+H34) -> 645827.69

Sheet RECAP #9483.00
B1: DVA IVH Dack and Malloy Building Roof Replacements
B2: Project # 9483.00
B3: Program code 948300 | E3: Major Program 4D02
B4: Recap
B5: Acct. Codes-0017-335-MM26 | E5: Close Date:
B6: Project Manager - Brad T.
C7: TRANSFERS | D7: CONTRACTED | E7: EXPENDED | F7: CONTRACTED, NOT EXPENDED | G7: UNDER(OVER) Budget
B8: Budget | C8: =FINANCIAL!E14 -> 2820000
A10: C | B10: DCI Group | D10: ='#9483.00 DCI Group'!D23 -> 34876.44 | E10: ='#9483.00 DCI Group'!F23 -> 34876.44 | F10: ='#9483.00 DCI Group'!H23 -> 0
B11: PM TIME | D11: ='#9483.00 PM TIME'!E43 -> 75000 | E11: ='#9483.00 PM TIME'!G43 -> 19771.5 | F11: ='#9483.00 PM TIME'!I43 -> 55228.5
B12: Misc. | D12: ='#9483.00 Misc'!G22 -> 5209.09 | E12: ='#9483.00 Misc'!G22 -> 5209.09 | F12: =D12-E12 -> 0
B13: Genesis Architectural | D13: ='#9483.00 Genesis Architectural'!D23 -> 35000 | E13: ='#9483.00 Genesis Architectural'!F23 -> 29250 | F13: ='#9483.00 Genesis Architectural'!H23 -> 5750
B14: Academy Roofing | D14: ='#9483.00 Academy Roofing'!D23 -> 2335266 | E14: ='#9483.00 Academy Roofing'!F23 -> 1732081.8 | F14: ='#9483.00 Academy Roofing'!H23 -> 603184.24
B15: DCI Group (2) | D15: ='#9483.00 DCI Group (2)'!D23 -> 267340.14 | E15: ='#9483.00 DCI Group (2)'!F23 -> 113808.57 | F15: ='#9483.00 DCI Group (2)'!H23 -> 153531.57
B17: Total Project Cost | C17: =SUM(C8:C16) -> 2820000 | D17: =SUM(D8:D16) -> 2752691.7 | E17: =SUM(E8:E16) -> 1934997.4 | F17: =SUM(D17-E17) -> 817694.31 | G17: =C8-D17 -> 67308.33

Sheet #9483.00 DCI Group
A1: ='RECAP #9483.00'!B1 -> DVA IVH Dack and Malloy Building Roof Replacements
A2: ='RECAP #9483.00'!B2 -> Project # 9483.00
A3: ='RECAP #9483.00'!B3 -> Program code 948300 | D3: ='RECAP #9483.00'!E3 -> Major Program 4D02
A4: DCI Group | D4: Vendor: 00003025029
A5: Acct. Codes-0017-335-MM26-9255 | D5: RFP1821335228-DCI11012021
A6: ='RECAP #9483.00'!B6 -> Project Manager - Brad T. | D6: Activity code: CMGR
A8: Doc # | B8: Date | C8: Activity | D8: Contract & C.O.'s | E8: Contract Total | F8: Payment Amount | G8: Total Paid | H8: Balance
A9: PO 33526259901 | B9: 45916 | C9: PO Procore | D9: 28802.14 | E9: =D9 -> 28802.14 | H9: =E9 -> 28802.14
A10: PRC 3352625PA9901 | B10: 45947 | C10: Inv. 25-021 PC 01 | E10: =E9+D10 -> 28802.14 | F10: 2681.52 | G10: =G9+F10 -> 2681.52 | H10: =H9-F10+D10 -> 26120.62
A11: PRC 3352625PB9901 | B11: 45994 | C11: Inv. 25-021 PC 02 | E11: =E10+D11 -> 28802.14 | F11: 1660.86 | G11: =G10+F11 -> 4342.38 | H11: =H10-F11+D11 -> 24459.76
A12: PRC 3352625PC9901 | B12: 46013 | C12: Inv. 25-021 PC 03 | E12: =E11+D12 -> 28802.14 | F12: 2057.76 | G12: =G11+F12 -> 6400.14 | H12: =H11-F12+D12 -> 22402
A13: PRC 3352625PD9901 | B13: 46048 | C13: Inv. 25-021 PC 04 | E13: =E12+D13 -> 28802.14 | F13: 3636.54 | G13: =G12+F13 -> 10036.68 | H13: =H12-F13+D13 -> 18765.46
A14: PRC 3352625PE9901 | B14: 46077 | C14: Inv. 25-021 PC 05 | E14: =E13+D14 -> 28802.14 | F14: 4439.11 | G14: =G13+F14 -> 14475.79 | H14: =H13-F14+D14 -> 14326.35
A15: PRC 3352625PF9901 | B15: 46101 | C15: Inv. 25-021 PC 06 | E15: =E14+D15 -> 28802.14 | F15: 6508.76 | G15: =G14+F15 -> 20984.55 | H15: =H14-F15+D15 -> 7817.59
A16: PRC 3352625PG9901 | B16: 46129 | C16: Inv. 25-021 PC 07 | E16: =E15+D16 -> 28802.14 | F16: 6453.33 | G16: =G15+F16 -> 27437.88 | H16: =H15-F16+D16 -> 1364.26
A17: PO 33526259901 | B17: 46191 | C17: CO #1 | D17: 7232.56 | E17: =E16+D17 -> 36034.7 | G17: =G16+F17 -> 27437.88 | H17: =H16-F17+D17 -> 8596.82
A18: PRC 3352625PH9901 | B18: 46191 | C18: Inv. 25-021 PC #08 FINAL | D18: -1158.26 | E18: =E17+D18 -> 34876.44 | F18: 7438.56 | G18: =G17+F18 -> 34876.44 | H18: =H17-F18+D18 -> 0
E19: =E18+D19 -> 34876.44 | G19: =G18+F19 -> 34876.44 | H19: =H18-F19+D19 -> 0
E20: =E19+D20 -> 34876.44 | G20: =G19+F20 -> 34876.44 | H20: =H19-F20+D20 -> 0
E21: =E20+D21 -> 34876.44 | G21: =G20+F21 -> 34876.44 | H21: =H20-F21+D21 -> 0
C23: Totals: | D23: =SUM(D9:D22) -> 34876.44 | F23: =SUM(F9:F22) -> 34876.44 | H23: =D23-F23 -> 0 | I23: FINAL
C26: CM Services | D26: =27302.14-18.76 -> 27283.38 | F26: =2681.52+1609.36+2057.76+3636.54+4439.11+6405.76+6453.33 -> 27283.38 | H26: =D26-F26 -> 0
C27: Reimbursables | D27: =1500-1139.5 -> 360.5 | F27: =51.5+103+206 -> 360.5 | H27: =D27-F27 -> 0
C28: CO #1 | D28: 7232.56 | F28: =7232.56 -> 7232.56 | H28: =D28-F28 -> 0
C29: Total: | D29: =SUM(D26:D28) -> 34876.44 | F29: =SUM(F26:F28) -> 34876.44 | H29: =SUM(H26:H28) -> 0

Sheet #9483.00 PM TIME
A1: ='RECAP #9483.00'!B1 -> DVA IVH Dack and Malloy Building Roof Replacements
A2: ='RECAP #9483.00'!B2 -> Project # 9483.00
A3: ='RECAP #9483.00'!B3 -> Program code 948300 | E3: ='RECAP #9483.00'!E3 -> Major Program 4D02
A4: PM TIME | E4: Internal documents
A6: Acct. Codes-0017-335-MM26-xxxx | E6: eDAS: 733Q
A7: ='RECAP #9483.00'!B6 -> Project Manager - Brad T.
A8: Doc # | B8: Date | C8: Object Code | D8: Activity Code | E8: Contract & C.O.'s | F8: Contract Total | G8: Payment Amount | H8: Total Paid | I8: Balance
D9: Budget amount | E9: 75000 | F9: =E9 -> 75000 | I9: =F9 -> 75000
A10: IET DAS202601115300001 | B10: 45876 | C10: 2507 | D10: Finance Support for July 01-31, 2025 | F10: =F9+E10 -> 75000 | G10: =19.58+28.31 -> 47.89 | H10: =H9+G10 -> 47.89 | I10: =I9-G10+E10 -> 74952.11
A11: IET DAS202601115300001 | B11: 45876 | C11: 9500 | D11: DAS Support for July 01-31, 2025 | F11: =F10+E11 -> 75000 | G11: =35+497.2 -> 532.2 | H11: =H10+G11 -> 580.09 | I11: =I10-G11+E11 -> 74419.91
A12: IET DAS202602115300001 | B12: 45908 | C12: 2507 | D12: Finance Support for August 01-31, 2025 | F12: =F11+E12 -> 75000 | G12: 94.58 | H12: =H11+G12 -> 674.67 | I12: =I11-G12+E12 -> 74325.33
A13: IET DAS202602115300001 | B13: 45908 | C13: 9500 | D13: DAS Support for August 01-31, 2025 | F13: =F12+E13 -> 75000 | G13: 732.6 | H13: =H12+G13 -> 1407.27 | I13: =I12-G13+E13 -> 73592.73
A14: IET DAS202603115300001 | B14: 45937 | C14: 2507 | D14: Finance Support for September 01-30, 2025 | F14: =F13+E14 -> 75000 | G14: 100.03 | H14: =H13+G14 -> 1507.3 | I14: =I13-G14+E14 -> 73492.7
A15: IET DAS202603115300001 | B15: 45937 | C15: 9500 | D15: DAS Support for September 01-30, 2025 | F15: =F14+E15 -> 75000 | G15: 522.8 | H15: =H14+G15 -> 2030.1 | I15: =I14-G15+E15 -> 72969.9
A16: IET DAS202604115300001 | B16: 45968 | C16: 2507 | D16: Finance Support for October 01-31, 2025 | F16: =F15+E16 -> 75000 | G16: 42.41 | H16: =H15+G16 -> 2072.51 | I16: =I15-G16+E16 -> 72927.49
A17: IET DAS202604115300001 | B17: 45968 | C17: 9500 | D17: DAS Support for October 01-31, 2025 | F17: =F16+E17 -> 75000 | G17: 417.3 | H17: =H16+G17 -> 2489.81 | I17: =I16-G17+E17 -> 72510.19
A18: IET DAS202605115300001 | B18: 45996 | C18: 2507 | D18: Finance Support for November 1-30, 2025 | F18: =F17+E18 -> 75000 | G18: 131.64 | H18: =H17+G18 -> 2621.45 | I18: =I17-G18+E18 -> 72378.55
A19: IET DAS202605115300001 | B19: 45996 | C19: 9500 | D19: DAS Support for November 1-30, 2025 | F19: =F18+E19 -> 75000 | G19: 838.8 | H19: =H18+G19 -> 3460.25 | I19: =I18-G19+E19 -> 71539.75
A20: IET DAS202606115300001 | B20: 46030 | C20: 2507 | D20: Finance Support for December 1-31, 2025 | F20: =F19+E20 -> 75000 | G20: 84.69 | H20: =H19+G20 -> 3544.94 | I20: =I19-G20+E20 -> 71455.06
A21: IET DAS202606115300001 | B21: 46030 | C21: 9500 | D21: DAS Support for December 1-31, 2025 | F21: =F20+E21 -> 75000 | G21: 961.7 | H21: =H20+G21 -> 4506.64 | I21: =I20-G21+E21 -> 70493.36
A22: IET DAS202607115300001 | B22: 46062 | C22: 2507 | D22: Finance Support for January 1-31, 2026 | F22: =F21+E22 -> 75000 | G22: 114.24 | H22: =H21+G22 -> 4620.88 | I22: =I21-G22+E22 -> 70379.12
A23: IET DAS202607115300001 | B23: 46062 | C23: 9500 | D23: DAS Support for January 1-31, 2026 | F23: =F22+E23 -> 75000 | G23: 1416.7 | H23: =H22+G23 -> 6037.58 | I23: =I22-G23+E23 -> 68962.42
A24: IET DAS202608115300001 | B24: 46090 | C24: 2507 | D24: Finance Support for February 1-28, 2026 | F24: =F23+E24 -> 75000 | G24: 97.23 | H24: =H23+G24 -> 6134.81 | I24: =I23-G24+E24 -> 68865.19
A25: IET DAS202608115300001 | B25: 46090 | C25: 9500 | D25: DAS Support for February 1-28, 2026 | F25: =F24+E25 -> 75000 | G25: 1120.8 | H25: =H24+G25 -> 7255.61 | I25: =I24-G25+E25 -> 67744.39
A26: IET DAS202609115300001 | B26: 46118 | C26: 2507 | D26: Finance Support for March 01-31, 2026 | F26: =F25+E26 -> 75000 | G26: 217.75 | H26: =H25+G26 -> 7473.36 | I26: =I25-G26+E26 -> 67526.64
A27: IET DAS202609115300001 | B27: 46118 | C27: 9500 | D27: DAS Support for March 01-31, 2026 | F27: =F26+E27 -> 75000 | G27: 1762.4 | H27: =H26+G27 -> 9235.76 | I27: =I26-G27+E27 -> 65764.24
A28: IET DAS202610115300001 | B28: 46149 | C28: 2507 | D28: Finance Support for April 01-30, 2026 | F28: =F27+E28 -> 75000 | G28: 155.82 | H28: =H27+G28 -> 9391.58 | I28: =I27-G28+E28 -> 65608.42
A29: IET DAS202610115300001 | B29: 46149 | C29: 9500 | D29: DAS Support for April 01-30, 2026 | F29: =F28+E29 -> 75000 | G29: 1623.5 | H29: =H28+G29 -> 11015.08 | I29: =I28-G29+E29 -> 63984.92
A30: IET DAS202611115300001 | B30: 46181 | C30: 2507 | D30: Finance Support for May 01-31, 2026 | F30: =F29+E30 -> 75000 | G30: 158.08 | H30: =H29+G30 -> 11173.16 | I30: =I29-G30+E30 -> 63826.84
A31: IET DAS202611115300001 | B31: 46181 | C31: 9500 | D31: DAS Support for May 01-31, 2026 | F31: =F30+E31 -> 75000 | G31: 1931.8 | H31: =H30+G31 -> 13104.96 | I31: =I30-G31+E31 -> 61895.04
A32: IET DAS202612115300001 | B32: 46211 | C32: 2507 | D32: Finance Support for June 01-30, 2026 | F32: =F31+E32 -> 75000 | G32: 130.66 | H32: =H31+G32 -> 13235.62 | I32: =I31-G32+E32 -> 61764.38
A33: IET DAS202612115300001 | B33: 46211 | C33: 9500 | D33: DAS Support for June 01-30, 2026 | F33: =F32+E33 -> 75000 | G33: 1502.1 | H33: =H32+G33 -> 14737.72 | I33: =I32-G33+E33 -> 60262.28
A34: IET DAS202613115300001 | B34: 46218 | C34: 2507 | D34: Finance Support for June 01-30, 2026 (Period 13) | F34: =F33+E34 -> 75000 | G34: 52.26 | H34: =H33+G34 -> 14789.98 | I34: =I33-G34+E34 -> 60210.02
A35: IET DAS202701115300001 | B35: 46241 | C35: 2507 | D35: Finance Support for July 01-31, 2026 | F35: =F34+E35 -> 75000 | G35: 196.95 | H35: =H34+G35 -> 14986.93 | I35: =I34-G35+E35 -> 60013.07
A36: IET DAS202701115300001 | B36: 46241 | C36: 9500 | D36: DAS Support for July 01-31, 2026 | F36: =F35+E36 -> 75000 | G36: 2116.3 | H36: =H35+G36 -> 17103.23 | I36: =I35-G36+E36 -> 57896.77
A37: IET DAS202702115300001 | B37: 46272 | C37: 2507 | D37: Finance Support for August 01-31, 2026 | F37: =F36+E37 -> 75000 | G37: 248.27 | H37: =H36+G37 -> 17351.5 | I37: =I36-G37+E37 -> 57648.5
A38: IET DAS202702115300001 | B38: 46272 | C38: 9500 | D38: DAS Support for August 01-31, 2026 | F38: =F37+E38 -> 75000 | G38: 2420 | H38: =H37+G38 -> 19771.5 | I38: =I37-G38+E38 -> 55228.5
F39: =F38+E39 -> 75000 | H39: =H38+G39 -> 19771.5 | I39: =I38-G39+E39 -> 55228.5
F40: =F39+E40 -> 75000 | H40: =H39+G40 -> 19771.5 | I40: =I39-G40+E40 -> 55228.5
F41: =F40+E41 -> 75000 | H41: =H40+G41 -> 19771.5 | I41: =I40-G41+E41 -> 55228.5
D43: Totals: | E43: =SUM(E9:E42) -> 75000 | G43: =SUM(G9:G42) -> 19771.5 | I43: =E43-G43 -> 55228.5

Sheet #9483.00 Misc
A1: ='RECAP #9483.00'!B1 -> DVA IVH Dack and Malloy Building Roof Replacements
A2: ='RECAP #9483.00'!B2 -> Project # 9483.00
A3: ='RECAP #9483.00'!B3 -> Program code 948300 | E3: ='RECAP #9483.00'!E3 -> Major Program 4D02
A4: Misc
E5: Do not code PM, EADOC, or Builders Risk here
A6: Acct. Codes-0017-335-MM26-xxxx | E6: Shipping Code: 558
A7: ='RECAP #9483.00'!B6 -> Project Manager - Brad T.
A8: Doc # | B8: Date | C8: Object Code | D8: Activity Code | E8: Activity | F8: Invoice | G8: Payment Amount | H8: Total Paid
A9: PRC 33526076900 | B9: 46098 | C9: 9500 | D9: CNST | E9: ATC Group V#(00002134218) | F9: Inv. 2701106 | G9: 2712.5 | H9: =G9 -> 2712.5
A10: GAX 33526083901 | B10: 46105 | C10: 9500 | D10: CNST | E10: Academy Roofing V#(00003010234) | F10: Inv. 30585 | G10: 2100.15 | H10: =H9+G10 -> 4812.65
A11: PRC 33526120911 | B11: 46142 | C11: 9500 | D11: CNST | E11: Beeline & Blue V#(00002108204) | F11: Inv. INV057582 | G11: 396.44 | H11: =H10+G11 -> 5209.09
H12: =H11+G12 -> 5209.09
H13: =H12+G13 -> 5209.09
H14: =H13+G14 -> 5209.09
H15: =H14+G15 -> 5209.09
H16: =H15+G16 -> 5209.09
H17: =H16+G17 -> 5209.09
H18: =H17+G18 -> 5209.09
H19: =H18+G19 -> 5209.09
H20: =H19+G20 -> 5209.09
E22: Totals: | G22: =SUM(G9:G21) -> 5209.09

Sheet #9483.00 Genesis Architectural
A1: ='RECAP #9483.00'!B1 -> DVA IVH Dack and Malloy Building Roof Replacements
A2: ='RECAP #9483.00'!B2 -> Project # 9483.00
A3: ='RECAP #9483.00'!B3 -> Program code 948300 | D3: ='RECAP #9483.00'!E3 -> Major Program 4D02
A4: Genesis Architectural | D4: Vendor: 00002092152
A5: Acct. Codes-0017-335-MM26-9260 | D5: RFB948300-01
A6: ='RECAP #9483.00'!B6 -> Project Manager - Brad T. | D6: Activity code: DSGN
A8: Doc # | B8: Date | C8: Activity | D8: Contract & C.O.'s | E8: Contract Total | F8: Payment Amount | G8: Total Paid | H8: Balance
A9: PO 33526328905 | B9: 45985 | C9: PO Procore | D9: 35000 | E9: =D9 -> 35000 | H9: =E9 -> 35000
A10: PRC 3352632PA8905 | B10: 46119 | C10: Inv. 2516-01 | E10: =E9+D10 -> 35000 | F10: 22000 | G10: =G9+F10 -> 22000 | H10: =H9-F10+D10 -> 13000
A11: PRC 3352632PB8905 | B11: 46210 | C11: Inv. 2516-02 | E11: =E10+D11 -> 35000 | F11: 5525 | G11: =G10+F11 -> 27525 | H11: =H10-F11+D11 -> 7475 | I11: FY26
A12: PO 33527328905 | B12: 46225 | C12: Roll to FY27 | D12: 0 | E12: =E11+D12 -> 35000 | G12: =G11+F12 -> 27525 | H12: =H11-F12+D12 -> 7475
A13: PRC 3352732PC8905 | B13: 46274 | C13: Inv. 2516-03 | E13: =E12+D13 -> 35000 | F13: 1725 | G13: =G12+F13 -> 29250 | H13: =H12-F13+D13 -> 5750
E14: =E13+D14 -> 35000 | G14: =G13+F14 -> 29250 | H14: =H13-F14+D14 -> 5750
E15: =E14+D15 -> 35000 | G15: =G14+F15 -> 29250 | H15: =H14-F15+D15 -> 5750
E16: =E15+D16 -> 35000 | G16: =G15+F16 -> 29250 | H16: =H15-F16+D16 -> 5750
E17: =E16+D17 -> 35000 | G17: =G16+F17 -> 29250 | H17: =H16-F17+D17 -> 5750
E18: =E17+D18 -> 35000 | G18: =G17+F18 -> 29250 | H18: =H17-F18+D18 -> 5750
E19: =E18+D19 -> 35000 | G19: =G18+F19 -> 29250 | H19: =H18-F19+D19 -> 5750
E20: =E19+D20 -> 35000 | G20: =G19+F20 -> 29250 | H20: =H19-F20+D20 -> 5750
E21: =E20+D21 -> 35000 | G21: =G20+F21 -> 29250 | H21: =H20-F21+D21 -> 5750
C23: Totals: | D23: =SUM(D9:D22) -> 35000 | F23: =SUM(F9:F22) -> 29250 | H23: =D23-F23 -> 5750
C26: 50% CD Design Phase | D26: 10000 | F26: =10000 -> 10000 | H26: =D26-F26 -> 0
C27: 100% Construction Docs | D27: 12000 | F27: =12000 -> 12000 | H27: =D27-F27 -> 0
C28: Bidding Phase Services | D28: 1500 | F28: 1500 | H28: =D28-F28 -> 0
C29: Construction Phase Services | D29: 11500 | F29: =4025+1725 -> 5750 | H29: =D29-F29 -> 5750
C30: Total: | D30: =SUM(D26:D29) -> 35000 | F30: =SUM(F26:F29) -> 29250 | H30: =SUM(H26:H29) -> 5750

Sheet #9483.00 Academy Roofing
A1: ='RECAP #9483.00'!B1 -> DVA IVH Dack and Malloy Building Roof Replacements
A2: ='RECAP #9483.00'!B2 -> Project # 9483.00
A3: ='RECAP #9483.00'!B3 -> Program code 948300 | D3: ='RECAP #9483.00'!E3 -> Major Program 4D02
A4: Academy Roofing | D4: Vendor: 00003010234
A5: Acct. Codes-0017-335-MM26-9255 | D5: RFB948300-01
A6: ='RECAP #9483.00'!B6 -> Project Manager - Brad T. | D6: Activity code: BRIN
A8: Doc # | B8: Date | C8: Activity | D8: Contract & C.O.'s | E8: Contract Total | F8: Payment Amount | G8: Total Paid | H8: Balance | I8: Retainage
A9: PO 33526126918 | B9: 46148 | C9: PO Procore | D9: 2287400 | E9: =D9 -> 2287400 | H9: =E9 -> 2287400
A10: PRC 3352612PA6918 | B10: 46220 | C10: Inv. 9483.00-#1 | E10: =E9+D10 -> 2287400 | F10: 766970 | G10: =G9+F10 -> 766970 | H10: =H9-F10+D10 -> 1520430 | I10: 23720.72 | J10: FY26
A11: PO 33527126918 | B11: 46225 | C11: Roll to FY27 | D11: 0 | E11: =E10+D11 -> 2287400 | G11: =G10+F11 -> 766970 | H11: =H10-F11+D11 -> 1520430
A12: PRC 3352712PB6918 | B12: 46262 | C12: Inv. 9483.00-#2 | E12: =E11+D12 -> 2287400 | F12: 584243.3 | G12: =G11+F12 -> 1351213.3 | H12: =H11-F12+D12 -> 936186.7 | I12: =I10+18069.38 -> 41790.1
A13: PO 33527126918 | B13: 46267 | C13: CO #1 | D13: 47866 | E13: =E12+D13 -> 2335266 | G13: =G12+F13 -> 1351213.3 | H13: =H12-F13+D13 -> 984052.7
A14: PRC 3352712PC6918 | B14: 46293 | C14: Inv. 9483.00-03 | E14: =E13+D14 -> 2335266 | F14: 380868.46 | G14: =G13+F14 -> 1732081.8 | H14: =H13-F14+D14 -> 603184.24 | I14: =I12+11779.44 -> 53569.54
E15: =E14+D15 -> 2335266 | G15: =G14+F15 -> 1732081.8 | H15: =H14-F15+D15 -> 603184.24
E16: =E15+D16 -> 2335266 | G16: =G15+F16 -> 1732081.8 | H16: =H15-F16+D16 -> 603184.24
E17: =E16+D17 -> 2335266 | G17: =G16+F17 -> 1732081.8 | H17: =H16-F17+D17 -> 603184.24
E18: =E17+D18 -> 2335266 | G18: =G17+F18 -> 1732081.8 | H18: =H17-F18+D18 -> 603184.24
E19: =E18+D19 -> 2335266 | G19: =G18+F19 -> 1732081.8 | H19: =H18-F19+D19 -> 603184.24
E20: =E19+D20 -> 2335266 | G20: =G19+F20 -> 1732081.8 | H20: =H19-F20+D20 -> 603184.24
E21: =E20+D21 -> 2335266 | G21: =G20+F21 -> 1732081.8 | H21: =H20-F21+D21 -> 603184.24
C23: Totals: | D23: =SUM(D9:D22) -> 2335266 | F23: =SUM(F9:F22) -> 1732081.8 | H23: =D23-F23 -> 603184.24

Sheet #9483.00 DCI Group (2)
A1: ='RECAP #9483.00'!B1 -> DVA IVH Dack and Malloy Building Roof Replacements
A2: ='RECAP #9483.00'!B2 -> Project # 9483.00
A3: ='RECAP #9483.00'!B3 -> Program code 948300 | D3: ='RECAP #9483.00'!E3 -> Major Program 4D02
A4: DCI Group(2) | D4: Vendor: 00003025029
A5: Acct. Codes-0017-335-MM26-9255 | D5: RFP1821335228-DCI11012021
A6: ='RECAP #9483.00'!B6 -> Project Manager - Brad T. | D6: Activity code: CMGR
A8: Doc # | B8: Date | C8: Activity | D8: Contract & C.O.'s | E8: Contract Total | F8: Payment Amount | G8: Total Paid | H8: Balance
A9: PO 33526142915 | B9: 46164 | C9: PO Procore | D9: 267340.14 | E9: =D9 -> 267340.14 | H9: =E9 -> 267340.14
A10: PRC 3352614PA2915 | B10: 46209 | C10: Inv. 25-021 CA #01 | E10: =E9+D10 -> 267340.14 | F10: 23227.12 | G10: =G9+F10 -> 23227.12 | H10: =H9-F10+D10 -> 244113.02
A11: PRC 3352614PB2915 | B11: 46216 | C11: Inv. 25-021 CA 02 | E11: =E10+D11 -> 267340.14 | F11: 20274.26 | G11: =G10+F11 -> 43501.38 | H11: =H10-F11+D11 -> 223838.76 | I11: FY26
A12: PO 33527142915 | B12: 46225 | C12: Roll to FY27 | D12: 0 | E12: =E11+D12 -> 267340.14 | G12: =G11+F12 -> 43501.38 | H12: =H11-F12+D12 -> 223838.76
A13: PRC 3352714PC2915 | B13: 46251 | C13: Inv. 25-021 CA 03 | E13: =E12+D13 -> 267340.14 | F13: 18540.39 | G13: =G12+F13 -> 62041.77 | H13: =H12-F13+D13 -> 205298.37
A14: PRC 3352714PD2915 | B14: 46281 | C14: Inv. 25-021 CA 04 | E14: =E13+D14 -> 267340.14 | F14: 51766.8 | G14: =G13+F14 -> 113808.57 | H14: =H13-F14+D14 -> 153531.57
E15: =E14+D15 -> 267340.14 | G15: =G14+F15 -> 113808.57 | H15: =H14-F15+D15 -> 153531.57
E16: =E15+D16 -> 267340.14 | G16: =G15+F16 -> 113808.57 | H16: =H15-F16+D16 -> 153531.57
E17: =E16+D17 -> 267340.14 | G17: =G16+F17 -> 113808.57 | H17: =H16-F17+D17 -> 153531.57
E18: =E17+D18 -> 267340.14 | G18: =G17+F18 -> 113808.57 | H18: =H17-F18+D18 -> 153531.57
E19: =E18+D19 -> 267340.14 | G19: =G18+F19 -> 113808.57 | H19: =H18-F19+D19 -> 153531.57
E20: =E19+D20 -> 267340.14 | G20: =G19+F20 -> 113808.57 | H20: =H19-F20+D20 -> 153531.57
E21: =E20+D21 -> 267340.14 | G21: =G20+F21 -> 113808.57 | H21: =H20-F21+D21 -> 153531.57
C23: Totals: | D23: =SUM(D9:D22) -> 267340.14 | F23: =SUM(F9:F22) -> 113808.57 | H23: =D23-F23 -> 153531.57
C26: CM Services | D26: 164692.14 | F26: =13923.02+15029.96+13273.61+14635.4 -> 56861.99 | H26: =D26-F26 -> 107830.15
C27: Reimbursables | D27: 11152 | F27: =154.5+669.5+691.98+533 -> 2048.98 | H27: =D27-F27 -> 9103.02
C28: Fee | D28: 91496 | F28: =9149.6+4574.8+4574.8+36598.4 -> 54897.6 | H28: =D28-F28 -> 36598.4
C29: Total: | D29: =SUM(D26:D28) -> 267340.14 | F29: =SUM(F26:F28) -> 113808.57 | H29: =SUM(H26:H28) -> 153531.57

Sheet RECAP #9484.00
B1: ILEA JOH Hydraulic Elevator Replacement
B2: Project # 9484.00
B3: Program code 948400 | E3: Major Program 4D03
B4: Recap
B5: Acct. Codes-0017-335-MM26 | E5: Close Date:
B6: Project Manager - Brad T.
C7: TRANSFERS | D7: CONTRACTED | E7: EXPENDED | F7: CONTRACTED, NOT EXPENDED | G7: UNDER(OVER) Budget
B8: Budget | C8: =FINANCIAL!G15 -> 475000
A10: C | B10: DCI Group | D10: ='#9484.00 DCI Group'!D23 -> 17210.76 | E10: ='#9484.00 DCI Group'!F23 -> 17210.76 | F10: ='#9484.00 DCI Group'!H23 -> 0
B11: PM TIME | D11: ='#9484.00 PM TIME'!E43 -> 20000 | E11: ='#9484.00 PM TIME'!G43 -> 15002.18 | F11: ='#9484.00 PM TIME'!I43 -> 4997.82
B12: Misc. | D12: ='#9484.00 Misc'!G22 -> 1456.08 | E12: ='#9484.00 Misc'!G22 -> 1456.08 | F12: =D12-E12 -> 0
B13: OPN Architects | D13: ='#9484.00 OPN Architects'!D24 -> 68920 | E13: ='#9484.00 OPN Architects'!F24 -> 68514.9 | F13: ='#9484.00 OPN Architects'!H24 -> 405.1
B14: GTG Construction | D14: ='#9484.00 GTG Construction'!D23 -> 85952.23 | E14: ='#9484.00 GTG Construction'!F23 -> 76048 | F14: ='#9484.00 GTG Construction'!H23 -> 9904.23
B15: Schumacher Elevator | D15: ='#9484.00 Schumacher Elevator'!D23 -> 113444 | E15: ='#9484.00 Schumacher Elevator'!F23 -> 108842.73 | F15: ='#9484.00 Schumacher Elevator'!H23 -> 4601.27
B16: DCI Group (2) | D16: ='#9484.00 DCI Group (2)'!D28 -> 74210.77 | E16: ='#9484.00 DCI Group (2)'!F28 -> 51463.24 | F16: ='#9484.00 DCI Group (2)'!H28 -> 22747.53
A17: C | B17: J. Pettiecord, Inc | D17: ='#9484.00 J.Pettiecord'!D23 -> 21246.71 | E17: ='#9484.00 J.Pettiecord'!F23 -> 21246.71 | F17: ='#9484.00 J.Pettiecord'!H23 -> 0
B19: Total Project Cost | C19: =SUM(C8:C18) -> 475000 | D19: =SUM(D8:D18) -> 402440.55 | E19: =SUM(E8:E18) -> 359784.6 | F19: =SUM(D19-E19) -> 42655.95 | G19: =C8-D19 -> 72559.45

Sheet #9484.00 DCI Group
A1: ='RECAP #9484.00'!B1 -> ILEA JOH Hydraulic Elevator Replacement
A2: ='RECAP #9484.00'!B2 -> Project # 9484.00
A3: ='RECAP #9484.00'!B3 -> Program code 948400 | D3: ='RECAP #9484.00'!E3 -> Major Program 4D03
A4: DCI Group | D4: Vendor: 00003025029
A5: Acct. Codes-0017-335-MM26-9255 | D5: RFP1821335228-DCI11012021
A6: ='RECAP #9484.00'!B6 -> Project Manager - Brad T. | D6: Activity code: CMGR
A8: Doc # | B8: Date | C8: Activity | D8: Contract & C.O.'s | E8: Contract Total | F8: Payment Amount | G8: Total Paid | H8: Balance
A9: PO 33526255901 | B9: 45912 | C9: PO Procore | D9: 18125.32 | E9: =D9 -> 18125.32 | H9: =E9 -> 18125.32
A10: PRC 3352625PA5901 | B10: 45923 | C10: Inv. 25-022 PC 01 | E10: =E9+D10 -> 18125.32 | F10: 2093.64 | G10: =G9+F10 -> 2093.64 | H10: =H9-F10+D10 -> 16031.68
A11: PRC 3352625PB5901 | B11: 45938 | C11: Inv. 25-022 PC 02 | E11: =E10+D11 -> 18125.32 | F11: 2180.88 | G11: =G10+F11 -> 4274.52 | H11: =H10-F11+D11 -> 13850.8
A12: PRC 3352625PC5901 | B12: 45979 | C12: Inv. 25-022 PC 03 | E12: =E11+D12 -> 18125.32 | F12: 3208.58 | G12: =G11+F12 -> 7483.1 | H12: =H11-F12+D12 -> 10642.22
A13: PRC 3352625PD5901 | B13: 46013 | C13: Inv. 25-022 PC 04 | E13: =E12+D13 -> 18125.32 | F13: 6703.07 | G13: =G12+F13 -> 14186.17 | H13: =H12-F13+D13 -> 3939.15
A14: PRC 3352625PE5901 | B14: 46043 | C14: Inv. 25-022 PC 05 FINAL | D14: -914.56 | E14: =E13+D14 -> 17210.76 | F14: 3024.59 | G14: =G13+F14 -> 17210.76 | H14: =H13-F14+D14 -> 0
E15: =E14+D15 -> 17210.76 | G15: =G14+F15 -> 17210.76 | H15: =H14-F15+D15 -> 0
E16: =E15+D16 -> 17210.76 | G16: =G15+F16 -> 17210.76 | H16: =H15-F16+D16 -> 0
E17: =E16+D17 -> 17210.76 | G17: =G16+F17 -> 17210.76 | H17: =H16-F17+D17 -> 0
E18: =E17+D18 -> 17210.76 | G18: =G17+F18 -> 17210.76 | H18: =H17-F18+D18 -> 0
E19: =E18+D19 -> 17210.76 | G19: =G18+F19 -> 17210.76 | H19: =H18-F19+D19 -> 0
E20: =E19+D20 -> 17210.76 | G20: =G19+F20 -> 17210.76 | H20: =H19-F20+D20 -> 0
E21: =E20+D21 -> 17210.76 | G21: =G20+F21 -> 17210.76 | H21: =H20-F21+D21 -> 0
C23: Totals: | D23: =SUM(D9:D22) -> 17210.76 | F23: =SUM(F9:F22) -> 17210.76 | H23: =D23-F23 -> 0 | I23: FINAL
C26: CM Services | D26: =16125.32-10.56 -> 16114.76 | F26: =2093.64+2180.88+3208.58+5607.07+3024.59 -> 16114.76 | H26: =D26-F26 -> 0
C27: Reimbursables | D27: =2000-904 -> 1096 | F27: =1096 -> 1096 | H27: =D27-F27 -> 0
C28: Total: | D28: =SUM(D26:D27) -> 17210.76 | F28: =SUM(F26:F27) -> 17210.76 | H28: =SUM(H26:H27) -> 0

Sheet #9484.00 PM TIME
A1: ='RECAP #9484.00'!B1 -> ILEA JOH Hydraulic Elevator Replacement
A2: ='RECAP #9484.00'!B2 -> Project # 9484.00
A3: ='RECAP #9484.00'!B3 -> Program code 948400 | E3: ='RECAP #9484.00'!E3 -> Major Program 4D03
A4: PM TIME | E4: Internal documents
A6: Acct. Codes-0017-335-MM26-xxxx | E6: eDAS: 733R
A7: ='RECAP #9484.00'!B6 -> Project Manager - Brad T.
A8: Doc # | B8: Date | C8: Object Code | D8: Activity Code | E8: Contract & C.O.'s | F8: Contract Total | G8: Payment Amount | H8: Total Paid | I8: Balance
D9: Budget amount | E9: 20000 | F9: =E9 -> 20000 | I9: =F9 -> 20000
A10: IET DAS202601115300001 | B10: 45876 | C10: 2507 | D10: Finance Support for July 01-31, 2025 | F10: =F9+E10 -> 20000 | G10: =19.58+28.31 -> 47.89 | H10: =H9+G10 -> 47.89 | I10: =I9-G10+E10 -> 19952.11
A11: IET DAS202601115300001 | B11: 45876 | C11: 9500 | D11: DAS Support for July 01-31, 2025 | F11: =F10+E11 -> 20000 | G11: =35+497.2 -> 532.2 | H11: =H10+G11 -> 580.09 | I11: =I10-G11+E11 -> 19419.91
A12: IET DAS202602115300001 | B12: 45908 | C12: 2507 | D12: Finance Support for August 01-31, 2025 | F12: =F11+E12 -> 20000 | G12: 105.15 | H12: =H11+G12 -> 685.24 | I12: =I11-G12+E12 -> 19314.76
A13: IET DAS202602115300001 | B13: 45908 | C13: 9500 | D13: DAS Support for August 01-31, 2025 | F13: =F12+E13 -> 20000 | G13: 820.1 | H13: =H12+G13 -> 1505.34 | I13: =I12-G13+E13 -> 18494.66
A14: IET DAS202603115300001 | B14: 45937 | C14: 2507 | D14: Finance Support for September 01-30, 2025 | F14: =F13+E14 -> 20000 | G14: 154.88 | H14: =H13+G14 -> 1660.22 | I14: =I13-G14+E14 -> 18339.78
A15: IET DAS202603115300001 | B15: 45937 | C15: 9500 | D15: DAS Support for September 01-30, 2025 | F15: =F14+E15 -> 20000 | G15: 808.3 | H15: =H14+G15 -> 2468.52 | I15: =I14-G15+E15 -> 17531.48
A16: IET DAS202604115300001 | B16: 45968 | C16: 2507 | D16: Finance Support for October 01-31, 2025 | F16: =F15+E16 -> 20000 | G16: 71.84 | H16: =H15+G16 -> 2540.36 | I16: =I15-G16+E16 -> 17459.64
A17: IET DAS202604115300001 | B17: 45968 | C17: 9500 | D17: DAS Support for October 01-31, 2025 | F17: =F16+E17 -> 20000 | G17: 712.1 | H17: =H16+G17 -> 3252.46 | I17: =I16-G17+E17 -> 16747.54
A18: IET DAS202605115300001 | B18: 45996 | C18: 2507 | D18: Finance Support for November 1-30, 2025 | F18: =F17+E18 -> 20000 | G18: 105.54 | H18: =H17+G18 -> 3358 | I18: =I17-G18+E18 -> 16642
A19: IET DAS202605115300001 | B19: 45996 | C19: 9500 | D19: DAS Support for November 1-30, 2025 | F19: =F18+E19 -> 20000 | G19: 670.4 | H19: =H18+G19 -> 4028.4 | I19: =I18-G19+E19 -> 15971.6
A20: IET DAS202606115300001 | B20: 46030 | C20: 2507 | D20: Finance Support for December 1-31, 2025 | F20: =F19+E20 -> 20000 | G20: 128.69 | H20: =H19+G20 -> 4157.09 | I20: =I19-G20+E20 -> 15842.91
A21: IET DAS202606115300001 | B21: 46030 | C21: 9500 | D21: DAS Support for December 1-31, 2025 | F21: =F20+E21 -> 20000 | G21: 1465.3 | H21: =H20+G21 -> 5622.39 | I21: =I20-G21+E21 -> 14377.61
A22: IET DAS202607115300001 | B22: 46062 | C22: 2507 | D22: Finance Support for January 1-31, 2026 | F22: =F21+E22 -> 20000 | G22: 104.43 | H22: =H21+G22 -> 5726.82 | I22: =I21-G22+E22 -> 14273.18
A23: IET DAS202607115300001 | B23: 46062 | C23: 9500 | D23: DAS Support for January 1-31, 2026 | F23: =F22+E23 -> 20000 | G23: 1295.3 | H23: =H22+G23 -> 7022.12 | I23: =I22-G23+E23 -> 12977.88
A24: IET DAS202608115300001 | B24: 46090 | C24: 2507 | D24: Finance Support for February 1-28, 2026 | F24: =F23+E24 -> 20000 | G24: 75.26 | H24: =H23+G24 -> 7097.38 | I24: =I23-G24+E24 -> 12902.62
A25: IET DAS202608115300001 | B25: 46090 | C25: 9500 | D25: DAS Support for February 1-28, 2026 | F25: =F24+E25 -> 20000 | G25: 862.2 | H25: =H24+G25 -> 7959.58 | I25: =I24-G25+E25 -> 12040.42
A26: IET DAS202609115300001 | B26: 46118 | C26: 2507 | D26: Finance Support for March 01-31, 2026 | F26: =F25+E26 -> 20000 | G26: 93.15 | H26: =H25+G26 -> 8052.73 | I26: =I25-G26+E26 -> 11947.27
A27: IET DAS202609115300001 | B27: 46118 | C27: 9500 | D27: DAS Support for March 01-31, 2026 | F27: =F26+E27 -> 20000 | G27: 756 | H27: =H26+G27 -> 8808.73 | I27: =I26-G27+E27 -> 11191.27
A28: IET DAS202610115300001 | B28: 46149 | C28: 2507 | D28: Finance Support for April 01-30, 2026 | F28: =F27+E28 -> 20000 | G28: 62.08 | H28: =H27+G28 -> 8870.81 | I28: =I27-G28+E28 -> 11129.19
A29: IET DAS202610115300001 | B29: 46149 | C29: 9500 | D29: DAS Support for April 01-30, 2026 | F29: =F28+E29 -> 20000 | G29: 649.5 | H29: =H28+G29 -> 9520.31 | I29: =I28-G29+E29 -> 10479.69
A30: IET DAS202611115300001 | B30: 46181 | C30: 2507 | D30: Finance Support for May 01-31, 2026 | F30: =F29+E30 -> 20000 | G30: 63.47 | H30: =H29+G30 -> 9583.78 | I30: =I29-G30+E30 -> 10416.22
A31: IET DAS202611115300001 | B31: 46181 | C31: 9500 | D31: DAS Support for May 01-31, 2026 | F31: =F30+E31 -> 20000 | G31: 772.4 | H31: =H30+G31 -> 10356.18 | I31: =I30-G31+E31 -> 9643.82
A32: IET DAS202612115300001 | B32: 46211 | C32: 2507 | D32: Finance Support for June 01-30, 2026 | F32: =F31+E32 -> 20000 | G32: 117.11 | H32: =H31+G32 -> 10473.29 | I32: =I31-G32+E32 -> 9526.71
A33: IET DAS202612115300001 | B33: 46211 | C33: 9500 | D33: DAS Support for June 01-30, 2026 | F33: =F32+E33 -> 20000 | G33: 1347.3 | H33: =H32+G33 -> 11820.59 | I33: =I32-G33+E33 -> 8179.41
A34: IET DAS202613115300001 | B34: 46218 | C34: 2507 | D34: Finance Support for June 01-30, 2026 (Period 13) | F34: =F33+E34 -> 20000 | G34: 47.17 | H34: =H33+G34 -> 11867.76 | I34: =I33-G34+E34 -> 8132.24
A35: IET DAS202701115300001 | B35: 46241 | C35: 2507 | D35: Finance Support for July 01-31, 2026 | F35: =F34+E35 -> 20000 | G35: 135.27 | H35: =H34+G35 -> 12003.03 | I35: =I34-G35+E35 -> 7996.97
A36: IET DAS202701115300001 | B36: 46241 | C36: 9500 | D36: DAS Support for July 01-31, 2026 | F36: =F35+E36 -> 20000 | G36: 1454.5 | H36: =H35+G36 -> 13457.53 | I36: =I35-G36+E36 -> 6542.47
A37: IET DAS202702115300001 | B37: 46272 | C37: 2507 | D37: Finance Support for August 01-31, 2026 | F37: =F36+E37 -> 20000 | G37: 143.65 | H37: =H36+G37 -> 13601.18 | I37: =I36-G37+E37 -> 6398.82
A38: IET DAS202702115300001 | B38: 46272 | C38: 9500 | D38: DAS Support for August 01-31, 2026 | F38: =F37+E38 -> 20000 | G38: 1401 | H38: =H37+G38 -> 15002.18 | I38: =I37-G38+E38 -> 4997.82
F39: =F38+E39 -> 20000 | H39: =H38+G39 -> 15002.18 | I39: =I38-G39+E39 -> 4997.82
F40: =F39+E40 -> 20000 | H40: =H39+G40 -> 15002.18 | I40: =I39-G40+E40 -> 4997.82
F41: =F40+E41 -> 20000 | H41: =H40+G41 -> 15002.18 | I41: =I40-G41+E41 -> 4997.82
D43: Totals: | E43: =SUM(E9:E42) -> 20000 | G43: =SUM(G9:G42) -> 15002.18 | I43: =E43-G43 -> 4997.82

Sheet #9484.00 Misc
A1: ='RECAP #9484.00'!B1 -> ILEA JOH Hydraulic Elevator Replacement
A2: ='RECAP #9484.00'!B2 -> Project # 9484.00
A3: ='RECAP #9484.00'!B3 -> Program code 948400 | E3: ='RECAP #9484.00'!E3 -> Major Program 4D03
A4: Misc
E5: Do not code PM, EADOC, or Builders Risk here
A6: Acct. Codes-0017-335-MM26-xxxx | E6: Shipping Code: 570
A7: ='RECAP #9484.00'!B6 -> Project Manager - Brad T.
A8: Doc # | B8: Date | C8: Object Code | D8: Activity Code | E8: Activity | F8: Invoice | G8: Payment Amount | H8: Total Paid
A9: PRC 33526356903 | B9: 46013 | C9: 9500 | D9: CNST | E9: Rapids Reproductions V#(00002111375) | F9: Inv. INVCL2382 | G9: 223.08 | H9: =G9 -> 223.08
A10: PRC 33527216900 | B10: 46238 | C10: 9500 | D10: CNST | E10: JF Ahern V#(00002102310) | F10: Inv. 834017 | G10: 1233 | H10: =H9+G10 -> 1456.08
H11: =H10+G11 -> 1456.08
H12: =H11+G12 -> 1456.08
H13: =H12+G13 -> 1456.08
H14: =H13+G14 -> 1456.08
H15: =H14+G15 -> 1456.08
H16: =H15+G16 -> 1456.08
H17: =H16+G17 -> 1456.08
H18: =H17+G18 -> 1456.08
H19: =H18+G19 -> 1456.08
H20: =H19+G20 -> 1456.08
E22: Totals: | G22: =SUM(G9:G21) -> 1456.08

Sheet #9484.00 OPN Architects
A1: ='RECAP #9484.00'!B1 -> ILEA JOH Hydraulic Elevator Replacement
A2: ='RECAP #9484.00'!B2 -> Project # 9484.00
A3: ='RECAP #9484.00'!B3 -> Program code 948400 | D3: ='RECAP #9484.00'!E3 -> Major Program 4D03
A4: OPN Architects | D4: Vendor: 00003035830
A5: Acct. Codes-0017-335-MM26-9260 | D5: RFP#948400-01
A6: ='RECAP #9484.00'!B6 -> Project Manager - Brad T. | D6: Activity code: DSGN
A8: Doc # | B8: Date | C8: Activity | D8: Contract & C.O.'s | E8: Contract Total | F8: Payment Amount | G8: Total Paid | H8: Balance
A9: PO 33526259909 | B9: 45916 | C9: PO Procore | D9: 68920 | E9: =D9 -> 68920 | H9: =E9 -> 68920
A10: PRC 3352625PA9909 | B10: 45966 | C10: Inv. 25832000-1 | E10: =E9+D10 -> 68920 | F10: 25500.4 | G10: =G9+F10 -> 25500.4 | H10: =H9-F10+D10 -> 43419.6
A11: PRC 3352625PB9909 | B11: 45995 | C11: Inv. 25832000-2 | E11: =E10+D11 -> 68920 | F11: 19297.6 | G11: =G10+F11 -> 44798 | H11: =H10-F11+D11 -> 24122
A12: PRC 3352625PC9909 | B12: 46034 | C12: Inv. 25832000-3 | E12: =E11+D12 -> 68920 | F12: 3446 | G12: =G11+F12 -> 48244 | H12: =H11-F12+D12 -> 20676
A13: PRC 3352625PD9909 | B13: 46065 | C13: Inv. 25832000-4 | E13: =E12+D13 -> 68920 | F13: 3101.4 | G13: =G12+F13 -> 51345.4 | H13: =H12-F13+D13 -> 17574.6
A14: PRC 3352625PE9909 | B14: 46091 | C14: Inv. 25832000-5 | E14: =E13+D14 -> 68920 | F14: 3101.4 | G14: =G13+F14 -> 54446.8 | H14: =H13-F14+D14 -> 14473.2
A15: PRC 3352625PF9909 | B15: 46115 | C15: Inv. 25832000-6 | E15: =E14+D15 -> 68920 | F15: 3101.4 | G15: =G14+F15 -> 57548.2 | H15: =H14-F15+D15 -> 11371.8
A16: PRC 3352625PG9909 | B16: 46154 | C16: Inv. 25832000-7 | E16: =E15+D16 -> 68920 | F16: 3101.4 | G16: =G15+F16 -> 60649.6 | H16: =H15-F16+D16 -> 8270.4
A17: PRC 3352625PH9909 | B17: 46176 | C17: Inv. 25832000-8 | E17: =E16+D17 -> 68920 | F17: 3101.4 | G17: =G16+F17 -> 63751 | H17: =H16-F17+D17 -> 5169
A18: PRC 3352625PI9909 | B18: 46212 | C18: Inv. 25832000-9 | E18: =E17+D18 -> 68920 | F18: 3101.4 | G18: =G17+F18 -> 66852.4 | H18: =H17-F18+D18 -> 2067.6 | I18: FY26
A19: PO 33527259909 | B19: 46225 | C19: Roll to FY27 | D19: 0 | E19: =E18+D19 -> 68920 | G19: =G18+F19 -> 66852.4 | H19: =H18-F19+D19 -> 2067.6
A20: PRC 3352725PJ9909 | B20: 46245 | C20: Inv. 25832000-10 | E20: =E19+D20 -> 68920 | F20: 1033.8 | G20: =G19+F20 -> 67886.2 | H20: =H19-F20+D20 -> 1033.8
A21: PRC 3352725PK9909 | B21: 46273 | C21: Inv. 25832000-11 | E21: =E20+D21 -> 68920 | F21: 628.7 | G21: =G20+F21 -> 68514.9 | H21: =H20-F21+D21 -> 405.1
E22: =E21+D22 -> 68920 | G22: =G21+F22 -> 68514.9 | H22: =H21-F22+D22 -> 405.1
C24: Totals: | D24: =SUM(D9:D23) -> 68920 | F24: =SUM(F9:F23) -> 68514.9 | H24: =D24-F24 -> 405.1
C27: Investigation & Design Docs | D27: 17435 | F27: =17435 -> 17435 | H27: =D27-F27 -> 0
C28: Construction Docs | D28: 28010 | F28: =8065.4+19297.6+647 -> 28010 | H28: =D28-F28 -> 0
C29: Bidding & Negotiation | D29: 3220 | F29: =2799+421 -> 3220 | H29: =D29-F29 -> 0
C30: Construction Phase | D30: 20255 | F30: =2680.4+3101.4+3101.4+3101.4+3101.4+3101.4+1033.8+628.7 -> 19849.9 | H30: =D30-F30 -> 405.1
C31: Total: | D31: =SUM(D27:D30) -> 68920 | F31: =SUM(F27:F30) -> 68514.9 | H31: =SUM(H27:H30) -> 405.1

Sheet #9484.00 GTG Construction
A1: ='RECAP #9484.00'!B1 -> ILEA JOH Hydraulic Elevator Replacement
A2: ='RECAP #9484.00'!B2 -> Project # 9484.00
A3: ='RECAP #9484.00'!B3 -> Program code 948400 | D3: ='RECAP #9484.00'!E3 -> Major Program 4D03
A4: GTG Construction | D4: Vendor: 00003032746
A5: Acct. Codes-0017-335-MM26-9255 | D5: RFP#948400-01
A6: ='RECAP #9484.00'!B6 -> Project Manager - Brad T. | D6: Activity code: BRUM
A8: Doc # | B8: Date | C8: Activity | D8: Contract & C.O.'s | E8: Contract Total | F8: Payment Amount | G8: Total Paid | H8: Balance | I8: Retainage
A9: PO 33526363904 | B9: 46020 | C9: PO Procore | D9: 82600 | E9: =D9 -> 82600 | H9: =E9 -> 82600
A10: PRC 3352636PA3904 | B10: 46056 | C10: Inv. 9484.00-001 | E10: =E9+D10 -> 82600 | F10: 3880 | G10: =G9+F10 -> 3880 | H10: =H9-F10+D10 -> 78720 | I10: 120
A11: PRC 3352636PB3904 | B11: 46105 | C11: Inv. 9484.00-002 | E11: =E10+D11 -> 82600 | F11: 485 | G11: =G10+F11 -> 4365 | H11: =H10-F11+D11 -> 78235 | I11: =I10+15 -> 135
A12: PRC 3352636PC3904 | B12: 46107 | C12: Inv. 9484.00-003 | E12: =E11+D12 -> 82600 | F12: 970 | G12: =G11+F12 -> 5335 | H12: =H11-F12+D12 -> 77265 | I12: =I11+30 -> 165
A13: PO 33526363904 | B13: 46198 | C13: CO #1 | D13: 3352.23 | E13: =E12+D13 -> 85952.23 | G13: =G12+F13 -> 5335 | H13: =H12-F13+D13 -> 80617.23
A14: PRC 3352636PD3904 | B14: 46224 | C14: Inv. 9484.00-004 | E14: =E13+D14 -> 85952.23 | F14: 41855.5 | G14: =G13+F14 -> 47190.5 | H14: =H13-F14+D14 -> 38761.73 | I14: =I12+1294.5 -> 1459.5 | J14: FY26
A15: PO 33527363904 | B15: 46225 | C15: Roll to FY27 | D15: 0 | E15: =E14+D15 -> 85952.23 | G15: =G14+F15 -> 47190.5 | H15: =H14-F15+D15 -> 38761.73
A16: PRC 3352736PE3904 | B16: 46268 | C16: Inv. 9484.00-#5 | E16: =E15+D16 -> 85952.23 | F16: 28857.5 | G16: =G15+F16 -> 76048 | H16: =H15-F16+D16 -> 9904.23 | I16: =I14+892.5 -> 2352
E17: =E16+D17 -> 85952.23 | G17: =G16+F17 -> 76048 | H17: =H16-F17+D17 -> 9904.23
E18: =E17+D18 -> 85952.23 | G18: =G17+F18 -> 76048 | H18: =H17-F18+D18 -> 9904.23
E19: =E18+D19 -> 85952.23 | G19: =G18+F19 -> 76048 | H19: =H18-F19+D19 -> 9904.23
E20: =E19+D20 -> 85952.23 | G20: =G19+F20 -> 76048 | H20: =H19-F20+D20 -> 9904.23
E21: =E20+D21 -> 85952.23 | G21: =G20+F21 -> 76048 | H21: =H20-F21+D21 -> 9904.23
C23: Totals: | D23: =SUM(D9:D22) -> 85952.23 | F23: =SUM(F9:F22) -> 76048 | H23: =D23-F23 -> 9904.23

Sheet #9484.00 Schumacher Elevator
A1: ='RECAP #9484.00'!B1 -> ILEA JOH Hydraulic Elevator Replacement
A2: ='RECAP #9484.00'!B2 -> Project # 9484.00
A3: ='RECAP #9484.00'!B3 -> Program code 948400 | D3: ='RECAP #9484.00'!E3 -> Major Program 4D03
A4: Schumacher Elevator | D4: Vendor: 00002108471
A5: Acct. Codes-0017-335-MM26-9255 | D5: RFB #948400-01
A6: ='RECAP #9484.00'!B6 -> Project Manager - Brad T. | D6: Activity code: BRUM
A8: Doc # | B8: Date | C8: Activity | D8: Contract & C.O.'s | E8: Contract Total | F8: Payment Amount | G8: Total Paid | H8: Balance | I8: Retainage
A9: PO 33526009905 | B9: 46031 | C9: PO Procore | D9: 123444 | E9: =D9 -> 123444 | H9: =E9 -> 123444
A10: PO 33526009905 | B10: 46198 | C10: CO #1(No Cost CO) | D10: 0 | E10: =E9+D10 -> 123444 | G10: =G9+F10 -> 0 | H10: =H9-F10+D10 -> 123444
A11: PRC 3352600PA9905 | B11: 46218 | C11: Inv. 90686471 | E11: =E10+D11 -> 123444 | F11: 101663.86 | G11: =G10+F11 -> 101663.86 | H11: =H10-F11+D11 -> 21780.14 | I11: 3144.24 | J11: FY26
A12: PO 33527009905 | B12: 46225 | C12: Roll to FY27 | D12: 0 | E12: =E11+D12 -> 123444 | G12: =G11+F12 -> 101663.86 | H12: =H11-F12+D12 -> 21780.14
A13: PO 33527009905 | B13: 46268 | C13: CO #2 | D13: -10000 | E13: =E12+D13 -> 113444 | G13: =G12+F13 -> 101663.86 | H13: =H12-F13+D13 -> 11780.14
A14: PRC 3352700PB9905 | B14: 46295 | C14: Inv. 90693083 | E14: =E13+D14 -> 113444 | F14: 7178.87 | G14: =G13+F14 -> 108842.73 | H14: =H13-F14+D14 -> 4601.27 | I14: =I11+222.03 -> 3366.27
E15: =E14+D15 -> 113444 | G15: =G14+F15 -> 108842.73 | H15: =H14-F15+D15 -> 4601.27
E16: =E15+D16 -> 113444 | G16: =G15+F16 -> 108842.73 | H16: =H15-F16+D16 -> 4601.27
E17: =E16+D17 -> 113444 | G17: =G16+F17 -> 108842.73 | H17: =H16-F17+D17 -> 4601.27
E18: =E17+D18 -> 113444 | G18: =G17+F18 -> 108842.73 | H18: =H17-F18+D18 -> 4601.27
E19: =E18+D19 -> 113444 | G19: =G18+F19 -> 108842.73 | H19: =H18-F19+D19 -> 4601.27
E20: =E19+D20 -> 113444 | G20: =G19+F20 -> 108842.73 | H20: =H19-F20+D20 -> 4601.27
E21: =E20+D21 -> 113444 | G21: =G20+F21 -> 108842.73 | H21: =H20-F21+D21 -> 4601.27
C23: Totals: | D23: =SUM(D9:D22) -> 113444 | F23: =SUM(F9:F22) -> 108842.73 | H23: =D23-F23 -> 4601.27

Sheet #9484.00 DCI Group (2)
A1: ='RECAP #9484.00'!B1 -> ILEA JOH Hydraulic Elevator Replacement
A2: ='RECAP #9484.00'!B2 -> Project # 9484.00
A3: ='RECAP #9484.00'!B3 -> Program code 948400 | D3: ='RECAP #9484.00'!E3 -> Major Program 4D03
A4: DCI Group | D4: Vendor: 00003025029
A5: Acct. Codes-0017-335-MM26-9255 | D5: RFP1821335228-DCI11012021
A6: ='RECAP #9484.00'!B6 -> Project Manager - Brad T. | D6: Activity code: CMGR
A8: Doc # | B8: Date | C8: Activity | D8: Contract & C.O.'s | E8: Contract Total | F8: Payment Amount | G8: Total Paid | H8: Balance
A9: PO 33526033911 | B9: 46055 | C9: PO Procore | D9: 74210.77 | E9: =D9 -> 74210.77 | H9: =E9 -> 74210.77
A10: PRC 3352603PA3911 | B10: 46105 | C10: Inv. 23-022 CA 01 | E10: =E9+D10 -> 74210.77 | F10: 4451.88 | G10: =G9+F10 -> 4451.88 | H10: =H9-F10+D10 -> 69758.89
A11: PRC 3352603PB3911 | B11: 46127 | C11: Inv. 23-022 CA 02 | E11: =E10+D11 -> 74210.77 | F11: 2027.2 | G11: =G10+F11 -> 6479.08 | H11: =H10-F11+D11 -> 67731.69
A12: PRC 3352603PC3911 | B12: 46154 | C12: Inv. 23-022 CA #03 | E12: =E11+D12 -> 74210.77 | F12: 3804.32 | G12: =G11+F12 -> 10283.4 | H12: =H11-F12+D12 -> 63927.37
A13: PRC 3352603PD3911 | B13: 46188 | C13: Inv. 25-022 CA #04 | E13: =E12+D13 -> 74210.77 | F13: 6525.17 | G13: =G12+F13 -> 16808.57 | H13: =H12-F13+D13 -> 57402.2
A14: PRC 3352603PE3911 | B14: 46213 | C14: Inv. 25-022 CA #05 | E14: =E13+D14 -> 74210.77 | F14: 12558.13 | G14: =G13+F14 -> 29366.7 | H14: =H13-F14+D14 -> 44844.07
A15: PRC 3352603PF3911 | B15: 46218 | C15: Inv. 25-022 CA 06 | E15: =E14+D15 -> 74210.77 | F15: 1489.41 | G15: =G14+F15 -> 30856.11 | H15: =H14-F15+D15 -> 43354.66 | I15: FY26
A16: PO 33527033911 | B16: 46225 | C16: Roll to FY27 | D16: 0 | E16: =E15+D16 -> 74210.77 | G16: =G15+F16 -> 30856.11 | H16: =H15-F16+D16 -> 43354.66
A17: PRC 3352703PG3911 | B17: 46246 | C17: Inv. 25-022 CA 07 | E17: =E16+D17 -> 74210.77 | F17: 13368.78 | G17: =G16+F17 -> 44224.89 | H17: =H16-F17+D17 -> 29985.88
A18: PRC 3352703PH3911 | B18: 46273 | C18: Inv. 25-022 CA 08 | E18: =E17+D18 -> 74210.77 | F18: 7238.35 | G18: =G17+F18 -> 51463.24 | H18: =H17-F18+D18 -> 22747.53
E19: =E18+D19 -> 74210.77 | G19: =G18+F19 -> 51463.24 | H19: =H18-F19+D19 -> 22747.53
E20: =E19+D20 -> 74210.77 | G20: =G19+F20 -> 51463.24 | H20: =H19-F20+D20 -> 22747.53
E21: =E20+D21 -> 74210.77 | G21: =G20+F21 -> 51463.24 | H21: =H20-F21+D21 -> 22747.53
C23: Totals: | D23: =SUM(D9:D22) -> 74210.77 | F23: =SUM(F9:F22) -> 51463.24 | H23: =D23-F23 -> 22747.53
C26: CM Services | D26: 69210.77 | F26: =4451.88+2027.2+3804.32+6525.17+12558.13+13368.78+7238.35 -> 49973.83 | H26: =D26-F26 -> 19236.94
C27: Reimbursables | D27: 5000 | F27: =1489.41 -> 1489.41 | H27: =D27-F27 -> 3510.59
C28: Total: | D28: =SUM(D26:D27) -> 74210.77 | F28: =SUM(F26:F27) -> 51463.24 | H28: =SUM(H26:H27) -> 22747.53

Sheet #9484.00 J.Pettiecord
A1: ='RECAP #9484.00'!B1 -> ILEA JOH Hydraulic Elevator Replacement
A2: ='RECAP #9484.00'!B2 -> Project # 9484.00
A3: ='RECAP #9484.00'!B3 -> Program code 948400 | D3: ='RECAP #9484.00'!E3 -> Major Program 4D03
A4: J. Pettiecord, Inc | D4: Vendor: 00002120072
A5: Acct. Codes-0017-335-MM26-9255 | D5: SRVV5
A6: ='RECAP #9484.00'!B6 -> Project Manager - Brad T. | D6: Activity code: CNST
A8: Doc # | B8: Date | C8: Activity | D8: Contract & C.O.'s | E8: Contract Total | F8: Payment Amount | G8: Total Paid | H8: Balance
A9: PO 33526167910 | B9: 46189 | C9: PO Procore | D9: 21960 | E9: =D9 -> 21960 | H9: =E9 -> 21960
A10: PRC 3352616PA7910 | B10: 46216 | C10: Inv. 77080 | D10: -713.29 | E10: =E9+D10 -> 21246.71 | F10: 21246.71 | G10: =G9+F10 -> 21246.71 | H10: =H9-F10+D10 -> 9.094947e-13
E11: =E10+D11 -> 21246.71 | G11: =G10+F11 -> 21246.71 | H11: =H10-F11+D11 -> 9.094947e-13
E12: =E11+D12 -> 21246.71 | G12: =G11+F12 -> 21246.71 | H12: =H11-F12+D12 -> 9.094947e-13
E13: =E12+D13 -> 21246.71 | G13: =G12+F13 -> 21246.71 | H13: =H12-F13+D13 -> 9.094947e-13
E14: =E13+D14 -> 21246.71 | G14: =G13+F14 -> 21246.71 | H14: =H13-F14+D14 -> 9.094947e-13
E15: =E14+D15 -> 21246.71 | G15: =G14+F15 -> 21246.71 | H15: =H14-F15+D15 -> 9.094947e-13
E16: =E15+D16 -> 21246.71 | G16: =G15+F16 -> 21246.71 | H16: =H15-F16+D16 -> 9.094947e-13
E17: =E16+D17 -> 21246.71 | G17: =G16+F17 -> 21246.71 | H17: =H16-F17+D17 -> 9.094947e-13
E18: =E17+D18 -> 21246.71 | G18: =G17+F18 -> 21246.71 | H18: =H17-F18+D18 -> 9.094947e-13
E19: =E18+D19 -> 21246.71 | G19: =G18+F19 -> 21246.71 | H19: =H18-F19+D19 -> 9.094947e-13
E20: =E19+D20 -> 21246.71 | G20: =G19+F20 -> 21246.71 | H20: =H19-F20+D20 -> 9.094947e-13
E21: =E20+D21 -> 21246.71 | G21: =G20+F21 -> 21246.71 | H21: =H20-F21+D21 -> 9.094947e-13
C23: Totals: | D23: =SUM(D9:D22) -> 21246.71 | F23: =SUM(F9:F22) -> 21246.71 | H23: =D23-F23 -> 0 | I23: FINAL
C26: Remediation | D26: 20500 | F26: =20500 -> 20500 | H26: =D26-F26 -> 0
C27: Permit Application Prep | D27: 250 | F27: =250 -> 250 | H27: =D27-F27 -> 0
C28: Landfill Disposal | D28: =1210-713.29 -> 496.71 | F28: =496.71 -> 496.71 | H28: =D28-F28 -> 0
C29: Total: | D29: =SUM(D26:D28) -> 21246.71 | F29: =SUM(F26:F28) -> 21246.71 | H29: =SUM(H26:H28) -> 0

Sheet RECAP #9491.00
B1: DOC 7 JD RTU #2 Replacement
B2: Project # 9491.00
B3: Program code 949100 | E3: Major Program 4B01
B4: Recap
B5: Acct. Codes-0017-335-MM26 | E5: Close Date:
B6: Project Manager - James T.
C7: TRANSFERS | D7: CONTRACTED | E7: EXPENDED | F7: CONTRACTED, NOT EXPENDED | G7: UNDER(OVER) Budget
B8: Budget | C8: =FINANCIAL!G16 -> 320000
A10: C | B10: DCI Group | D10: ='#9491.00 DCI Group'!D23 -> 7888.53 | E10: ='#9491.00 DCI Group'!F23 -> 7888.53 | F10: ='#9491.00 DCI Group'!H23 -> 0
B11: PM TIME | D11: ='#9491.00 PM TIME '!E39 -> 25000 | E11: ='#9491.00 PM TIME '!G39 -> 17696.12 | F11: ='#9491.00 PM TIME '!I39 -> 7303.88
B12: Misc. | D12: ='#9491.00 Misc '!G22 -> 200 | E12: ='#9491.00 Misc '!G22 -> 200 | F12: =D12-E12 -> 0
B13: KCL Engineering | D13: ='#9491.00 KCL Engineering'!D23 -> 17675 | E13: ='#9491.00 KCL Engineering'!F23 -> 15875 | F13: ='#9491.00 KCL Engineering'!H23 -> 1800
B14: Modern Piping Services | D14: ='#9491.00 Modern Piping Service'!D23 -> 203524 | E14: ='#9491.00 Modern Piping Service'!F23 -> 3948.37 | F14: ='#9491.00 Modern Piping Service'!H23 -> 199575.63
B15: DCI Group(2) | D15: ='#9491.00 DCI Group (2)'!D23 -> 22401.43 | E15: ='#9491.00 DCI Group (2)'!F23 -> 929.05 | F15: ='#9491.00 DCI Group (2)'!H23 -> 21472.38
B17: Total Project Cost | C17: =SUM(C8:C16) -> 320000 | D17: =SUM(D8:D16) -> 276688.96 | E17: =SUM(E8:E16) -> 46537.07 | F17: =SUM(D17-E17) -> 230151.89 | G17: =C8-D17 -> 43311.04

Sheet #9491.00 DCI Group
A1: ='RECAP #9491.00'!B1 -> DOC 7 JD RTU #2 Replacement
A2: ='RECAP #9491.00'!B2 -> Project # 9491.00
A3: ='RECAP #9491.00'!B3 -> Program code 949100 | D3: ='RECAP #9491.00'!E3 -> Major Program 4B01
A4: DCI Group | D4: Vendor: 00003025029
A5: Acct. Codes-0017-335-MM26-9255 | D5: RFP1821335228-DCI11012021
A6: ='RECAP #9491.00'!B6 -> Project Manager - James T. | D6: Activity code: CMGR
A8: Doc # | B8: Date | C8: Activity | D8: Contract & C.O.'s | E8: Contract Total | F8: Payment Amount | G8: Total Paid | H8: Balance
A9: PO 33526259900 | B9: 45916 | C9: PO Procore | D9: 18131.88 | E9: =D9 -> 18131.88 | H9: =E9 -> 18131.88 | J9: `
A10: PRC 3352625PA9900 | B10: 45958 | C10: Inv. 25-033 PC 01 | E10: =E9+D10 -> 18131.88 | F10: 2473.03 | G10: =G9+F10 -> 2473.03 | H10: =H9-F10+D10 -> 15658.85
A11: PRC 3352625PB9900 | B11: 45982 | C11: Inv. 25-033 PC 02 | E11: =E10+D11 -> 18131.88 | F11: 524.75 | G11: =G10+F11 -> 2997.78 | H11: =H10-F11+D11 -> 15134.1
A12: PRC 3352625PC9900 | B12: 46020 | C12: Inv. 25-033 PC 03 | E12: =E11+D12 -> 18131.88 | F12: 1060.41 | G12: =G11+F12 -> 4058.19 | H12: =H11-F12+D12 -> 14073.69
A13: PRC 3352625PD9900 | B13: 46044 | C13: Inv. 25-033 PC 04 | E13: =E12+D13 -> 18131.88 | F13: 1234.88 | G13: =G12+F13 -> 5293.07 | H13: =H12-F13+D13 -> 12838.81
A14: PRC 3352625PE9900 | B14: 46077 | C14: Inv. 25-033 PC 05 | E14: =E13+D14 -> 18131.88 | F14: 1053.62 | G14: =G13+F14 -> 6346.69 | H14: =H13-F14+D14 -> 11785.19
A15: PRC 3352625PF9900 | B15: 46105 | C15: Inv. 25-033 PC 06 FINAL | D15: -10243.35 | E15: =E14+D15 -> 7888.53 | F15: 1541.84 | G15: =G14+F15 -> 7888.53 | H15: =H14-F15+D15 -> 0
E16: =E15+D16 -> 7888.53 | G16: =G15+F16 -> 7888.53 | H16: =H15-F16+D16 -> 0
E17: =E16+D17 -> 7888.53 | G17: =G16+F17 -> 7888.53 | H17: =H16-F17+D17 -> 0
E18: =E17+D18 -> 7888.53 | G18: =G17+F18 -> 7888.53 | H18: =H17-F18+D18 -> 0
E19: =E18+D19 -> 7888.53 | G19: =G18+F19 -> 7888.53 | H19: =H18-F19+D19 -> 0
E20: =E19+D20 -> 7888.53 | G20: =G19+F20 -> 7888.53 | H20: =H19-F20+D20 -> 0
E21: =E20+D21 -> 7888.53 | G21: =G20+F21 -> 7888.53 | H21: =H20-F21+D21 -> 0
C23: Totals: | D23: =SUM(D9:D22) -> 7888.53 | F23: =SUM(F9:F22) -> 7888.53 | H23: =D23-F23 -> 0 | I23: FINAL
C26: CM Services | D26: =17631.88-9915.85 -> 7716.03 | F26: =2358.03+524.75+1060.41+1234.88+1053.62+1484.34 -> 7716.03 | H26: =D26-F26 -> 0
C27: Reimbursables | D27: =500-327.5 -> 172.5 | F27: =115+57.5 -> 172.5 | H27: =D27-F27 -> 0
C28: Total: | D28: =SUM(D26:D27) -> 7888.53 | F28: =SUM(F26:F27) -> 7888.53 | H28: =SUM(H26:H27) -> 0

Sheet #9491.00 PM TIME 
A1: ='RECAP #9491.00'!B1 -> DOC 7 JD RTU #2 Replacement
A2: ='RECAP #9491.00'!B2 -> Project # 9491.00
A3: ='RECAP #9491.00'!B3 -> Program code 949100 | E3: ='RECAP #9491.00'!E3 -> Major Program 4B01
A4: PM TIME | E4: Internal documents
A6: Acct. Codes-0017-335-MM26-xxxx | E6: eDAS: 911F
A7: ='RECAP #9491.00'!B6 -> Project Manager - James T.
A8: Doc # | B8: Date | C8: Object Code | D8: Activity Code | E8: Contract & C.O.'s | F8: Contract Total | G8: Payment Amount | H8: Total Paid | I8: Balance
D9: Budget amount | E9: =5000+5000+5000+10000 -> 25000 | F9: =E9 -> 25000 | I9: =F9 -> 25000
A10: IET DAS202602115300001 | B10: 45908 | C10: 2507 | D10: Finance Support for August 01-31, 2025 | F10: =F9+E10 -> 25000 | G10: 167.7 | H10: =H9+G10 -> 167.7 | I10: =I9-G10+E10 -> 24832.3
A11: IET DAS202602115300001 | B11: 45908 | C11: 9500 | D11: DAS Support for August 01-31, 2025 | F11: =F10+E11 -> 25000 | G11: 1292.9 | H11: =H10+G11 -> 1460.6 | I11: =I10-G11+E11 -> 23539.4
A12: IET DAS202603115300001 | B12: 45937 | C12: 2507 | D12: Finance Support for September 01-30, 2025 | F12: =F11+E12 -> 25000 | G12: 431 | H12: =H11+G12 -> 1891.6 | I12: =I11-G12+E12 -> 23108.4
A13: IET DAS202603115300001 | B13: 45937 | C13: 9500 | D13: DAS Support for September 01-30, 2025 | F13: =F12+E13 -> 25000 | G13: 2215.6 | H13: =H12+G13 -> 4107.2 | I13: =I12-G13+E13 -> 20892.8
A14: IET DAS202604115300001 | B14: 45968 | C14: 2507 | D14: Finance Support for October 01-31, 2025 | F14: =F13+E14 -> 25000 | G14: 91 | H14: =H13+G14 -> 4198.2 | I14: =I13-G14+E14 -> 20801.8
A15: IET DAS202604115300001 | B15: 45968 | C15: 9500 | D15: DAS Support for October 01-31, 2025 | F15: =F14+E15 -> 25000 | G15: 903 | H15: =H14+G15 -> 5101.2 | I15: =I14-G15+E15 -> 19898.8
A16: IET DAS202605115300001 | B16: 45996 | C16: 2507 | D16: Finance Support for November 1-30, 2025 | F16: =F15+E16 -> 25000 | G16: 168.32 | H16: =H15+G16 -> 5269.52 | I16: =I15-G16+E16 -> 19730.48
A17: IET DAS202605115300001 | B17: 45996 | C17: 9500 | D17: DAS Support for November 1-30, 2025 | F17: =F16+E17 -> 25000 | G17: 1072.3 | H17: =H16+G17 -> 6341.82 | I17: =I16-G17+E17 -> 18658.18
A18: IET DAS202606115300001 | B18: 46030 | C18: 2507 | D18: Finance Support for December 1-31, 2025 | F18: =F17+E18 -> 25000 | G18: 107.3 | H18: =H17+G18 -> 6449.12 | I18: =I17-G18+E18 -> 18550.88
A19: IET DAS202606115300001 | B19: 46030 | C19: 9500 | D19: DAS Support for December 1-31, 2025 | F19: =F18+E19 -> 25000 | G19: 1217.6 | H19: =H18+G19 -> 7666.72 | I19: =I18-G19+E19 -> 17333.28
A20: IET DAS202607115300001 | B20: 46062 | C20: 2507 | D20: Finance Support for January 1-31, 2026 | F20: =F19+E20 -> 25000 | G20: 77.31 | H20: =H19+G20 -> 7744.03 | I20: =I19-G20+E20 -> 17255.97
A21: IET DAS202607115300001 | B21: 46062 | C21: 9500 | D21: DAS Support for January 1-31, 2026 | F21: =F20+E21 -> 25000 | G21: 965.6 | H21: =H20+G21 -> 8709.63 | I21: =I20-G21+E21 -> 16290.37
A22: IET DAS202608115300001 | B22: 46090 | C22: 2507 | D22: Finance Support for February 1-28, 2026 | F22: =F21+E22 -> 25000 | G22: 154.72 | H22: =H21+G22 -> 8864.35 | I22: =I21-G22+E22 -> 16135.65
A23: IET DAS202608115300001 | B23: 46090 | C23: 9500 | D23: DAS Support for February 1-28, 2026 | F23: =F22+E23 -> 25000 | G23: 1782.4 | H23: =H22+G23 -> 10646.75 | I23: =I22-G23+E23 -> 14353.25
A24: IET DAS202609115300001 | B24: 46118 | C24: 2507 | D24: Finance Support for March 01-31, 2026 | F24: =F23+E24 -> 25000 | G24: 66.22 | H24: =H23+G24 -> 10712.97 | I24: =I23-G24+E24 -> 14287.03
A25: IET DAS202609115300001 | B25: 46118 | C25: 9500 | D25: DAS Support for March 01-31, 2026 | F25: =F24+E25 -> 25000 | G25: 537.4 | H25: =H24+G25 -> 11250.37 | I25: =I24-G25+E25 -> 13749.63
A26: IET DAS202610115300001 | B26: 46149 | C26: 2507 | D26: Finance Support for April 01-30, 2026 | F26: =F25+E26 -> 25000 | G26: 80.17 | H26: =H25+G26 -> 11330.54 | I26: =I25-G26+E26 -> 13669.46
A27: IET DAS202610115300001 | B27: 46149 | C27: 9500 | D27: DAS Support for April 01-30, 2026 | F27: =F26+E27 -> 25000 | G27: 836.1 | H27: =H26+G27 -> 12166.64 | I27: =I26-G27+E27 -> 12833.36
A28: IET DAS202612115300001 | B28: 46211 | C28: 2507 | D28: Finance Support for June 01-30, 2026 | F28: =F27+E28 -> 25000 | G28: 200.13 | H28: =H27+G28 -> 12366.77 | I28: =I27-G28+E28 -> 12633.23
A29: IET DAS202612115300001 | B29: 46211 | C29: 9500 | D29: DAS Support for June 01-30, 2026 | F29: =F28+E29 -> 25000 | G29: 2310.6 | H29: =H28+G29 -> 14677.37 | I29: =I28-G29+E29 -> 10322.63
A30: IET DAS202613115300001 | B30: 46218 | C30: 2507 | D30: Finance Support for June 01-30, 2026 (Period 13) | F30: =F29+E30 -> 25000 | G30: 80.65 | H30: =H29+G30 -> 14758.02 | I30: =I29-G30+E30 -> 10241.98
A31: IET DAS202701115300001 | B31: 46241 | C31: 2507 | D31: Finance Support for July 01-31, 2026 | F31: =F30+E31 -> 25000 | G31: 181.22 | H31: =H30+G31 -> 14939.24 | I31: =I30-G31+E31 -> 10060.76
A32: IET DAS202701115300001 | B32: 46241 | C32: 9500 | D32: DAS Support for July 01-31, 2026 | F32: =F31+E32 -> 25000 | G32: 1945 | H32: =H31+G32 -> 16884.24 | I32: =I31-G32+E32 -> 8115.76
A33: IET DAS202702115300001 | B33: 46272 | C33: 2507 | D33: Finance Support for August 01-31, 2026 | F33: =F32+E33 -> 25000 | G33: 75.88 | H33: =H32+G33 -> 16960.12 | I33: =I32-G33+E33 -> 8039.88
A34: IET DAS202702115300001 | B34: 46272 | C34: 9500 | D34: DAS Support for August 01-31, 2026 | F34: =F33+E34 -> 25000 | G34: 736 | H34: =H33+G34 -> 17696.12 | I34: =I33-G34+E34 -> 7303.88
F35: =F34+E35 -> 25000 | H35: =H34+G35 -> 17696.12 | I35: =I34-G35+E35 -> 7303.88
F36: =F35+E36 -> 25000 | H36: =H35+G36 -> 17696.12 | I36: =I35-G36+E36 -> 7303.88
F37: =F36+E37 -> 25000 | H37: =H36+G37 -> 17696.12 | I37: =I36-G37+E37 -> 7303.88
D39: Totals: | E39: =SUM(E9:E32) -> 25000 | G39: =SUM(G9:G34) -> 17696.12 | I39: =E39-G39 -> 7303.88

Sheet #9491.00 Misc 
A1: ='RECAP #9491.00'!B1 -> DOC 7 JD RTU #2 Replacement
A2: ='RECAP #9491.00'!B2 -> Project # 9491.00
A3: ='RECAP #9491.00'!B3 -> Program code 949100 | E3: ='RECAP #9491.00'!E3 -> Major Program 4B01
A4: Misc
E5: Do not code PM, EADOC, or Builders Risk here
A6: Acct. Codes-0017-335-MM26-xxxx | E6: Shipping Code: C21
A7: ='RECAP #9491.00'!B6 -> Project Manager - James T.
A8: Doc # | B8: Date | C8: Object Code | D8: Activity Code | E8: Activity | F8: Invoice | G8: Payment Amount | H8: Total Paid
A9: PRC 33526092918 | B9: 46114 | C9: 9500 | D9: CNST | E9: Rapids Reproductions V#(00002111375) | F9: Inv. INVCL2586 | G9: 200 | H9: =G9 -> 200
H10: =H9+G10 -> 200
H11: =H10+G11 -> 200
H12: =H11+G12 -> 200
H13: =H12+G13 -> 200
H14: =H13+G14 -> 200
H15: =H14+G15 -> 200
H16: =H15+G16 -> 200
H17: =H16+G17 -> 200
H18: =H17+G18 -> 200
H19: =H18+G19 -> 200
H20: =H19+G20 -> 200
E22: Totals: | G22: =SUM(G9:G21) -> 200

Sheet #9491.00 KCL Engineering
A1: ='RECAP #9491.00'!B1 -> DOC 7 JD RTU #2 Replacement
A2: ='RECAP #9491.00'!B2 -> Project # 9491.00
A3: ='RECAP #9491.00'!B3 -> Program code 949100 | D3: ='RECAP #9491.00'!E3 -> Major Program 4B01
A4: KCL Engineering | D4: Vendor: 00002103747
A5: Acct. Codes-0017-335-MM26-9260 | D5: 949100-01
A6: ='RECAP #9491.00'!B6 -> Project Manager - James T. | D6: Activity code: DSGN
A8: Doc # | B8: Date | C8: Activity | D8: Contract & C.O.'s | E8: Contract Total | F8: Payment Amount | G8: Total Paid | H8: Balance
A9: PO 33526296902 | B9: 45953 | C9: PO Procore | D9: 17675 | E9: =D9 -> 17675 | H9: =E9 -> 17675 | J9: `
A10: PRC 3352629PA6902 | B10: 46020 | C10: Inv. 13053 | E10: =E9+D10 -> 17675 | F10: 4775 | G10: =G9+F10 -> 4775 | H10: =H9-F10+D10 -> 12900
A11: PRC 3352629PB6902 | B11: 46104 | C11: Inv. 13260 | E11: =E10+D11 -> 17675 | F11: 5900 | G11: =G10+F11 -> 10675 | H11: =H10-F11+D11 -> 7000
A12: PRC 3352629PC6902 | B12: 46202 | C12: Inv. 13910 | E12: =E11+D12 -> 17675 | F12: 5200 | G12: =G11+F12 -> 15875 | H12: =H11-F12+D12 -> 1800 | I12: FY26
A13: PO 33527296902 | B13: 46225 | C13: Roll to FY27 | D13: 0 | E13: =E12+D13 -> 17675 | G13: =G12+F13 -> 15875 | H13: =H12-F13+D13 -> 1800
E14: =E13+D14 -> 17675 | G14: =G13+F14 -> 15875 | H14: =H13-F14+D14 -> 1800
E15: =E14+D15 -> 17675 | G15: =G14+F15 -> 15875 | H15: =H14-F15+D15 -> 1800
E16: =E15+D16 -> 17675 | G16: =G15+F16 -> 15875 | H16: =H15-F16+D16 -> 1800
E17: =E16+D17 -> 17675 | G17: =G16+F17 -> 15875 | H17: =H16-F17+D17 -> 1800
E18: =E17+D18 -> 17675 | G18: =G17+F18 -> 15875 | H18: =H17-F18+D18 -> 1800
E19: =E18+D19 -> 17675 | G19: =G18+F19 -> 15875 | H19: =H18-F19+D19 -> 1800
E20: =E19+D20 -> 17675 | G20: =G19+F20 -> 15875 | H20: =H19-F20+D20 -> 1800
E21: =E20+D21 -> 17675 | G21: =G20+F21 -> 15875 | H21: =H20-F21+D21 -> 1800
C23: Totals: | D23: =SUM(D9:D22) -> 17675 | F23: =SUM(F9:F22) -> 15875 | H23: =D23-F23 -> 1800
C26: Design Development Docs | D26: 4775 | F26: =4775 -> 4775 | H26: =D26-F26 -> 0
C27: Construction Docs | D27: 5900 | F27: =5900 -> 5900 | H27: =D27-F27 -> 0
C28: Bidding/Negotiation | D28: 1600 | F28: 1600 | H28: =D28-F28 -> 0
C29: Construction Phase | D29: 5400 | F29: 3600 | H29: =D29-F29 -> 1800
C30: Total: | D30: =SUM(D26:D29) -> 17675 | F30: =SUM(F26:F29) -> 15875 | H30: =SUM(H26:H29) -> 1800

Sheet #9491.00 Modern Piping Service
A1: ='RECAP #9491.00'!B1 -> DOC 7 JD RTU #2 Replacement
A2: ='RECAP #9491.00'!B2 -> Project # 9491.00
A3: ='RECAP #9491.00'!B3 -> Program code 949100 | D3: ='RECAP #9491.00'!E3 -> Major Program 4B01
A4: Modern Piping Service | D4: Vendor: 00002108094
A5: Acct. Codes-0017-335-MM26-9255 | D5: RFB949100-01
A6: ='RECAP #9491.00'!B6 -> Project Manager - James T. | D6: Activity code: BRUM
A8: Doc # | B8: Date | C8: Activity | D8: Contract & C.O.'s | E8: Contract Total | F8: Payment Amount | G8: Total Paid | H8: Balance | I8: Retainage
A9: PO 33526057908 | B9: 46079 | C9: PO Procore | D9: 203524 | E9: =D9 -> 203524 | H9: =E9 -> 203524
A10: PRC 3352605PA7908 | B10: 46230 | C10: Inv. 29732 | E10: =E9+D10 -> 203524 | F10: 3948.37 | G10: =G9+F10 -> 3948.37 | H10: =H9-F10+D10 -> 199575.63 | I10: 122.11 | J10: FY26
A11: PO 33527057908 | B11: 46233 | C11: Roll to FY27 | D11: 0 | E11: =E10+D11 -> 203524 | G11: =G10+F11 -> 3948.37 | H11: =H10-F11+D11 -> 199575.63
E12: =E11+D12 -> 203524 | G12: =G11+F12 -> 3948.37 | H12: =H11-F12+D12 -> 199575.63
E13: =E12+D13 -> 203524 | G13: =G12+F13 -> 3948.37 | H13: =H12-F13+D13 -> 199575.63
E14: =E13+D14 -> 203524 | G14: =G13+F14 -> 3948.37 | H14: =H13-F14+D14 -> 199575.63
E15: =E14+D15 -> 203524 | G15: =G14+F15 -> 3948.37 | H15: =H14-F15+D15 -> 199575.63
E16: =E15+D16 -> 203524 | G16: =G15+F16 -> 3948.37 | H16: =H15-F16+D16 -> 199575.63
E17: =E16+D17 -> 203524 | G17: =G16+F17 -> 3948.37 | H17: =H16-F17+D17 -> 199575.63
E18: =E17+D18 -> 203524 | G18: =G17+F18 -> 3948.37 | H18: =H17-F18+D18 -> 199575.63
E19: =E18+D19 -> 203524 | G19: =G18+F19 -> 3948.37 | H19: =H18-F19+D19 -> 199575.63
E20: =E19+D20 -> 203524 | G20: =G19+F20 -> 3948.37 | H20: =H19-F20+D20 -> 199575.63
E21: =E20+D21 -> 203524 | G21: =G20+F21 -> 3948.37 | H21: =H20-F21+D21 -> 199575.63
C23: Totals: | D23: =SUM(D9:D22) -> 203524 | F23: =SUM(F9:F22) -> 3948.37 | H23: =D23-F23 -> 199575.63

Sheet #9491.00 DCI Group (2)
A1: ='RECAP #9491.00'!B1 -> DOC 7 JD RTU #2 Replacement
A2: ='RECAP #9491.00'!B2 -> Project # 9491.00
A3: ='RECAP #9491.00'!B3 -> Program code 949100 | D3: ='RECAP #9491.00'!E3 -> Major Program 4B01
A4: DCI Group (2) | D4: Vendor: 00003025029
A5: Acct. Codes-0017-335-MM26-9255 | D5: RFP1821335228-DCI11012021
A6: ='RECAP #9491.00'!B6 -> Project Manager - James T. | D6: Activity code: CMGR
A8: Doc # | B8: Date | C8: Activity | D8: Contract & C.O.'s | E8: Contract Total | F8: Payment Amount | G8: Total Paid | H8: Balance
A9: PO 33526173917 | B9: 46195 | C9: PO Procore | D9: 22401.43 | E9: =D9 -> 22401.43 | H9: =E9 -> 22401.43
A10: PRC 3352617PA3917 | B10: 46212 | C10: Inv. 9491.00-01 | E10: =E9+D10 -> 22401.43 | F10: 929.05 | G10: =G9+F10 -> 929.05 | H10: =H9-F10+D10 -> 21472.38 | I10: FY26
A11: PO 33527173917 | B11: 46225 | C11: Roll to FY27 | D11: 0 | E11: =E10+D11 -> 22401.43 | G11: =G10+F11 -> 929.05 | H11: =H10-F11+D11 -> 21472.38
E12: =E11+D12 -> 22401.43 | G12: =G11+F12 -> 929.05 | H12: =H11-F12+D12 -> 21472.38
E13: =E12+D13 -> 22401.43 | G13: =G12+F13 -> 929.05 | H13: =H12-F13+D13 -> 21472.38
E14: =E13+D14 -> 22401.43 | G14: =G13+F14 -> 929.05 | H14: =H13-F14+D14 -> 21472.38
E15: =E14+D15 -> 22401.43 | G15: =G14+F15 -> 929.05 | H15: =H14-F15+D15 -> 21472.38
E16: =E15+D16 -> 22401.43 | G16: =G15+F16 -> 929.05 | H16: =H15-F16+D16 -> 21472.38
E17: =E16+D17 -> 22401.43 | G17: =G16+F17 -> 929.05 | H17: =H16-F17+D17 -> 21472.38
E18: =E17+D18 -> 22401.43 | G18: =G17+F18 -> 929.05 | H18: =H17-F18+D18 -> 21472.38
E19: =E18+D19 -> 22401.43 | G19: =G18+F19 -> 929.05 | H19: =H18-F19+D19 -> 21472.38
E20: =E19+D20 -> 22401.43 | G20: =G19+F20 -> 929.05 | H20: =H19-F20+D20 -> 21472.38
E21: =E20+D21 -> 22401.43 | G21: =G20+F21 -> 929.05 | H21: =H20-F21+D21 -> 21472.38
C23: Totals: | D23: =SUM(D9:D22) -> 22401.43 | F23: =SUM(F9:F22) -> 929.05 | H23: =D23-F23 -> 21472.38
C26: CM Services | D26: 20901.43 | F26: =929.05 -> 929.05 | H26: =D26-F26 -> 19972.38
C27: Reimbursables | D27: 1500 | H27: =D27-F27 -> 1500
C28: Total: | D28: =SUM(D26:D27) -> 22401.43 | F28: =SUM(F26:F27) -> 929.05 | H28: =SUM(H26:H27) -> 21472.38

Sheet RECAP #9494.00
B1: IDOE ISD Giangreco Hall Gutter, Dentil and Roof Repairs
B2: Project # 9494.00
B3: Program code 949400 | E3: Major Program 4E02
B4: Recap
B5: Acct. Codes-0017-335-MM26 | E5: Close Date: | F5: 45940
B6: Project Manager - Jennie E.
C7: TRANSFERS | D7: CONTRACTED | E7: EXPENDED | F7: CONTRACTED, NOT EXPENDED | G7: UNDER(OVER) Budget
B8: Budget | C8: =FINANCIAL!G17 -> 0
B10: VendorA | D10: ='#9494.00 Vendor A '!D23 -> 0 | E10: ='#9494.00 Vendor A '!F23 -> 0 | F10: ='#9494.00 Vendor A '!H23 -> 0
B11: PM TIME | D11: ='#9494.00 PM TIME'!E23 -> 0 | E11: ='#9494.00 PM TIME'!G23 -> 0 | F11: ='#9494.00 PM TIME'!I23 -> 0
B12: Misc. | D12: ='#9494.00 Misc '!G22 -> 0 | E12: ='#9494.00 Misc '!H22 -> 0 | F12: =D12-E12 -> 0
B14: Total Project Cost | C14: =SUM(C8:C13) -> 0 | D14: =SUM(D8:D13) -> 0 | E14: =SUM(E8:E13) -> 0 | F14: =SUM(D14-E14) -> 0 | G14: =C8-D14 -> 0
B17: Closed per PM 10/10/25

Sheet #9494.00 Vendor A 
A1: ='RECAP #9494.00'!B1 -> IDOE ISD Giangreco Hall Gutter, Dentil and Roof Repairs
A2: ='RECAP #9494.00'!B2 -> Project # 9494.00
A3: ='RECAP #9494.00'!B3 -> Program code 949400 | D3: ='RECAP #9494.00'!E3 -> Major Program 4E02
A4: Vendor A | D4: Vendor:
A5: Acct. Codes-0017-335-MM26-xxxx
A6: ='RECAP #9494.00'!B6 -> Project Manager - Jennie E. | D6: Activity code:
A8: Doc # | B8: Date | C8: Activity | D8: Contract & C.O.'s | E8: Contract Total | F8: Payment Amount | G8: Total Paid | H8: Balance
E9: =D9 -> 0 | H9: =E9 -> 0
E10: =E9+D10 -> 0 | G10: =G9+F10 -> 0 | H10: =H9-F10+D10 -> 0
E11: =E10+D11 -> 0 | G11: =G10+F11 -> 0 | H11: =H10-F11+D11 -> 0
E12: =E11+D12 -> 0 | G12: =G11+F12 -> 0 | H12: =H11-F12+D12 -> 0
E13: =E12+D13 -> 0 | G13: =G12+F13 -> 0 | H13: =H12-F13+D13 -> 0
E14: =E13+D14 -> 0 | G14: =G13+F14 -> 0 | H14: =H13-F14+D14 -> 0
E15: =E14+D15 -> 0 | G15: =G14+F15 -> 0 | H15: =H14-F15+D15 -> 0
E16: =E15+D16 -> 0 | G16: =G15+F16 -> 0 | H16: =H15-F16+D16 -> 0
E17: =E16+D17 -> 0 | G17: =G16+F17 -> 0 | H17: =H16-F17+D17 -> 0
E18: =E17+D18 -> 0 | G18: =G17+F18 -> 0 | H18: =H17-F18+D18 -> 0
E19: =E18+D19 -> 0 | G19: =G18+F19 -> 0 | H19: =H18-F19+D19 -> 0
E20: =E19+D20 -> 0 | G20: =G19+F20 -> 0 | H20: =H19-F20+D20 -> 0
E21: =E20+D21 -> 0 | G21: =G20+F21 -> 0 | H21: =H20-F21+D21 -> 0
C23: Totals: | D23: =SUM(D9:D22) -> 0 | F23: =SUM(F9:F22) -> 0 | H23: =D23-F23 -> 0
C26: CM Services | D26: 0 | H26: =D26-F26 -> 0
C27: Reimbursables | D27: 0 | H27: =D27-F27 -> 0
C28: Total: | D28: =SUM(D26:D27) -> 0 | F28: =SUM(F26:F27) -> 0 | H28: =SUM(H26:H27) -> 0

Sheet #9494.00 PM TIME
A1: ='RECAP #9494.00'!B1 -> IDOE ISD Giangreco Hall Gutter, Dentil and Roof Repairs
A2: ='RECAP #9494.00'!B2 -> Project # 9494.00
A3: ='RECAP #9494.00'!B3 -> Program code 949400 | E3: ='RECAP #9494.00'!E3 -> Major Program 4E02
A4: PM TIME | E4: Internal documents
A6: Acct. Codes-0017-335-MM26-xxxx | E6: eDAS 734J
A7: ='RECAP #9494.00'!B6 -> Project Manager - Jennie E.
A8: Doc # | B8: Date | C8: Object Code | D8: Activity Code | E8: Contract & C.O.'s | F8: Contract Total | G8: Payment Amount | H8: Total Paid | I8: Balance
D9: Budget amount | F9: =E9 -> 0 | I9: =F9 -> 0
F10: =F9+E10 -> 0 | H10: =H9+G10 -> 0 | I10: =I9-G10+E10 -> 0
F11: =F10+E11 -> 0 | H11: =H10+G11 -> 0 | I11: =I10-G11+E11 -> 0
F12: =F11+E12 -> 0 | H12: =H11+G12 -> 0 | I12: =I11-G12+E12 -> 0
F13: =F12+E13 -> 0 | H13: =H12+G13 -> 0 | I13: =I12-G13+E13 -> 0
F14: =F13+E14 -> 0 | H14: =H13+G14 -> 0 | I14: =I13-G14+E14 -> 0
F15: =F14+E15 -> 0 | H15: =H14+G15 -> 0 | I15: =I14-G15+E15 -> 0
F16: =F15+E16 -> 0 | H16: =H15+G16 -> 0 | I16: =I15-G16+E16 -> 0
F17: =F16+E17 -> 0 | H17: =H16+G17 -> 0 | I17: =I16-G17+E17 -> 0
F18: =F17+E18 -> 0 | H18: =H17+G18 -> 0 | I18: =I17-G18+E18 -> 0
F19: =F18+E19 -> 0 | H19: =H18+G19 -> 0 | I19: =I18-G19+E19 -> 0
F20: =F19+E20 -> 0 | H20: =H19+G20 -> 0 | I20: =I19-G20+E20 -> 0
F21: =F20+E21 -> 0 | H21: =H20+G21 -> 0 | I21: =I20-G21+E21 -> 0
D23: Totals: | E23: =SUM(E9:E22) -> 0 | G23: =SUM(G9:G22) -> 0 | I23: =E23-G23 -> 0

Sheet #9494.00 Misc 
A1: ='RECAP #9494.00'!B1 -> IDOE ISD Giangreco Hall Gutter, Dentil and Roof Repairs
A2: ='RECAP #9494.00'!B2 -> Project # 9494.00
A3: ='RECAP #9494.00'!B3 -> Program code 949400 | E3: ='RECAP #9494.00'!E3 -> Major Program 4E02
A4: Misc
E5: Do not code PM, EADOC, or Builders Risk here
A6: Acct. Codes-0017-335-MM26-xxxx | E6: Shipping Code:
A7: ='RECAP #9494.00'!B6 -> Project Manager - Jennie E.
A8: Doc # | B8: Date | C8: Object Code | D8: Activity Code | E8: Activity | F8: Invoice | G8: Payment Amount | H8: Total Paid
H9: =G9 -> 0
H10: =H9+G10 -> 0
H11: =H10+G11 -> 0
H12: =H11+G12 -> 0
H13: =H12+G13 -> 0
H14: =H13+G14 -> 0
H15: =H14+G15 -> 0
H16: =H15+G16 -> 0
H17: =H16+G17 -> 0
H18: =H17+G18 -> 0
H19: =H18+G19 -> 0
H20: =H19+G20 -> 0
E22: Totals: | G22: =SUM(G9:G21) -> 0

Sheet RECAP #9495.00
B1: HHS IMHI Boiler #3 Replacement
B2: Project # 9495.00
B3: Program code 949500 | E3: Major Program 4E19
B4: Recap
B5: Acct. Codes-0017-335-MM26
B6: Project Manager - Oliver S. (JE)
C7: TRANSFERS | D7: CONTRACTED | E7: EXPENDED | F7: CONTRACTED, NOT EXPENDED | G7: UNDER(OVER) Budget
B8: Budget | C8: =FINANCIAL!G18 -> 0
B10: VendorA | D10: ='#9495.00 Vendor A '!D23 -> 0 | E10: ='#9495.00 Vendor A '!F23 -> 0 | F10: ='#9495.00 Vendor A '!H23 -> 0
B11: PM TIME | D11: ='#9495.00 PM TIME '!E23 -> 0 | E11: ='#9495.00 PM TIME '!G23 -> 0 | F11: ='#9495.00 PM TIME '!I23 -> 0
B12: Misc. | D12: ='#9495.00 Misc'!G22 -> 0 | E12: ='#9495.00 Misc'!H22 -> 0 | F12: =D12-E12 -> 0
B14: Total Project Cost | C14: =SUM(C8:C13) -> 0 | D14: =SUM(D8:D13) -> 0 | E14: =SUM(E8:E13) -> 0 | F14: =SUM(D14-E14) -> 0 | G14: =C8-D14 -> 0
B17: Closing Per Geoff Wheelock Email 10/03/25

Sheet #9495.00 Vendor A 
A1: ='RECAP #9495.00'!B1 -> HHS IMHI Boiler #3 Replacement
A2: ='RECAP #9495.00'!B2 -> Project # 9495.00
A3: ='RECAP #9495.00'!B3 -> Program code 949500 | D3: ='RECAP #9495.00'!E3 -> Major Program 4E19
A4: Vendor A | D4: Vendor:
A5: Acct. Codes-0017-335-MM26-xxxx
A6: ='RECAP #9495.00'!B6 -> Project Manager - Oliver S. (JE) | D6: Activity code:
A8: Doc # | B8: Date | C8: Activity | D8: Contract & C.O.'s | E8: Contract Total | F8: Payment Amount | G8: Total Paid | H8: Balance
E9: =D9 -> 0 | H9: =E9 -> 0
E10: =E9+D10 -> 0 | G10: =G9+F10 -> 0 | H10: =H9-F10+D10 -> 0
E11: =E10+D11 -> 0 | G11: =G10+F11 -> 0 | H11: =H10-F11+D11 -> 0
E12: =E11+D12 -> 0 | G12: =G11+F12 -> 0 | H12: =H11-F12+D12 -> 0
E13: =E12+D13 -> 0 | G13: =G12+F13 -> 0 | H13: =H12-F13+D13 -> 0
E14: =E13+D14 -> 0 | G14: =G13+F14 -> 0 | H14: =H13-F14+D14 -> 0
E15: =E14+D15 -> 0 | G15: =G14+F15 -> 0 | H15: =H14-F15+D15 -> 0
E16: =E15+D16 -> 0 | G16: =G15+F16 -> 0 | H16: =H15-F16+D16 -> 0
E17: =E16+D17 -> 0 | G17: =G16+F17 -> 0 | H17: =H16-F17+D17 -> 0
E18: =E17+D18 -> 0 | G18: =G17+F18 -> 0 | H18: =H17-F18+D18 -> 0
E19: =E18+D19 -> 0 | G19: =G18+F19 -> 0 | H19: =H18-F19+D19 -> 0
E20: =E19+D20 -> 0 | G20: =G19+F20 -> 0 | H20: =H19-F20+D20 -> 0
E21: =E20+D21 -> 0 | G21: =G20+F21 -> 0 | H21: =H20-F21+D21 -> 0
C23: Totals: | D23: =SUM(D9:D22) -> 0 | F23: =SUM(F9:F22) -> 0 | H23: =D23-F23 -> 0
C26: CM Services | D26: 0 | H26: =D26-F26 -> 0
C27: Reimbursables | D27: 0 | H27: =D27-F27 -> 0
C28: Total: | D28: =SUM(D26:D27) -> 0 | F28: =SUM(F26:F27) -> 0 | H28: =SUM(H26:H27) -> 0

Sheet #9495.00 PM TIME 
A1: ='RECAP #9495.00'!B1 -> HHS IMHI Boiler #3 Replacement
A2: ='RECAP #9495.00'!B2 -> Project # 9495.00
A3: ='RECAP #9495.00'!B3 -> Program code 949500 | E3: ='RECAP #9495.00'!E3 -> Major Program 4E19
A4: PM TIME | E4: Internal documents
A6: Acct. Codes-0017-335-MM26-xxxx | E6: eDAS 734K
A7: ='RECAP #9495.00'!B6 -> Project Manager - Oliver S. (JE)
A8: Doc # | B8: Date | C8: Object Code | D8: Activity Code | E8: Contract & C.O.'s | F8: Contract Total | G8: Payment Amount | H8: Total Paid | I8: Balance
D9: Budget amount | F9: =E9 -> 0 | I9: =F9 -> 0
A10: IET DAS202603115300001 | B10: 45937 | C10: 2507 | D10: Finance Support for September 01-30, 2025 | F10: =F9+E10 -> 0 | G10: 274.14 | H10: =H9+G10 -> 274.14 | I10: =I9-G10+E10 -> -274.14
A11: IET DAS202603115300001 | B11: 45937 | C11: 9500 | D11: DAS Support for September 01-30, 2025 | F11: =F10+E11 -> 0 | G11: 1410.3 | H11: =H10+G11 -> 1684.44 | I11: =I10-G11+E11 -> -1684.44
A12: CDE 33526281901 | B12: 45937 | C12: 2507 | D12: Moving cost from MM26 9495.00 to MM25 9474.00 | F12: =F11+E12 -> 0 | G12: -274.14 | H12: =H11+G12 -> 1410.3 | I12: =I11-G12+E12 -> -1410.3
A13: CDE 33526281901 | B13: 45937 | C13: 9500 | D13: Moving cost from MM26 9495.00 to MM25 9474.00 | F13: =F12+E13 -> 0 | G13: -1410.3 | H13: =H12+G13 -> 0 | I13: =I12-G13+E13 -> -2.2737368e-13
F14: =F13+E14 -> 0 | H14: =H13+G14 -> 0 | I14: =I13-G14+E14 -> -2.2737368e-13
F15: =F14+E15 -> 0 | H15: =H14+G15 -> 0 | I15: =I14-G15+E15 -> -2.2737368e-13
F16: =F15+E16 -> 0 | H16: =H15+G16 -> 0 | I16: =I15-G16+E16 -> -2.2737368e-13
F17: =F16+E17 -> 0 | H17: =H16+G17 -> 0 | I17: =I16-G17+E17 -> -2.2737368e-13
F18: =F17+E18 -> 0 | H18: =H17+G18 -> 0 | I18: =I17-G18+E18 -> -2.2737368e-13
F19: =F18+E19 -> 0 | H19: =H18+G19 -> 0 | I19: =I18-G19+E19 -> -2.2737368e-13
F20: =F19+E20 -> 0 | H20: =H19+G20 -> 0 | I20: =I19-G20+E20 -> -2.2737368e-13
F21: =F20+E21 -> 0 | H21: =H20+G21 -> 0 | I21: =I20-G21+E21 -> -2.2737368e-13
D23: Totals: | E23: =SUM(E9:E22) -> 0 | G23: =SUM(G9:G22) -> 0 | I23: =E23-G23 -> 0

Sheet #9495.00 Misc
A1: ='RECAP #9495.00'!B1 -> HHS IMHI Boiler #3 Replacement
A2: ='RECAP #9495.00'!B2 -> Project # 9495.00
A3: ='RECAP #9495.00'!B3 -> Program code 949500 | E3: ='RECAP #9495.00'!E3 -> Major Program 4E19
A4: Misc
E5: Do not code PM, EADOC, or Builders Risk here
A6: Acct. Codes-0017-335-MM26-xxxx | E6: Shipping Code:
A7: ='RECAP #9495.00'!B6 -> Project Manager - Oliver S. (JE)
A8: Doc # | B8: Date | C8: Object Code | D8: Activity Code | E8: Activity | F8: Invoice | G8: Payment Amount | H8: Total Paid
H9: =G9 -> 0
H10: =H9+G10 -> 0
H11: =H10+G11 -> 0
H12: =H11+G12 -> 0
H13: =H12+G13 -> 0
H14: =H13+G14 -> 0
H15: =H14+G15 -> 0
H16: =H15+G16 -> 0
H17: =H16+G17 -> 0
H18: =H17+G18 -> 0
H19: =H18+G19 -> 0
H20: =H19+G20 -> 0
E22: Totals: | G22: =SUM(G9:G21) -> 0

Sheet RECAP #9496.00
B1: DOC NCCF Replace Windows in Education Building
B2: Project # 9496.00
B3: Program code 949600 | E3: Major Program 4E01
B4: Recap
B5: Acct. Codes-0017-335-MM26 | E5: Close Date:
B6: Project Manager - Jennie E
C7: TRANSFERS | D7: CONTRACTED | E7: EXPENDED | F7: CONTRACTED, NOT EXPENDED | G7: UNDER(OVER) Budget
B8: Budget | C8: =FINANCIAL!G19 -> 370000
A10: C | B10: McGough Construction | D10: ='#9496.00 McGough Construction'!D23 -> 17972.33 | E10: ='#9496.00 McGough Construction'!F23 -> 17972.33 | F10: ='#9496.00 McGough Construction'!H23 -> 0
B11: PM TIME | D11: ='#9496.00 PM TIME'!E35 -> 10000 | E11: ='#9496.00 PM TIME'!G35 -> 5848.71 | F11: ='#9496.00 PM TIME'!I35 -> 4151.29
B12: Misc. | D12: ='#9496.00 Misc'!G22 -> 2168 | E12: ='#9496.00 Misc'!G22 -> 2168 | F12: 0
B13: CMB Architects | D13: ='#9496.00 CMB Architects'!D23 -> 37360 | E13: ='#9496.00 CMB Architects'!F23 -> 25296 | F13: ='#9496.00 CMB Architects'!H23 -> 12064
B14: McGough Construction(2) | D14: ='#9496.00 McGough Constructi (2)'!D23 -> 32155.59 | E14: ='#9496.00 McGough Constructi (2)'!F23 -> 7553.43 | F14: ='#9496.00 McGough Constructi (2)'!H23 -> 24602.16
B15: Timekey Enterprise | D15: ='#9496.00 Timekey Enterprise'!D23 -> 226518 | E15: ='#9496.00 Timekey Enterprise'!F23 -> 5071.45 | F15: ='#9496.00 Timekey Enterprise'!H23 -> 221446.55
B17: Total Project Cost | C17: =SUM(C8:C16) -> 370000 | D17: =SUM(D8:D16) -> 326173.92 | E17: =SUM(E8:E16) -> 63909.92 | F17: =SUM(D17-E17) -> 262264 | G17: =C8-D17 -> 43826.08

Sheet #9496.00 McGough Construction
A1: ='RECAP #9496.00'!B1 -> DOC NCCF Replace Windows in Education Building
A2: ='RECAP #9496.00'!B2 -> Project # 9496.00
A3: ='RECAP #9496.00'!B3 -> Program code 949600 | D3: ='RECAP #9496.00'!E3 -> Major Program 4E01
A4: McGough Construction | D4: Vendor: 00003193334
A5: Acct. Codes-0017-335-MM26-9255 | D5: RFP1821335228-McGough11012021
A6: ='RECAP #9496.00'!B6 -> Project Manager - Jennie E | D6: Activity code: CMGR
A8: Doc # | B8: Date | C8: Activity | D8: Contract & C.O.'s | E8: Contract Total | F8: Payment Amount | G8: Total Paid | H8: Balance
A9: PO 33526023915 | B9: 46045 | C9: PO Procore | D9: 17978.83 | E9: =D9 -> 17978.83 | H9: =E9 -> 17978.83
A10: PRC 3352602PA3915 | B10: 46065 | C10: Inv. 101537.004PC-01 | E10: =E9+D10 -> 17978.83 | F10: 1050.85 | G10: =G9+F10 -> 1050.85 | H10: =H9-F10+D10 -> 16927.98
A11: PRC 3352602PB3915 | B11: 46091 | C11: Inv. 101537.004PC-02 | E11: =E10+D11 -> 17978.83 | F11: 2475.96 | G11: =G10+F11 -> 3526.81 | H11: =H10-F11+D11 -> 14452.02
A12: PRC 3352602PC3915 | B12: 46125 | C12: Inv. 101537.004PC-03 | E12: =E11+D12 -> 17978.83 | F12: 4984.45 | G12: =G11+F12 -> 8511.26 | H12: =H11-F12+D12 -> 9467.57
A13: PRC 3352602PD3915 | B13: 46164 | C13: Inv. 101537.004PC-04 | E13: =E12+D13 -> 17978.83 | F13: 3975.23 | G13: =G12+F13 -> 12486.49 | H13: =H12-F13+D13 -> 5492.34
A14: PRC 3352602PE3915 | B14: 46189 | C14: Inv. 101537.004PC-05 | E14: =E13+D14 -> 17978.83 | F14: 4131.71 | G14: =G13+F14 -> 16618.2 | H14: =H13-F14+D14 -> 1360.63
A15: PRC 3352602PF3915 | B15: 46209 | C15: Inv. 101537.004PC-06 Final | D15: -6.5 | E15: =E14+D15 -> 17972.33 | F15: 1354.13 | G15: =G14+F15 -> 17972.33 | H15: =H14-F15+D15 -> 3.6379788e-12
E16: =E15+D16 -> 17972.33 | G16: =G15+F16 -> 17972.33 | H16: =H15-F16+D16 -> 3.6379788e-12
E17: =E16+D17 -> 17972.33 | G17: =G16+F17 -> 17972.33 | H17: =H16-F17+D17 -> 3.6379788e-12
E18: =E17+D18 -> 17972.33 | G18: =G17+F18 -> 17972.33 | H18: =H17-F18+D18 -> 3.6379788e-12
E19: =E18+D19 -> 17972.33 | G19: =G18+F19 -> 17972.33 | H19: =H18-F19+D19 -> 3.6379788e-12
E20: =E19+D20 -> 17972.33 | G20: =G19+F20 -> 17972.33 | H20: =H19-F20+D20 -> 3.6379788e-12
E21: =E20+D21 -> 17972.33 | G21: =G20+F21 -> 17972.33 | H21: =H20-F21+D21 -> 3.6379788e-12
C23: Totals: | D23: =SUM(D9:D22) -> 17972.33 | F23: =SUM(F9:F22) -> 17972.33 | H23: =D23-F23 -> 0 | I23: FINAL
C26: CM Services | D26: 17378.83 | F26: =1050.85+2416.46+4810.45+3855.23+3891.71+1354.13 -> 17378.83 | H26: =D26-F26 -> 0
C27: Reimbursables | D27: =600-6.5 -> 593.5 | F27: =59.5+174+120+240 -> 593.5 | H27: =D27-F27 -> 0
C28: Total: | D28: =SUM(D26:D27) -> 17972.33 | F28: =SUM(F26:F27) -> 17972.33 | H28: =SUM(H26:H27) -> 0

Sheet #9496.00 PM TIME
A1: ='RECAP #9496.00'!B1 -> DOC NCCF Replace Windows in Education Building
A2: ='RECAP #9496.00'!B2 -> Project # 9496.00
A3: ='RECAP #9496.00'!B3 -> Program code 949600 | E3: ='RECAP #9496.00'!E3 -> Major Program 4E01
A4: PM TIME | E4: Internal documents
A6: Acct. Codes-0017-335-MM26-xxxx | E6: eDAS 734L
A7: ='RECAP #9496.00'!B6 -> Project Manager - Jennie E
A8: Doc # | B8: Date | C8: Object Code | D8: Activity Code | E8: Contract & C.O.'s | F8: Contract Total | G8: Payment Amount | H8: Total Paid | I8: Balance
D9: Budget amount | E9: 10000 | F9: =E9 -> 10000 | I9: =F9 -> 10000
A10: IET DAS202604115300001 | B10: 45968 | C10: 2507 | D10: Finance Support for October 01-31, 2025 | F10: =F9+E10 -> 10000 | G10: 44.07 | H10: =H9+G10 -> 44.07 | I10: =I9-G10+E10 -> 9955.93
A11: IET DAS202604115300001 | B11: 45968 | C11: 9500 | D11: DAS Support for October 01-31, 2025 | F11: =F10+E11 -> 10000 | G11: 438.1 | H11: =H10+G11 -> 482.17 | I11: =I10-G11+E11 -> 9517.83
A12: IET DAS202605115300001 | B12: 45996 | C12: 2507 | D12: Finance Support for November 1-30, 2025 | F12: =F11+E12 -> 10000 | G12: 6.95 | H12: =H11+G12 -> 489.12 | I12: =I11-G12+E12 -> 9510.88
A13: IET DAS202605115300001 | B13: 45996 | C13: 9500 | D13: DAS Support for November 1-30, 2025 | F13: =F12+E13 -> 10000 | G13: 44.3 | H13: =H12+G13 -> 533.42 | I13: =I12-G13+E13 -> 9466.58
A14: IET DAS202607115300001 | B14: 46062 | C14: 2507 | D14: Finance Support for January 1-31, 2026 | F14: =F13+E14 -> 10000 | G14: 34.96 | H14: =H13+G14 -> 568.38 | I14: =I13-G14+E14 -> 9431.62
A15: IET DAS202607115300001 | B15: 46062 | C15: 9500 | D15: DAS Support for January 1-31, 2026 | F15: =F14+E15 -> 10000 | G15: 437.4 | H15: =H14+G15 -> 1005.78 | I15: =I14-G15+E15 -> 8994.22
A16: IET DAS202608115300001 | B16: 46090 | C16: 2507 | D16: Finance Support for February 1-28, 2026 | F16: =F15+E16 -> 10000 | G16: 116.64 | H16: =H15+G16 -> 1122.42 | I16: =I15-G16+E16 -> 8877.58
A17: IET DAS202608115300001 | B17: 46090 | C17: 9500 | D17: DAS Support for February 1-28, 2026 | F17: =F16+E17 -> 10000 | G17: 1343.9 | H17: =H16+G17 -> 2466.32 | I17: =I16-G17+E17 -> 7533.68
A18: IET DAS202609115300001 | B18: 46118 | C18: 2507 | D18: Finance Support for March 01-31, 2026 | F18: =F17+E18 -> 10000 | G18: 78.24 | H18: =H17+G18 -> 2544.56 | I18: =I17-G18+E18 -> 7455.44
A19: IET DAS202609115300001 | B19: 46118 | C19: 9500 | D19: DAS Support for March 01-31, 2026 | F19: =F18+E19 -> 10000 | G19: 631.4 | H19: =H18+G19 -> 3175.96 | I19: =I18-G19+E19 -> 6824.04
A20: IET DAS202610115300001 | B20: 46149 | C20: 2507 | D20: Finance Support for April 01-30, 2026 | F20: =F19+E20 -> 10000 | G20: 96.6 | H20: =H19+G20 -> 3272.56 | I20: =I19-G20+E20 -> 6727.44
A21: IET DAS202610115300001 | B21: 46149 | C21: 9500 | D21: DAS Support for April 01-30, 2026 | F21: =F20+E21 -> 10000 | G21: 1034.3 | H21: =H20+G21 -> 4306.86 | I21: =I20-G21+E21 -> 5693.14
A22: IET DAS202611115300001 | B22: 46181 | C22: 2507 | D22: Finance Support for May 01-31, 2026 | F22: =F21+E22 -> 10000 | G22: 15.79 | H22: =H21+G22 -> 4322.65 | I22: =I21-G22+E22 -> 5677.35
A23: IET DAS202611115300001 | B23: 46181 | C23: 9500 | D23: DAS Support for May 01-31, 2026 | F23: =F22+E23 -> 10000 | G23: 218.8 | H23: =H22+G23 -> 4541.45 | I23: =I22-G23+E23 -> 5458.55
A24: IET DAS202612115300001 | B24: 46211 | C24: 2507 | D24: Finance Support for June 01-30, 2026 | F24: =F23+E24 -> 10000 | G24: 37.38 | H24: =H23+G24 -> 4578.83 | I24: =I23-G24+E24 -> 5421.17
A25: IET DAS202612115300001 | B25: 46211 | C25: 9500 | D25: DAS Support for June 01-30, 2026 | F25: =F24+E25 -> 10000 | G25: 483.3 | H25: =H24+G25 -> 5062.13 | I25: =I24-G25+E25 -> 4937.87
A26: IET DAS202613115300001 | B26: 46218 | C26: 2507 | D26: Finance Support for June 01-30, 2026 (Period 13) | F26: =F25+E26 -> 10000 | G26: 15.02 | H26: =H25+G26 -> 5077.15 | I26: =I25-G26+E26 -> 4922.85
A27: IET DAS202701115300001 | B27: 46241 | C27: 2507 | D27: Finance Support for July 01-31, 2026 | F27: =F26+E27 -> 10000 | G27: 38.7 | H27: =H26+G27 -> 5115.85 | I27: =I26-G27+E27 -> 4884.15
A28: IET DAS202701115300001 | B28: 46241 | C28: 9500 | D28: DAS Support for July 01-31, 2026 | F28: =F27+E28 -> 10000 | G28: 436.7 | H28: =H27+G28 -> 5552.55 | I28: =I27-G28+E28 -> 4447.45
A29: IET DAS202702115300001 | B29: 46272 | C29: 2507 | D29: Finance Support for August 01-31, 2026 | F29: =F28+E29 -> 10000 | G29: 27.86 | H29: =H28+G29 -> 5580.41 | I29: =I28-G29+E29 -> 4419.59
A30: IET DAS202702115300001 | B30: 46272 | C30: 9500 | D30: DAS Support for August 01-31, 2026 | F30: =F29+E30 -> 10000 | G30: 268.3 | H30: =H29+G30 -> 5848.71 | I30: =I29-G30+E30 -> 4151.29
F31: =F30+E31 -> 10000 | H31: =H30+G31 -> 5848.71 | I31: =I30-G31+E31 -> 4151.29
F32: =F31+E32 -> 10000 | H32: =H31+G32 -> 5848.71 | I32: =I31-G32+E32 -> 4151.29
F33: =F32+E33 -> 10000 | H33: =H32+G33 -> 5848.71 | I33: =I32-G33+E33 -> 4151.29
D35: Totals: | E35: =SUM(E9:E34) -> 10000 | G35: =SUM(G9:G34) -> 5848.71 | I35: =E35-G35 -> 4151.29

Sheet #9496.00 Misc
A1: ='RECAP #9496.00'!B1 -> DOC NCCF Replace Windows in Education Building
A2: ='RECAP #9496.00'!B2 -> Project # 9496.00
A3: ='RECAP #9496.00'!B3 -> Program code 949600 | E3: ='RECAP #9496.00'!E3 -> Major Program 4E01
A4: Misc
E5: Do not code PM, EADOC, or Builders Risk here
A6: Acct. Codes-0017-335-MM26-xxxx | E6: Shipping Code: 177
A7: ='RECAP #9496.00'!B6 -> Project Manager - Jennie E
A8: Doc # | B8: Date | C8: Object Code | D8: Activity Code | E8: Activity | F8: Invoice | G8: Payment Amount | H8: Total Paid
A9: PRC 33526146910 | B9: 46168 | C9: 9500 | D9: CNST | E9: ATC Group V#(00002134218) | F9: Inv. 2710054 | G9: 1968 | H9: =G9 -> 1968
A10: PRC 33526166911 | B10: 46188 | C10: 9500 | D10: CNST | E10: Rapids Reproductions V#(00002111375) | F10: Inv. INVCL2877 | G10: 200 | H10: =H9+G10 -> 2168
H11: =H10+G11 -> 2168
H12: =H11+G12 -> 2168
H13: =H12+G13 -> 2168
H14: =H13+G14 -> 2168
H15: =H14+G15 -> 2168
H16: =H15+G16 -> 2168
H17: =H16+G17 -> 2168
H18: =H17+G18 -> 2168
H19: =H18+G19 -> 2168
H20: =H19+G20 -> 2168
E22: Totals: | G22: =SUM(G9:G21) -> 2168

Sheet #9496.00 CMB Architects
A1: ='RECAP #9496.00'!B1 -> DOC NCCF Replace Windows in Education Building
A2: ='RECAP #9496.00'!B2 -> Project # 9496.00
A3: ='RECAP #9496.00'!B3 -> Program code 949600 | D3: ='RECAP #9496.00'!E3 -> Major Program 4E01
A4: CMB Architects | D4: Vendor: 00003050901
A5: Acct. Codes-0017-335-MM26-9260 | D5: RFP949600-01
A6: ='RECAP #9496.00'!B6 -> Project Manager - Jennie E | D6: Activity code: DSGN
A8: Doc # | B8: Date | C8: Activity | D8: Contract & C.O.'s | E8: Contract Total | F8: Payment Amount | G8: Total Paid | H8: Balance
A9: PO 33526062916 | B9: 46084 | C9: PO Procore | D9: 37360 | E9: =D9 -> 37360 | H9: =E9 -> 37360
A10: PRC 3352606PA2916 | B10: 46101 | C10: Inv. 67012 | E10: =E9+D10 -> 37360 | F10: 1500 | G10: =G9+F10 -> 1500 | H10: =H9-F10+D10 -> 35860
A11: PRC 3352606PB2916 | B11: 46128 | C11: Inv. 67135 | E11: =E10+D11 -> 37360 | F11: 5345 | G11: =G10+F11 -> 6845 | H11: =H10-F11+D11 -> 30515
A12: PRC 3352606PC2916 | B12: 46162 | C12: Inv. 67285 | E12: =E11+D12 -> 37360 | F12: 8295 | G12: =G11+F12 -> 15140 | H12: =H11-F12+D12 -> 22220
A13: PRC 3352606PD2916 | B13: 46192 | C13: Inv. 67486 | E13: =E12+D13 -> 37360 | F13: 7140 | G13: =G12+F13 -> 22280 | H13: =H12-F13+D13 -> 15080
A14: PRC 3352606PE2916 | B14: 46209 | C14: Inv. 67577 | E14: =E13+D14 -> 37360 | F14: 754 | G14: =G13+F14 -> 23034 | H14: =H13-F14+D14 -> 14326 | I14: FY26
A15: PO 33527062916 | B15: 46225 | C15: Roll to FY27 | D15: 0 | E15: =E14+D15 -> 37360 | G15: =G14+F15 -> 23034 | H15: =H14-F15+D15 -> 14326
A16: PRC 3352706PF2916 | B16: 46251 | C16: Inv. 67799 | E16: =E15+D16 -> 37360 | F16: 1508 | G16: =G15+F16 -> 24542 | H16: =H15-F16+D16 -> 12818
A17: PRC 3352706PG2916 | B17: 46281 | C17: Inv. 67913 | E17: =E16+D17 -> 37360 | F17: 754 | G17: =G16+F17 -> 25296 | H17: =H16-F17+D17 -> 12064
E18: =E17+D18 -> 37360 | G18: =G17+F18 -> 25296 | H18: =H17-F18+D18 -> 12064
E19: =E18+D19 -> 37360 | G19: =G18+F19 -> 25296 | H19: =H18-F19+D19 -> 12064
E20: =E19+D20 -> 37360 | G20: =G19+F20 -> 25296 | H20: =H19-F20+D20 -> 12064
E21: =E20+D21 -> 37360 | G21: =G20+F21 -> 25296 | H21: =H20-F21+D21 -> 12064
C23: Totals: | D23: =SUM(D9:D22) -> 37360 | F23: =SUM(F9:F22) -> 25296 | H23: =D23-F23 -> 12064
C26: Design Development | D26: 4080 | F26: =1500+2580 -> 4080 | H26: =D26-F26 -> 0
C27: Construction Docs | D27: 11060 | F27: =2765+8295 -> 11060 | H27: =D27-F27 -> 0
C28: Bidding/Negotiation | D28: 7140 | F28: =7140 -> 7140 | H28: =D28-F28 -> 0
C29: Construction Phase | D29: 15080 | F29: =754+1508+754 -> 3016 | H29: =D29-F29 -> 12064
C30: Total: | D30: =SUM(D26:D29) -> 37360 | F30: =SUM(F26:F29) -> 25296 | H30: =SUM(H26:H29) -> 12064

Sheet #9496.00 McGough Constructi (2)
A1: ='RECAP #9496.00'!B1 -> DOC NCCF Replace Windows in Education Building
A2: ='RECAP #9496.00'!B2 -> Project # 9496.00
A3: ='RECAP #9496.00'!B3 -> Program code 949600 | D3: ='RECAP #9496.00'!E3 -> Major Program 4E01
A4: McGough Construction(2) | D4: Vendor: 00003193334
A5: Acct. Codes-0017-335-MM26-9255 | D5: RFP1821335228-McGough11012021
A6: ='RECAP #9496.00'!B6 -> Project Manager - Jennie E | D6: Activity code: CMGR
A8: Doc # | B8: Date | C8: Activity | D8: Contract & C.O.'s | E8: Contract Total | F8: Payment Amount | G8: Total Paid | H8: Balance
A9: PO 33526176923 | B9: 46198 | C9: PO Procore | D9: 32155.59 | E9: =D9 -> 32155.59 | H9: =E9 -> 32155.59 | I9: FY26
A10: PO 33527176923 | B10: 46225 | C10: Roll to FY27 | D10: 0 | E10: =E9+D10 -> 32155.59 | G10: =G9+F10 -> 0 | H10: =H9-F10+D10 -> 32155.59
A11: PRC 3352717PA6923 | B11: 46253 | C11: Inv. 101537.004 CA-01 | E11: =E10+D11 -> 32155.59 | F11: 4906.84 | G11: =G10+F11 -> 4906.84 | H11: =H10-F11+D11 -> 27248.75
A12: PRC 3352717PB6923 | B12: 46279 | C12: Inv. 101537.004 CA-02 | E12: =E11+D12 -> 32155.59 | F12: 2646.59 | G12: =G11+F12 -> 7553.43 | H12: =H11-F12+D12 -> 24602.16
E13: =E12+D13 -> 32155.59 | G13: =G12+F13 -> 7553.43 | H13: =H12-F13+D13 -> 24602.16
E14: =E13+D14 -> 32155.59 | G14: =G13+F14 -> 7553.43 | H14: =H13-F14+D14 -> 24602.16
E15: =E14+D15 -> 32155.59 | G15: =G14+F15 -> 7553.43 | H15: =H14-F15+D15 -> 24602.16
E16: =E15+D16 -> 32155.59 | G16: =G15+F16 -> 7553.43 | H16: =H15-F16+D16 -> 24602.16
E17: =E16+D17 -> 32155.59 | G17: =G16+F17 -> 7553.43 | H17: =H16-F17+D17 -> 24602.16
E18: =E17+D18 -> 32155.59 | G18: =G17+F18 -> 7553.43 | H18: =H17-F18+D18 -> 24602.16
E19: =E18+D19 -> 32155.59 | G19: =G18+F19 -> 7553.43 | H19: =H18-F19+D19 -> 24602.16
E20: =E19+D20 -> 32155.59 | G20: =G19+F20 -> 7553.43 | H20: =H19-F20+D20 -> 24602.16
E21: =E20+D21 -> 32155.59 | G21: =G20+F21 -> 7553.43 | H21: =H20-F21+D21 -> 24602.16
C23: Totals: | D23: =SUM(D9:D22) -> 32155.59 | F23: =SUM(F9:F22) -> 7553.43 | H23: =D23-F23 -> 24602.16
C26: CM Services | D26: 29755.59 | F26: =4672.84+2646.59 -> 7319.43 | H26: =D26-F26 -> 22436.16
C27: Reimbursables | D27: 2400 | F27: =234 -> 234 | H27: =D27-F27 -> 2166
C28: Total: | D28: =SUM(D26:D27) -> 32155.59 | F28: =SUM(F26:F27) -> 7553.43 | H28: =SUM(H26:H27) -> 24602.16

Sheet #9496.00 Timekey Enterprise
A1: ='RECAP #9496.00'!B1 -> DOC NCCF Replace Windows in Education Building
A2: ='RECAP #9496.00'!B2 -> Project # 9496.00
A3: ='RECAP #9496.00'!B3 -> Program code 949600 | D3: ='RECAP #9496.00'!E3 -> Major Program 4E01
A4: Timekey Enterprise | D4: Vendor: 00003220172
A5: Acct. Codes-0017-335-MM26-9255 | D5: RFB949600-01
A6: ='RECAP #9496.00'!B6 -> Project Manager - Jennie E | D6: Activity code: BRUM
A8: Doc # | B8: Date | C8: Activity | D8: Contract & C.O.'s | E8: Contract Total | F8: Payment Amount | G8: Total Paid | H8: Balance | I8: Retainage
A9: PO 33526181916 | B9: 46203 | C9: PO Procore | D9: 226518 | E9: =D9 -> 226518 | H9: =E9 -> 226518 | J9: FY26
A10: PO 33527181916 | B10: 46225 | C10: Roll to FY27 | D10: 0 | E10: =E9+D10 -> 226518 | G10: =G9+F10 -> 0 | H10: =H9-F10+D10 -> 226518
A11: PRC 3352718PA1916 | B11: 46287 | C11: Inv. 9496.00-01 | E11: =E10+D11 -> 226518 | F11: 5071.45 | G11: =G10+F11 -> 5071.45 | H11: =H10-F11+D11 -> 221446.55 | I11: 156.85
E12: =E11+D12 -> 226518 | G12: =G11+F12 -> 5071.45 | H12: =H11-F12+D12 -> 221446.55
E13: =E12+D13 -> 226518 | G13: =G12+F13 -> 5071.45 | H13: =H12-F13+D13 -> 221446.55
E14: =E13+D14 -> 226518 | G14: =G13+F14 -> 5071.45 | H14: =H13-F14+D14 -> 221446.55
E15: =E14+D15 -> 226518 | G15: =G14+F15 -> 5071.45 | H15: =H14-F15+D15 -> 221446.55
E16: =E15+D16 -> 226518 | G16: =G15+F16 -> 5071.45 | H16: =H15-F16+D16 -> 221446.55
E17: =E16+D17 -> 226518 | G17: =G16+F17 -> 5071.45 | H17: =H16-F17+D17 -> 221446.55
E18: =E17+D18 -> 226518 | G18: =G17+F18 -> 5071.45 | H18: =H17-F18+D18 -> 221446.55
E19: =E18+D19 -> 226518 | G19: =G18+F19 -> 5071.45 | H19: =H18-F19+D19 -> 221446.55
E20: =E19+D20 -> 226518 | G20: =G19+F20 -> 5071.45 | H20: =H19-F20+D20 -> 221446.55
E21: =E20+D21 -> 226518 | G21: =G20+F21 -> 5071.45 | H21: =H20-F21+D21 -> 221446.55
C23: Totals: | D23: =SUM(D9:D22) -> 226518 | F23: =SUM(F9:F22) -> 5071.45 | H23: =D23-F23 -> 221446.55

Sheet RECAP #9497.00
B1: HHS IMHI Warehouse Roof Replacement
B2: Project # 9497.00
B3: Program code 949700 | E3: Major Program 4E02
B4: Recap
B5: Acct. Codes-0017-335-MM26 | E5: Close Date:
B6: Project Manager - James T.
C7: TRANSFERS | D7: CONTRACTED | E7: EXPENDED | F7: CONTRACTED, NOT EXPENDED | G7: UNDER(OVER) Budget
B8: Budget | C8: =FINANCIAL!G20 -> 495000
A10: C | B10: Story Construction | D10: ='#9497.00 Story Construction'!D23 -> 25486.51 | E10: ='#9497.00 Story Construction'!F23 -> 25486.51 | F10: ='#9497.00 Story Construction'!H23 -> 0
B11: PM TIME | D11: ='#9497.00 PM TIME'!E37 -> 14000 | E11: ='#9497.00 PM TIME'!G37 -> 13616.65 | F11: ='#9497.00 PM TIME'!I37 -> 383.35
B12: Misc. | D12: ='#9497.00 Misc'!G22 -> 3471.03 | E12: ='#9497.00 Misc'!G22 -> 3471.03 | F12: =D12-E12 -> 0
B13: ECS Midwest, LLC | D13: ='#9497.00 ECS Midwest'!D23 -> 20365 | E13: ='#9497.00 ECS Midwest'!F23 -> 11815 | F13: ='#9497.00 ECS Midwest'!H23 -> 8550
B14: Story Construction (2) | D14: ='#9497.00 Story Construction (2)'!D23 -> 26723.02 | E14: ='#9497.00 Story Construction (2)'!F23 -> 17579.25 | F14: ='#9497.00 Story Construction (2)'!H23 -> 9143.77
B15: Service Roofing | D15: ='#9497.00 Service Roofing'!D23 -> 137100.46 | E15: ='#9497.00 Service Roofing'!F23 -> 0 | F15: ='#9497.00 Service Roofing'!H23 -> 137100.46
B16: Advanced Environmental | D16: ='#9497.00 Advanced Environmental'!D23 -> 7970.52 | E16: ='#9497.00 Advanced Environmental'!F23 -> 0 | F16: ='#9497.00 Advanced Environmental'!H23 -> 7970.52
B18: Total Project Cost | C18: =SUM(C8:C17) -> 495000 | D18: =SUM(D8:D17) -> 235116.54 | E18: =SUM(E8:E17) -> 71968.44 | F18: =SUM(D18-E18) -> 163148.1 | G18: =C8-D18 -> 259883.46

Sheet #9497.00 Story Construction
A1: ='RECAP #9497.00'!B1 -> HHS IMHI Warehouse Roof Replacement
A2: ='RECAP #9497.00'!B2 -> Project # 9497.00
A3: ='RECAP #9497.00'!B3 -> Program code 949700 | D3: ='RECAP #9497.00'!E3 -> Major Program 4E02
A4: Story Construction | D4: Vendor: 00002110695
A5: Acct. Codes-0017-335-MM26-9255 | D5: RFP1821335228-Story11012021
A6: ='RECAP #9497.00'!B6 -> Project Manager - James T. | D6: Activity code: CMGR
A8: Doc # | B8: Date | C8: Activity | D8: Contract & C.O.'s | E8: Contract Total | F8: Payment Amount | G8: Total Paid | H8: Balance
A9: PO 33526288901 | B9: 45945 | C9: PO Procore | D9: 25616.73 | E9: =D9 -> 25616.73 | H9: =E9 -> 25616.73
A10: PRC 3352628PA8901 | B10: 46044 | C10: Inv. 35119 | E10: =E9+D10 -> 25616.73 | F10: 6302.63 | G10: =G9+F10 -> 6302.63 | H10: =H9-F10+D10 -> 19314.1
A11: PRC 3352628PB8901 | B11: 46073 | C11: Inv. 35153 | E11: =E10+D11 -> 25616.73 | F11: 6208.65 | G11: =G10+F11 -> 12511.28 | H11: =H10-F11+D11 -> 13105.45
A12: PRC 3352628PC8901 | B12: 46100 | C12: Inv. 35196 | E12: =E11+D12 -> 25616.73 | F12: 4112.67 | G12: =G11+F12 -> 16623.95 | H12: =H11-F12+D12 -> 8992.78
A13: PRC 3352628PD8901 | B13: 46128 | C13: Inv. 35229 | E13: =E12+D13 -> 25616.73 | F13: 4388.93 | G13: =G12+F13 -> 21012.88 | H13: =H12-F13+D13 -> 4603.85
A14: PRC 3352628PE8901 | B14: 38859 | C14: Inv. 35260 FINAL | D14: -130.22 | E14: =E13+D14 -> 25486.51 | F14: 4473.63 | G14: =G13+F14 -> 25486.51 | H14: =H13-F14+D14 -> -1.563194e-12
E15: =E14+D15 -> 25486.51 | G15: =G14+F15 -> 25486.51 | H15: =H14-F15+D15 -> -1.563194e-12
E16: =E15+D16 -> 25486.51 | G16: =G15+F16 -> 25486.51 | H16: =H15-F16+D16 -> -1.563194e-12
E17: =E16+D17 -> 25486.51 | G17: =G16+F17 -> 25486.51 | H17: =H16-F17+D17 -> -1.563194e-12
E18: =E17+D18 -> 25486.51 | G18: =G17+F18 -> 25486.51 | H18: =H17-F18+D18 -> -1.563194e-12
E19: =E18+D19 -> 25486.51 | G19: =G18+F19 -> 25486.51 | H19: =H18-F19+D19 -> -1.563194e-12
E20: =E19+D20 -> 25486.51 | G20: =G19+F20 -> 25486.51 | H20: =H19-F20+D20 -> -1.563194e-12
E21: =E20+D21 -> 25486.51 | G21: =G20+F21 -> 25486.51 | H21: =H20-F21+D21 -> -1.563194e-12
C23: Totals: | D23: =SUM(D9:D22) -> 25486.51 | F23: =SUM(F9:F22) -> 25486.51 | H23: =D23-F23 -> 0 | I23: FINAL
C26: CM Services | D26: =25259.73-11.22 -> 25248.51 | F26: =6302.63+6089.65+4112.67+4388.93+4354.63 -> 25248.51 | H26: =D26-F26 -> 0
C27: Reimbursables | D27: =357-119 -> 238 | F27: =119+119 -> 238 | H27: =D27-F27 -> 0
C28: Total: | D28: =SUM(D26:D27) -> 25486.51 | F28: =SUM(F26:F27) -> 25486.51 | H28: =SUM(H26:H27) -> 0

Sheet #9497.00 PM TIME
A1: ='RECAP #9497.00'!B1 -> HHS IMHI Warehouse Roof Replacement
A2: ='RECAP #9497.00'!B2 -> Project # 9497.00
A3: ='RECAP #9497.00'!B3 -> Program code 949700 | E3: ='RECAP #9497.00'!E3 -> Major Program 4E02
A4: PM TIME | E4: Internal documents
A6: Acct. Codes-0017-335-MM26-xxxx | E6: eDAS 734M
A7: ='RECAP #9497.00'!B6 -> Project Manager - James T.
A8: Doc # | B8: Date | C8: Object Code | D8: Activity Code | E8: Contract & C.O.'s | F8: Contract Total | G8: Payment Amount | H8: Total Paid | I8: Balance
D9: Budget amount | E9: =10000+4000 -> 14000 | F9: =E9 -> 14000 | I9: =F9 -> 14000
A10: IET DAS202604115300001 | B10: 45968 | C10: 2507 | D10: Finance Support for October 01-31, 2025 | F10: =F9+E10 -> 14000 | G10: 78.78 | H10: =H9+G10 -> 78.78 | I10: =I9-G10+E10 -> 13921.22
A11: IET DAS202604115300001 | B11: 45968 | C11: 9500 | D11: DAS Support for October 01-31, 2025 | F11: =F10+E11 -> 14000 | G11: 779.9 | H11: =H10+G11 -> 858.68 | I11: =I10-G11+E11 -> 13141.32
A12: IET DAS202605115300001 | B12: 45996 | C12: 2507 | D12: Finance Support for November 1-30, 2025 | F12: =F11+E12 -> 14000 | G12: 81.07 | H12: =H11+G12 -> 939.75 | I12: =I11-G12+E12 -> 13060.25
A13: IET DAS202605115300001 | B13: 45996 | C13: 9500 | D13: DAS Support for November 1-30, 2025 | F13: =F12+E13 -> 14000 | G13: 516.2 | H13: =H12+G13 -> 1455.95 | I13: =I12-G13+E13 -> 12544.05
A14: IET DAS202606115300001 | B14: 46030 | C14: 2507 | D14: Finance Support for December 1-31, 2025 | F14: =F13+E14 -> 14000 | G14: 191.99 | H14: =H13+G14 -> 1647.94 | I14: =I13-G14+E14 -> 12352.06
A15: IET DAS202606115300001 | B15: 46030 | C15: 9500 | D15: DAS Support for December 1-31, 2025 | F15: =F14+E15 -> 14000 | G15: 2175.5 | H15: =H14+G15 -> 3823.44 | I15: =I14-G15+E15 -> 10176.56
A16: IET DAS202607115300001 | B16: 46062 | C16: 2507 | D16: Finance Support for January 1-31, 2026 | F16: =F15+E16 -> 14000 | G16: 71.12 | H16: =H15+G16 -> 3894.56 | I16: =I15-G16+E16 -> 10105.44
A17: IET DAS202607115300001 | B17: 46062 | C17: 9500 | D17: DAS Support for January 1-31, 2026 | F17: =F16+E17 -> 14000 | G17: 885.2 | H17: =H16+G17 -> 4779.76 | I17: =I16-G17+E17 -> 9220.24
A18: IET DAS202608115300001 | B18: 46090 | C18: 2507 | D18: Finance Support for February 1-28, 2026 | F18: =F17+E18 -> 14000 | G18: 54.18 | H18: =H17+G18 -> 4833.94 | I18: =I17-G18+E18 -> 9166.06
A19: IET DAS202608115300001 | B19: 46090 | C19: 9500 | D19: DAS Support for February 1-28, 2026 | F19: =F18+E19 -> 14000 | G19: 623.3 | H19: =H18+G19 -> 5457.24 | I19: =I18-G19+E19 -> 8542.76
A20: IET DAS202609115300001 | B20: 46118 | C20: 2507 | D20: Finance Support for March 01-31, 2026 | F20: =F19+E20 -> 14000 | G20: 142.81 | H20: =H19+G20 -> 5600.05 | I20: =I19-G20+E20 -> 8399.95
A21: IET DAS202609115300001 | B21: 46118 | C21: 9500 | D21: DAS Support for March 01-31, 2026 | F21: =F20+E21 -> 14000 | G21: 1164.4 | H21: =H20+G21 -> 6764.45 | I21: =I20-G21+E21 -> 7235.55
A22: IET DAS202610115300001 | B22: 46149 | C22: 2507 | D22: Finance Support for April 01-30, 2026 | F22: =F21+E22 -> 14000 | G22: 184.6 | H22: =H21+G22 -> 6949.05 | I22: =I21-G22+E22 -> 7050.95
A23: IET DAS202610115300001 | B23: 46149 | C23: 9500 | D23: DAS Support for April 01-30, 2026 | F23: =F22+E23 -> 14000 | G23: 1922.8 | H23: =H22+G23 -> 8871.85 | I23: =I22-G23+E23 -> 5128.15
A24: IET DAS202611115300001 | B24: 46181 | C24: 2507 | D24: Finance Support for May 01-31, 2026 | F24: =F23+E24 -> 14000 | G24: 63.47 | H24: =H23+G24 -> 8935.32 | I24: =I23-G24+E24 -> 5064.68
A25: IET DAS202611115300001 | B25: 46181 | C25: 9500 | D25: DAS Support for May 01-31, 2026 | F25: =F24+E25 -> 14000 | G25: 771.3 | H25: =H24+G25 -> 9706.62 | I25: =I24-G25+E25 -> 4293.38
A26: IET DAS202612115300001 | B26: 46211 | C26: 2507 | D26: Finance Support for June 01-30, 2026 | F26: =F25+E26 -> 14000 | G26: 141.37 | H26: =H25+G26 -> 9847.99 | I26: =I25-G26+E26 -> 4152.01
A27: IET DAS202612115300001 | B27: 46211 | C27: 9500 | D27: DAS Support for June 01-30, 2026 | F27: =F26+E27 -> 14000 | G27: 1625.2 | H27: =H26+G27 -> 11473.19 | I27: =I26-G27+E27 -> 2526.81
A28: IET DAS202613115300001 | B28: 46218 | C28: 2507 | D28: Finance Support for June 01-30, 2026 (Period 13) | F28: =F27+E28 -> 14000 | G28: 56.02 | H28: =H27+G28 -> 11529.21 | I28: =I27-G28+E28 -> 2470.79
A29: IET DAS202701115300001 | B29: 46241 | C29: 2507 | D29: Finance Support for July 01-31, 2026 | F29: =F28+E29 -> 14000 | G29: 96.57 | H29: =H28+G29 -> 11625.78 | I29: =I28-G29+E29 -> 2374.22
A30: IET DAS202701115300001 | B30: 46241 | C30: 9500 | D30: DAS Support for July 01-31, 2026 | F30: =F29+E30 -> 14000 | G30: 1036.6 | H30: =H29+G30 -> 12662.38 | I30: =I29-G30+E30 -> 1337.62
A31: IET DAS202702115300001 | B31: 46272 | C31: 2507 | D31: Finance Support for August 01-31, 2026 | F31: =F30+E31 -> 14000 | G31: 88.77 | H31: =H30+G31 -> 12751.15 | I31: =I30-G31+E31 -> 1248.85
A32: IET DAS202702115300001 | B32: 46272 | C32: 9500 | D32: DAS Support for August 01-31, 2026 | F32: =F31+E32 -> 14000 | G32: 865.5 | H32: =H31+G32 -> 13616.65 | I32: =I31-G32+E32 -> 383.35
F33: =F32+E33 -> 14000 | H33: =H32+G33 -> 13616.65 | I33: =I32-G33+E33 -> 383.35
F34: =F33+E34 -> 14000 | H34: =H33+G34 -> 13616.65 | I34: =I33-G34+E34 -> 383.35
F35: =F34+E35 -> 14000 | H35: =H34+G35 -> 13616.65 | I35: =I34-G35+E35 -> 383.35
D37: Totals: | E37: =SUM(E9:E36) -> 14000 | G37: =SUM(G9:G36) -> 13616.65 | I37: =E37-G37 -> 383.35

Sheet #9497.00 Misc
A1: ='RECAP #9497.00'!B1 -> HHS IMHI Warehouse Roof Replacement
A2: ='RECAP #9497.00'!B2 -> Project # 9497.00
A3: ='RECAP #9497.00'!B3 -> Program code 949700 | E3: ='RECAP #9497.00'!E3 -> Major Program 4E02
A4: Misc
E5: Do not code PM, EADOC, or Builders Risk here
A6: Acct. Codes-0017-335-MM26-xxxx | E6: Shipping Code: 556
A7: ='RECAP #9497.00'!B6 -> Project Manager - James T.
A8: Doc # | B8: Date | C8: Object Code | D8: Activity Code | E8: Activity | F8: Invoice | G8: Payment Amount | H8: Total Paid
A9: PRC 33526014910 | B9: 46036 | C9: 9500 | D9: CNST | E9: Advanced Environmental V#(00002125877) | F9: Inv. 12418 | G9: 1600 | H9: =G9 -> 1600
A10: PRC 33526022905 | B10: 46044 | C10: 9500 | D10: CNST | E10: Rapids Reproductions V#(00002111375) | F10: Inv. INVCL2444 | G10: 317.35 | H10: =H9+G10 -> 1917.35
A11: PRC 33526079901 | B11: 46101 | C11: 9500 | D11: CNST | E11: Advanced Environmental V#(00002125877) | F11: Inv. 12622 | G11: 1300 | H11: =H10+G11 -> 3217.35
A12: PRC 33526126914 | B12: 46148 | C12: 9500 | D12: CNST | E12: Rapids Reproductions V#(00002111375) | F12: Inv. INVCL2781 | G12: 253.68 | H12: =H11+G12 -> 3471.03
H13: =H12+G13 -> 3471.03
H14: =H13+G14 -> 3471.03
H15: =H14+G15 -> 3471.03
H16: =H15+G16 -> 3471.03
H17: =H16+G17 -> 3471.03
H18: =H17+G18 -> 3471.03
H19: =H18+G19 -> 3471.03
H20: =H19+G20 -> 3471.03
E22: Totals: | G22: =SUM(G9:G21) -> 3471.03

Sheet #9497.00 ECS Midwest
A1: ='RECAP #9497.00'!B1 -> HHS IMHI Warehouse Roof Replacement
A2: ='RECAP #9497.00'!B2 -> Project # 9497.00
A3: ='RECAP #9497.00'!B3 -> Program code 949700 | D3: ='RECAP #9497.00'!E3 -> Major Program 4E02
A4: ECS Midwest | D4: Vendor: 00003234598
A5: Acct. Codes-0017-335-MM26-9260 | D5: 949700-01
A6: ='RECAP #9497.00'!B6 -> Project Manager - James T. | D6: Activity code: DSGN
A8: Doc # | B8: Date | C8: Activity | D8: Contract & C.O.'s | E8: Contract Total | F8: Payment Amount | G8: Total Paid | H8: Balance
A9: PO 33526020905 | B9: 46042 | C9: PO Procore | D9: 20365 | E9: =D9 -> 20365 | H9: =E9 -> 20365
A10: PRC 3352602PA0905 | B10: 46085 | C10: Inv. 2133019 | E10: =E9+D10 -> 20365 | F10: 4100 | G10: =G9+F10 -> 4100 | H10: =H9-F10+D10 -> 16265
A11: PRC 3352602PB0905 | B11: 46100 | C11: Inv. 2141568 | E11: =E10+D11 -> 20365 | F11: 3200 | G11: =G10+F11 -> 7300 | H11: =H10-F11+D11 -> 13065
A12: PRC 3352602PC0905 | B12: 46128 | C12: Inv. 2146813 | E12: =E11+D12 -> 20365 | F12: 1865 | G12: =G11+F12 -> 9165 | H12: =H11-F12+D12 -> 11200
A13: PRC 3352602PD0905 | B13: 46162 | C13: Inv. 2156238 | E13: =E12+D13 -> 20365 | F13: 2100 | G13: =G12+F13 -> 11265 | H13: =H12-F13+D13 -> 9100
A14: PRC 3352602PE0905 | B14: 46216 | C14: Inv. 2175269 | E14: =E13+D14 -> 20365 | F14: 550 | G14: =G13+F14 -> 11815 | H14: =H13-F14+D14 -> 8550 | I14: FY26
A15: PO 33527020905 | B15: 46225 | C15: Roll to FY27 | D15: 0 | E15: =E14+D15 -> 20365 | G15: =G14+F15 -> 11815 | H15: =H14-F15+D15 -> 8550
E16: =E15+D16 -> 20365 | G16: =G15+F16 -> 11815 | H16: =H15-F16+D16 -> 8550
E17: =E16+D17 -> 20365 | G17: =G16+F17 -> 11815 | H17: =H16-F17+D17 -> 8550
E18: =E17+D18 -> 20365 | G18: =G17+F18 -> 11815 | H18: =H17-F18+D18 -> 8550
E19: =E18+D19 -> 20365 | G19: =G18+F19 -> 11815 | H19: =H18-F19+D19 -> 8550
E20: =E19+D20 -> 20365 | G20: =G19+F20 -> 11815 | H20: =H19-F20+D20 -> 8550
E21: =E20+D21 -> 20365 | G21: =G20+F21 -> 11815 | H21: =H20-F21+D21 -> 8550
C23: Totals: | D23: =SUM(D9:D22) -> 20365 | F23: =SUM(F9:F22) -> 11815 | H23: =D23-F23 -> 8550
C26: CM Services | D26: 9165 | F26: =4100+3200+1865 -> 9165 | H26: =D26-F26 -> 0
C27: Bid/Negotiation Phase | D27: 2100 | F27: =2100 -> 2100 | H27: =D27-F27 -> 0
C28: Construction Phase | D28: 9100 | F28: =550 -> 550 | H28: =D28-F28 -> 8550
C29: Total: | D29: =SUM(D26:D28) -> 20365 | F29: =SUM(F26:F28) -> 11815 | H29: =SUM(H26:H28) -> 8550

Sheet #9497.00 Story Construction (2)
A1: ='RECAP #9497.00'!B1 -> HHS IMHI Warehouse Roof Replacement
A2: ='RECAP #9497.00'!B2 -> Project # 9497.00
A3: ='RECAP #9497.00'!B3 -> Program code 949700 | D3: ='RECAP #9497.00'!E3 -> Major Program 4E02
A4: Story Construction (2) | D4: Vendor: 00002110695
A5: Acct. Codes-0017-335-MM26-9255 | D5: RFP1821335228-Story11012021
A6: ='RECAP #9497.00'!B6 -> Project Manager - James T. | D6: Activity code: CMGR
A8: Doc # | B8: Date | C8: Activity | D8: Contract & C.O.'s | E8: Contract Total | F8: Payment Amount | G8: Total Paid | H8: Balance
A9: PO 33526120910 | B9: 46142 | C9: PO Procore | D9: 26723.02 | E9: =D9 -> 26723.02 | H9: =E9 -> 26723.02
A10: PRC 3352612PA0910 | B10: 46190 | C10: Inv. 35297 | E10: =E9+D10 -> 26723.02 | F10: 5258.03 | G10: =G9+F10 -> 5258.03 | H10: =H9-F10+D10 -> 21464.99
A11: PRC 3352612PB0910 | B11: 46218 | C11: Inv. 35340 | E11: =E10+D11 -> 26723.02 | F11: 5489.77 | G11: =G10+F11 -> 10747.8 | H11: =H10-F11+D11 -> 15975.22 | I11: FY26
A12: PO 33527120910 | B12: 46225 | C12: Roll to FY27 | D12: 0 | E12: =E11+D12 -> 26723.02 | G12: =G11+F12 -> 10747.8 | H12: =H11-F12+D12 -> 15975.22
A13: PRC 3352712PC0910 | B13: 46286 | C13: Inv. 35428 | E13: =E12+D13 -> 26723.02 | F13: 6831.45 | G13: =G12+F13 -> 17579.25 | H13: =H12-F13+D13 -> 9143.77
E14: =E13+D14 -> 26723.02 | G14: =G13+F14 -> 17579.25 | H14: =H13-F14+D14 -> 9143.77
E15: =E14+D15 -> 26723.02 | G15: =G14+F15 -> 17579.25 | H15: =H14-F15+D15 -> 9143.77
E16: =E15+D16 -> 26723.02 | G16: =G15+F16 -> 17579.25 | H16: =H15-F16+D16 -> 9143.77
E17: =E16+D17 -> 26723.02 | G17: =G16+F17 -> 17579.25 | H17: =H16-F17+D17 -> 9143.77
E18: =E17+D18 -> 26723.02 | G18: =G17+F18 -> 17579.25 | H18: =H17-F18+D18 -> 9143.77
E19: =E18+D19 -> 26723.02 | G19: =G18+F19 -> 17579.25 | H19: =H18-F19+D19 -> 9143.77
E20: =E19+D20 -> 26723.02 | G20: =G19+F20 -> 17579.25 | H20: =H19-F20+D20 -> 9143.77
E21: =E20+D21 -> 26723.02 | G21: =G20+F21 -> 17579.25 | H21: =H20-F21+D21 -> 9143.77
C23: Totals: | D23: =SUM(D9:D22) -> 26723.02 | F23: =SUM(F9:F22) -> 17579.25 | H23: =D23-F23 -> 9143.77
C26: CM Services | D26: 26366.02 | F26: =5258.03+5489.77+6712.45 -> 17460.25 | H26: =D26-F26 -> 8905.77
C27: Reimbursables | D27: 357 | F27: =119 -> 119 | H27: =D27-F27 -> 238
C28: Total: | D28: =SUM(D26:D27) -> 26723.02 | F28: =SUM(F26:F27) -> 17579.25 | H28: =SUM(H26:H27) -> 9143.77

Sheet #9497.00 Service Roofing
A1: ='RECAP #9497.00'!B1 -> HHS IMHI Warehouse Roof Replacement
A2: ='RECAP #9497.00'!B2 -> Project # 9497.00
A3: ='RECAP #9497.00'!B3 -> Program code 949700 | D3: ='RECAP #9497.00'!E3 -> Major Program 4E02
A4: Service Roofing | D4: Vendor: 00003226751
A5: Acct. Codes-0017-335-MM26-9255 | D5: RFB949700-01
A6: ='RECAP #9497.00'!B6 -> Project Manager - James T. | D6: Activity code: BRUM
A8: Doc # | B8: Date | C8: Activity | D8: Contract & C.O.'s | E8: Contract Total | F8: Payment Amount | G8: Total Paid | H8: Balance
A9: PO 33526140915 | B9: 46162 | C9: PO Procore | D9: 137100.46 | E9: =D9 -> 137100.46 | H9: =E9 -> 137100.46 | I9: FY26
A10: PO 33527140915 | B10: 46225 | C10: Roll to FY27 | D10: 0 | E10: =E9+D10 -> 137100.46 | G10: =G9+F10 -> 0 | H10: =H9-F10+D10 -> 137100.46
E11: =E10+D11 -> 137100.46 | G11: =G10+F11 -> 0 | H11: =H10-F11+D11 -> 137100.46
E12: =E11+D12 -> 137100.46 | G12: =G11+F12 -> 0 | H12: =H11-F12+D12 -> 137100.46
E13: =E12+D13 -> 137100.46 | G13: =G12+F13 -> 0 | H13: =H12-F13+D13 -> 137100.46
E14: =E13+D14 -> 137100.46 | G14: =G13+F14 -> 0 | H14: =H13-F14+D14 -> 137100.46
E15: =E14+D15 -> 137100.46 | G15: =G14+F15 -> 0 | H15: =H14-F15+D15 -> 137100.46
E16: =E15+D16 -> 137100.46 | G16: =G15+F16 -> 0 | H16: =H15-F16+D16 -> 137100.46
E17: =E16+D17 -> 137100.46 | G17: =G16+F17 -> 0 | H17: =H16-F17+D17 -> 137100.46
E18: =E17+D18 -> 137100.46 | G18: =G17+F18 -> 0 | H18: =H17-F18+D18 -> 137100.46
E19: =E18+D19 -> 137100.46 | G19: =G18+F19 -> 0 | H19: =H18-F19+D19 -> 137100.46
E20: =E19+D20 -> 137100.46 | G20: =G19+F20 -> 0 | H20: =H19-F20+D20 -> 137100.46
E21: =E20+D21 -> 137100.46 | G21: =G20+F21 -> 0 | H21: =H20-F21+D21 -> 137100.46
C23: Totals: | D23: =SUM(D9:D22) -> 137100.46 | F23: =SUM(F9:F22) -> 0 | H23: =D23-F23 -> 137100.46

Sheet #9497.00 Advanced Environmental
A1: ='RECAP #9497.00'!B1 -> HHS IMHI Warehouse Roof Replacement
A2: ='RECAP #9497.00'!B2 -> Project # 9497.00
A3: ='RECAP #9497.00'!B3 -> Program code 949700 | D3: ='RECAP #9497.00'!E3 -> Major Program 4E02
A4: Advanced Environmental | D4: Vendor: 00002125877
A5: Acct. Codes-0017-335-MM26-9255 | D5: MA21063C
A6: ='RECAP #9497.00'!B6 -> Project Manager - James T. | D6: Activity code: BRUM
A8: Doc # | B8: Date | C8: Activity | D8: Contract & C.O.'s | E8: Contract Total | F8: Payment Amount | G8: Total Paid | H8: Balance
A9: PO 33526176910 | B9: 46198 | C9: PO Procore | D9: 7970.52 | E9: =D9 -> 7970.52 | H9: =E9 -> 7970.52 | I9: FY26
A10: PO 33527176910 | B10: 46225 | C10: Roll to FY27 | D10: 0 | E10: =E9+D10 -> 7970.52 | G10: =G9+F10 -> 0 | H10: =H9-F10+D10 -> 7970.52
E11: =E10+D11 -> 7970.52 | G11: =G10+F11 -> 0 | H11: =H10-F11+D11 -> 7970.52
E12: =E11+D12 -> 7970.52 | G12: =G11+F12 -> 0 | H12: =H11-F12+D12 -> 7970.52
E13: =E12+D13 -> 7970.52 | G13: =G12+F13 -> 0 | H13: =H12-F13+D13 -> 7970.52
E14: =E13+D14 -> 7970.52 | G14: =G13+F14 -> 0 | H14: =H13-F14+D14 -> 7970.52
E15: =E14+D15 -> 7970.52 | G15: =G14+F15 -> 0 | H15: =H14-F15+D15 -> 7970.52
E16: =E15+D16 -> 7970.52 | G16: =G15+F16 -> 0 | H16: =H15-F16+D16 -> 7970.52
E17: =E16+D17 -> 7970.52 | G17: =G16+F17 -> 0 | H17: =H16-F17+D17 -> 7970.52
E18: =E17+D18 -> 7970.52 | G18: =G17+F18 -> 0 | H18: =H17-F18+D18 -> 7970.52
E19: =E18+D19 -> 7970.52 | G19: =G18+F19 -> 0 | H19: =H18-F19+D19 -> 7970.52
E20: =E19+D20 -> 7970.52 | G20: =G19+F20 -> 0 | H20: =H19-F20+D20 -> 7970.52
E21: =E20+D21 -> 7970.52 | G21: =G20+F21 -> 0 | H21: =H20-F21+D21 -> 7970.52
C23: Totals: | D23: =SUM(D9:D22) -> 7970.52 | F23: =SUM(F9:F22) -> 0 | H23: =D23-F23 -> 7970.52
C26: Asbestos Abatement Services Line 1 | D26: 6388.2 | H26: =D26-F26 -> 6388.2
C27: Abatement & Remediation Line 7 | D27: 700 | H27: =D27-F27 -> 700
C28: Asbestos Abatement Services Line 11 | D28: 400 | H28: =D28-F28 -> 400
C29: Travel Expenses Line 12 | D29: 482.32 | H29: =D29-F29 -> 482.32
C30: Total: | D30: =SUM(D26:D29) -> 7970.52 | F30: =SUM(F26:F29) -> 0 | H30: =SUM(H26:H29) -> 7970.52

Sheet RECAP #9498.00
B1: DAS TH Parking Lot Retaining Wall Repairs
B2: Project # 9498.00
B3: Program code 949800 | E3: Major Program 4D04
B4: Recap
B5: Acct. Codes-0017-335-MM26 | E5: Closing Date:
B6: Project Manager - James T.
C7: TRANSFERS | D7: CONTRACTED | E7: EXPENDED | F7: CONTRACTED, NOT EXPENDED | G7: UNDER(OVER) Budget
B8: Budget | C8: =FINANCIAL!G21 -> 235000
A10: C | B10: DCI Group | D10: ='#9498.00 DCI Group'!D26 -> 36109.47 | E10: ='#9498.00 DCI Group'!F26 -> 36109.47 | F10: ='#9498.00 DCI Group'!H26 -> 0
B11: PM TIME | D11: ='#9498.00 PM TIME'!E39 -> 16000 | E11: ='#9498.00 PM TIME'!G39 -> 12453.96 | F11: ='#9498.00 PM TIME'!I39 -> 3546.04
B12: Misc. | D12: ='#9498.00 Misc'!G22 -> 342.5 | E12: ='#9498.00 Misc'!G22 -> 342.5 | F12: =D12-E12 -> 0
B13: OPN Architects | D13: ='#9498.00 OPN Architects'!D23 -> 27466 | E13: ='#9498.00 OPN Architects'!F23 -> 18077.91 | F13: ='#9498.00 OPN Architects'!H23 -> 9388.09
B14: MB Lawn Care | D14: ='#9498.00 MB Lawn Care'!D23 -> 4630 | E14: ='#9498.00 MB Lawn Care'!F23 -> 0 | F14: ='#9498.00 MB Lawn Care'!H23 -> 4630
B15: DCI Group (2) | D15: ='#9498.00 DCI Group (2)'!D23 -> 46632.54 | E15: ='#9498.00 DCI Group (2)'!F23 -> 3291.65 | F15: ='#9498.00 DCI Group (2)'!H23 -> 43340.89
B16: Concrete Connections | D16: ='#9498.00 Concrete Connections'!D23 -> 87870 | E16: ='#9498.00 Concrete Connections'!F23 -> 0 | F16: ='#9498.00 Concrete Connections'!H23 -> 87870
B18: Total Project Cost | C18: =SUM(C8:C17) -> 235000 | D18: =SUM(D8:D17) -> 219050.51 | E18: =SUM(E8:E17) -> 70275.49 | F18: =SUM(D18-E18) -> 148775.02 | G18: =C8-D18 -> 15949.49

Sheet #9498.00 DCI Group
A1: ='RECAP #9498.00'!B1 -> DAS TH Parking Lot Retaining Wall Repairs
A2: ='RECAP #9498.00'!B2 -> Project # 9498.00
A3: ='RECAP #9498.00'!B3 -> Program code 949800 | D3: ='RECAP #9498.00'!E3 -> Major Program 4D04
A4: DCI Group | D4: Vendor: 00003025029
A5: Acct. Codes-0017-335-MM26-9255 | D5: RFP181335228-DCI11012021
A6: ='RECAP #9498.00'!B6 -> Project Manager - James T. | D6: Activity code: CMGR
A8: Doc # | B8: Date | C8: Activity | D8: Contract & C.O.'s | E8: Contract Total | F8: Payment Amount | G8: Total Paid | H8: Balance
A9: PO 33526301907 | B9: 45958 | C9: PO Procore | D9: 10713.54 | E9: =D9 -> 10713.54 | H9: =E9 -> 10713.54
A10: PRC 3352630PA1907 | B10: 45982 | C10: Inv. 9498.00 PC 01 | E10: =E9+D10 -> 10713.54 | F10: 523.41 | G10: =G9+F10 -> 523.41 | H10: =H9-F10+D10 -> 10190.13
A11: PRC 3352630PB1907 | B11: 46020 | C11: Inv. 9498.00 PC 02 | E11: =E10+D11 -> 10713.54 | F11: 1483 | G11: =G10+F11 -> 2006.41 | H11: =H10-F11+D11 -> 8707.13
A12: PRC 3352630PC1907 | B12: 46045 | C12: Inv. 9498.00 PC 03 | E12: =E11+D12 -> 10713.54 | F12: 436.18 | G12: =G11+F12 -> 2442.59 | H12: =H11-F12+D12 -> 8270.95
A13: PO 33526301907 | B13: 46050 | C13: CO #1 | D13: 10000 | E13: =E12+D13 -> 20713.54 | G13: =G12+F13 -> 2442.59 | H13: =H12-F13+D13 -> 18270.95
A14: PRC 3352630PD1907 | B14: 46069 | C14: Inv. 9498.00 PC 04 | E14: =E13+D14 -> 20713.54 | F14: 1226.03 | G14: =G13+F14 -> 3668.62 | H14: =H13-F14+D14 -> 17044.92
A15: PRC 3352630PE1907 | B15: 46105 | C15: Inv. 9498.00 PC 06 | E15: =E14+D15 -> 20713.54 | F15: 4667.47 | G15: =G14+F15 -> 8336.09 | H15: =H14-F15+D15 -> 12377.45
A16: PRC 3352630PF1907 | B16: 46135 | C16: Inv. 9498.00 PC 06A | E16: =E15+D16 -> 20713.54 | F16: 8768.96 | G16: =G15+F16 -> 17105.05 | H16: =H15-F16+D16 -> 3608.49
A17: PO 33526301907 | B17: 46139 | C17: CO #2 | D17: 8560 | E17: =E16+D17 -> 29273.54 | G17: =G16+F17 -> 17105.05 | H17: =H16-F17+D17 -> 12168.49
A18: PRC 3352630PG1907 | B18: 46154 | C18: Inv. 9498.00 PC #07 | E18: =E17+D18 -> 29273.54 | F18: 10584.44 | G18: =G17+F18 -> 27689.49 | H18: =H17-F18+D18 -> 1584.05
A19: PO 33526301907 | B19: 46181 | C19: CO #3 | D19: 7819.69 | E19: =E18+D19 -> 37093.23 | G19: =G18+F19 -> 27689.49 | H19: =H18-F19+D19 -> 9403.74
A20: PRC 3352630PH1907 | B20: 46182 | C20: Inv. 9498.00 PC #08 | E20: =E19+D20 -> 37093.23 | F20: 1046.82 | G20: =G19+F20 -> 28736.31 | H20: =H19-F20+D20 -> 8356.92
A21: PRC 3352630PI1907 | B21: 46216 | C21: Inv. 9498.00 PC 09 | E21: =E20+D21 -> 37093.23 | F21: 3252.37 | G21: =G20+F21 -> 31988.68 | H21: =H20-F21+D21 -> 5104.55 | I21: FY26
A22: PO 33527301907 | B22: 46225 | C22: Roll to FY27 | D22: 0 | E22: =E21+D22 -> 37093.23 | G22: =G21+F22 -> 31988.68 | H22: =H21-F22+D22 -> 5104.55
A23: PRC 3352730PJ1907 | B23: 46246 | C23: Inv. 9498.00 PC 10 FINAL | D23: -983.76 | E23: =E22+D23 -> 36109.47 | F23: 4120.79 | G23: =G22+F23 -> 36109.47 | H23: =H22-F23+D23 -> 2.0463631e-12
E24: =E23+D24 -> 36109.47 | G24: =G23+F24 -> 36109.47 | H24: =H23-F24+D24 -> 2.0463631e-12
C26: Totals: | D26: =SUM(D9:D25) -> 36109.47 | F26: =SUM(F9:F25) -> 36109.47 | H26: =D26-F26 -> 0 | I26: FINAL

Sheet #9498.00 PM TIME
A1: ='RECAP #9498.00'!B1 -> DAS TH Parking Lot Retaining Wall Repairs
A2: ='RECAP #9498.00'!B2 -> Project # 9498.00
A3: ='RECAP #9498.00'!B3 -> Program code 949800 | E3: ='RECAP #9498.00'!E3 -> Major Program 4D04
A4: PM TIME | E4: Internal documents
A6: Acct. Codes-0017-335-MM26-xxxx | E6: eDAS 734N
A7: ='RECAP #9498.00'!B6 -> Project Manager - James T.
A8: Doc # | B8: Date | C8: Object Code | D8: Activity Code | E8: Contract & C.O.'s | F8: Contract Total | G8: Payment Amount | H8: Total Paid | I8: Balance
D9: Budget amount | E9: =7000+2000+7000 -> 16000 | F9: =E9 -> 16000 | I9: =F9 -> 16000
A10: IET DAS202603115300001 | B10: 45937 | C10: 2507 | D10: Finance Support for September 01-30, 2025 | F10: =F9+E10 -> 16000 | G10: 38.8 | H10: =H9+G10 -> 38.8 | I10: =I9-G10+E10 -> 15961.2
A11: IET DAS202603115300001 | B11: 45937 | C11: 9500 | D11: DAS Support for September 01-30, 2025 | F11: =F10+E11 -> 16000 | G11: 199.7 | H11: =H10+G11 -> 238.5 | I11: =I10-G11+E11 -> 15761.5
A12: IET DAS202604115300001 | B12: 45968 | C12: 2507 | D12: Finance Support for October 01-31, 2025 | F12: =F11+E12 -> 16000 | G12: 63.69 | H12: =H11+G12 -> 302.19 | I12: =I11-G12+E12 -> 15697.81
A13: IET DAS202604115300001 | B13: 45968 | C13: 9500 | D13: DAS Support for October 01-31, 2025 | F13: =F12+E13 -> 16000 | G13: 632.8 | H13: =H12+G13 -> 934.99 | I13: =I12-G13+E13 -> 15065.01
A14: IET DAS202605115300001 | B14: 45996 | C14: 2507 | D14: Finance Support for November 1-30, 2025 | F14: =F13+E14 -> 16000 | G14: 149.15 | H14: =H13+G14 -> 1084.14 | I14: =I13-G14+E14 -> 14915.86
A15: IET DAS202605115300001 | B15: 45996 | C15: 9500 | D15: DAS Support for November 1-30, 2025 | F15: =F14+E15 -> 16000 | G15: 948.7 | H15: =H14+G15 -> 2032.84 | I15: =I14-G15+E15 -> 13967.16
A16: IET DAS202606115300001 | B16: 46030 | C16: 2507 | D16: Finance Support for December 1-31, 2025 | F16: =F15+E16 -> 16000 | G16: 83.48 | H16: =H15+G16 -> 2116.32 | I16: =I15-G16+E16 -> 13883.68
A17: IET DAS202606115300001 | B17: 46030 | C17: 9500 | D17: DAS Support for December 1-31, 2025 | F17: =F16+E17 -> 16000 | G17: 949.7 | H17: =H16+G17 -> 3066.02 | I17: =I16-G17+E17 -> 12933.98
A18: IET DAS202607115300001 | B18: 46062 | C18: 2507 | D18: Finance Support for January 1-31, 2026 | F18: =F17+E18 -> 16000 | G18: 66.16 | H18: =H17+G18 -> 3132.18 | I18: =I17-G18+E18 -> 12867.82
A19: IET DAS202607115300001 | B19: 46062 | C19: 9500 | D19: DAS Support for January 1-31, 2026 | F19: =F18+E19 -> 16000 | G19: 822.9 | H19: =H18+G19 -> 3955.08 | I19: =I18-G19+E19 -> 12044.92
A20: IET DAS202608115300001 | B20: 46090 | C20: 2507 | D20: Finance Support for February 1-28, 2026 | F20: =F19+E20 -> 16000 | G20: 62.46 | H20: =H19+G20 -> 4017.54 | I20: =I19-G20+E20 -> 11982.46
A21: IET DAS202608115300001 | B21: 46090 | C21: 9500 | D21: DAS Support for February 1-28, 2026 | F21: =F20+E21 -> 16000 | G21: 720.6 | H21: =H20+G21 -> 4738.14 | I21: =I20-G21+E21 -> 11261.86
A22: IET DAS202609115300001 | B22: 46118 | C22: 2507 | D22: Finance Support for March 01-31, 2026 | F22: =F21+E22 -> 16000 | G22: 92.7 | H22: =H21+G22 -> 4830.84 | I22: =I21-G22+E22 -> 11169.16
A23: IET DAS202609115300001 | B23: 46118 | C23: 9500 | D23: DAS Support for March 01-31, 2026 | F23: =F22+E23 -> 16000 | G23: 754.4 | H23: =H22+G23 -> 5585.24 | I23: =I22-G23+E23 -> 10414.76
A24: IET DAS202610115300001 | B24: 46149 | C24: 2507 | D24: Finance Support for April 01-30, 2026 | F24: =F23+E24 -> 16000 | G24: 99.91 | H24: =H23+G24 -> 5685.15 | I24: =I23-G24+E24 -> 10314.85
A25: IET DAS202610115300001 | B25: 46149 | C25: 9500 | D25: DAS Support for April 01-30, 2026 | F25: =F24+E25 -> 16000 | G25: 1042.9 | H25: =H24+G25 -> 6728.05 | I25: =I24-G25+E25 -> 9271.95
A26: IET DAS202611115300001 | B26: 46181 | C26: 2507 | D26: Finance Support for May 01-31, 2026 | F26: =F25+E26 -> 16000 | G26: 60.61 | H26: =H25+G26 -> 6788.66 | I26: =I25-G26+E26 -> 9211.34
A27: IET DAS202611115300001 | B27: 46181 | C27: 9500 | D27: DAS Support for May 01-31, 2026 | F27: =F26+E27 -> 16000 | G27: 747.8 | H27: =H26+G27 -> 7536.46 | I27: =I26-G27+E27 -> 8463.54
A28: IET DAS202612115300001 | B28: 46211 | C28: 2507 | D28: Finance Support for June 01-30, 2026 | F28: =F27+E28 -> 16000 | G28: 105.19 | H28: =H27+G28 -> 7641.65 | I28: =I27-G28+E28 -> 8358.35
A29: IET DAS202612115300001 | B29: 46211 | C29: 9500 | D29: DAS Support for June 01-30, 2026 | F29: =F28+E29 -> 16000 | G29: 1210 | H29: =H28+G29 -> 8851.65 | I29: =I28-G29+E29 -> 7148.35
A30: IET DAS202613115300001 | B30: 46218 | C30: 2507 | D30: Finance Support for June 01-30, 2026 (Period 13) | F30: =F29+E30 -> 16000 | G30: 42.2 | H30: =H29+G30 -> 8893.85 | I30: =I29-G30+E30 -> 7106.15
A31: IET DAS202701115300001 | B31: 46241 | C31: 2507 | D31: Finance Support for July 01-31, 2026 | F31: =F30+E31 -> 16000 | G31: 148.89 | H31: =H30+G31 -> 9042.74 | I31: =I30-G31+E31 -> 6957.26
A32: IET DAS202701115300001 | B32: 46241 | C32: 9500 | D32: DAS Support for July 01-31, 2026 | F32: =F31+E32 -> 16000 | G32: 1599.1 | H32: =H31+G32 -> 10641.84 | I32: =I31-G32+E32 -> 5358.16
A33: IET DAS202702115300001 | B33: 46272 | C33: 2507 | D33: Finance Support for August 01-31, 2026 | F33: =F32+E33 -> 16000 | G33: 168.52 | H33: =H32+G33 -> 10810.36 | I33: =I32-G33+E33 -> 5189.64
A34: IET DAS202702115300001 | B34: 46272 | C34: 9500 | D34: DAS Support for August 01-31, 2026 | F34: =F33+E34 -> 16000 | G34: 1643.6 | H34: =H33+G34 -> 12453.96 | I34: =I33-G34+E34 -> 3546.04
F35: =F34+E35 -> 16000 | H35: =H34+G35 -> 12453.96 | I35: =I34-G35+E35 -> 3546.04
F36: =F35+E36 -> 16000 | H36: =H35+G36 -> 12453.96 | I36: =I35-G36+E36 -> 3546.04
F37: =F36+E37 -> 16000 | H37: =H36+G37 -> 12453.96 | I37: =I36-G37+E37 -> 3546.04
D39: Totals: | E39: =SUM(E9:E38) -> 16000 | G39: =SUM(G9:G38) -> 12453.96 | I39: =E39-G39 -> 3546.04

Sheet #9498.00 Misc
A1: ='RECAP #9498.00'!B1 -> DAS TH Parking Lot Retaining Wall Repairs
A2: ='RECAP #9498.00'!B2 -> Project # 9498.00
A3: ='RECAP #9498.00'!B3 -> Program code 949800 | E3: ='RECAP #9498.00'!E3 -> Major Program 4D04
A4: Misc
E5: Do not code PM, EADOC, or Builders Risk here
A6: Acct. Codes-0017-335-MM26-xxxx | E6: Shipping Code: 003
A7: ='RECAP #9498.00'!B6 -> Project Manager - James T.
A8: Doc # | B8: Date | C8: Object Code | D8: Activity Code | E8: Activity | F8: Invoice | G8: Payment Amount | H8: Total Paid
A9: PRC 33527211910 | B9: 46233 | C9: 9500 | D9: CNST | E9: Beeline & Blue V#(00002108204) | F9: Inv. INV060036 | G9: 342.5 | H9: =G9 -> 342.5
H10: =H9+G10 -> 342.5
H11: =H10+G11 -> 342.5
H12: =H11+G12 -> 342.5
H13: =H12+G13 -> 342.5
H14: =H13+G14 -> 342.5
H15: =H14+G15 -> 342.5
H16: =H15+G16 -> 342.5
H17: =H16+G17 -> 342.5
H18: =H17+G18 -> 342.5
H19: =H18+G19 -> 342.5
H20: =H19+G20 -> 342.5
E22: Totals: | G22: =SUM(G9:G21) -> 342.5

Sheet #9498.00 OPN Architects
A1: ='RECAP #9498.00'!B1 -> DAS TH Parking Lot Retaining Wall Repairs
A2: ='RECAP #9498.00'!B2 -> Project # 9498.00
A3: ='RECAP #9498.00'!B3 -> Program code 949800 | D3: ='RECAP #9498.00'!E3 -> Major Program 4D04
A4: OPN Architects | D4: Vendor: 00003035830
A5: Acct. Codes-0017-335-MM26-9260 | D5: RFP949800-01
A6: ='RECAP #9498.00'!B6 -> Project Manager - James T. | D6: Activity code: DSGN
A8: Doc # | B8: Date | C8: Activity | D8: Contract & C.O.'s | E8: Contract Total | F8: Payment Amount | G8: Total Paid | H8: Balance
A9: PO 33526337908 | B9: 45994 | C9: PO Procore | D9: 27466 | E9: =D9 -> 27466 | H9: =E9 -> 27466
A10: PRC 3352633PA7908 | B10: 46073 | C10: Inv. 24853006-1 | E10: =E9+D10 -> 27466 | F10: 1084.71 | G10: =G9+F10 -> 1084.71 | H10: =H9-F10+D10 -> 26381.29
A11: PRC 3352633PB7908 | B11: 46115 | C11: Inv. 24853006-2 | E11: =E10+D11 -> 27466 | F11: 9176.4 | G11: =G10+F11 -> 10261.11 | H11: =H10-F11+D11 -> 17204.89
A12: PRC 3352633PC7908 | B12: 46181 | C12: Inv. 24853006-3 | E12: =E11+D12 -> 27466 | F12: 3071.75 | G12: =G11+F12 -> 13332.86 | H12: =H11-F12+D12 -> 14133.14
A13: PRC 3352633PD7908 | B13: 46210 | C13: Inv. 24853006-4 | E13: =E12+D13 -> 27466 | F13: 3105.05 | G13: =G12+F13 -> 16437.91 | H13: =H12-F13+D13 -> 11028.09 | I13: FY26
A14: PO 33527337908 | B14: 46225 | C14: Roll to FY27 | D14: 0 | E14: =E13+D14 -> 27466 | G14: =G13+F14 -> 16437.91 | H14: =H13-F14+D14 -> 11028.09
A15: PRC 3352733PE7908 | B15: 46246 | C15: Inv. 24853006-5 | E15: =E14+D15 -> 27466 | F15: 1640 | G15: =G14+F15 -> 18077.91 | H15: =H14-F15+D15 -> 9388.09
E16: =E15+D16 -> 27466 | G16: =G15+F16 -> 18077.91 | H16: =H15-F16+D16 -> 9388.09
E17: =E16+D17 -> 27466 | G17: =G16+F17 -> 18077.91 | H17: =H16-F17+D17 -> 9388.09
E18: =E17+D18 -> 27466 | G18: =G17+F18 -> 18077.91 | H18: =H17-F18+D18 -> 9388.09
E19: =E18+D19 -> 27466 | G19: =G18+F19 -> 18077.91 | H19: =H18-F19+D19 -> 9388.09
E20: =E19+D20 -> 27466 | G20: =G19+F20 -> 18077.91 | H20: =H19-F20+D20 -> 9388.09
E21: =E20+D21 -> 27466 | G21: =G20+F21 -> 18077.91 | H21: =H20-F21+D21 -> 9388.09
C23: Totals: | D23: =SUM(D9:D22) -> 27466 | F23: =SUM(F9:F22) -> 18077.91 | H23: =D23-F23 -> 9388.09

Sheet #9498.00 MB Lawn Care
A1: ='RECAP #9498.00'!B1 -> DAS TH Parking Lot Retaining Wall Repairs
A2: ='RECAP #9498.00'!B2 -> Project # 9498.00
A3: ='RECAP #9498.00'!B3 -> Program code 949800 | D3: ='RECAP #9498.00'!E3 -> Major Program 4D04
A4: MB Lawn Care | D4: Vendor: 00003215471
A5: Acct. Codes-0017-335-MM26-9255 | D5: SRVV5
A6: ='RECAP #9498.00'!B6 -> Project Manager - James T. | D6: Activity code: BRUM
A8: Doc # | B8: Date | C8: Activity | D8: Contract & C.O.'s | E8: Contract Total | F8: Payment Amount | G8: Total Paid | H8: Balance
A9: PO 33527225902 | B9: 46247 | C9: PO Procore | D9: 4630 | E9: =D9 -> 4630 | H9: =E9 -> 4630
E10: =E9+D10 -> 4630 | G10: =G9+F10 -> 0 | H10: =H9-F10+D10 -> 4630
E11: =E10+D11 -> 4630 | G11: =G10+F11 -> 0 | H11: =H10-F11+D11 -> 4630
E12: =E11+D12 -> 4630 | G12: =G11+F12 -> 0 | H12: =H11-F12+D12 -> 4630
E13: =E12+D13 -> 4630 | G13: =G12+F13 -> 0 | H13: =H12-F13+D13 -> 4630
E14: =E13+D14 -> 4630 | G14: =G13+F14 -> 0 | H14: =H13-F14+D14 -> 4630
E15: =E14+D15 -> 4630 | G15: =G14+F15 -> 0 | H15: =H14-F15+D15 -> 4630
E16: =E15+D16 -> 4630 | G16: =G15+F16 -> 0 | H16: =H15-F16+D16 -> 4630
E17: =E16+D17 -> 4630 | G17: =G16+F17 -> 0 | H17: =H16-F17+D17 -> 4630
E18: =E17+D18 -> 4630 | G18: =G17+F18 -> 0 | H18: =H17-F18+D18 -> 4630
E19: =E18+D19 -> 4630 | G19: =G18+F19 -> 0 | H19: =H18-F19+D19 -> 4630
E20: =E19+D20 -> 4630 | G20: =G19+F20 -> 0 | H20: =H19-F20+D20 -> 4630
E21: =E20+D21 -> 4630 | G21: =G20+F21 -> 0 | H21: =H20-F21+D21 -> 4630
C23: Totals: | D23: =SUM(D9:D22) -> 4630 | F23: =SUM(F9:F22) -> 0 | H23: =D23-F23 -> 4630

Sheet #9498.00 DCI Group (2)
A1: ='RECAP #9498.00'!B1 -> DAS TH Parking Lot Retaining Wall Repairs
A2: ='RECAP #9498.00'!B2 -> Project # 9498.00
A3: ='RECAP #9498.00'!B3 -> Program code 949800 | D3: ='RECAP #9498.00'!E3 -> Major Program 4D04
A4: DCI Group(2) | D4: Vendor: 00003025029
A5: Acct. Codes-0017-335-MM26-9255 | D5: RFP181335228-DCI11012021
A6: ='RECAP #9498.00'!B6 -> Project Manager - James T. | D6: Activity code: CMGR
A8: Doc # | B8: Date | C8: Activity | D8: Contract & C.O.'s | E8: Contract Total | F8: Payment Amount | G8: Total Paid | H8: Balance
A9: PO 33527229905 | B9: 46251 | C9: PO Procore | D9: 46632.54 | E9: =D9 -> 46632.54 | H9: =E9 -> 46632.54
A10: PRC 3352722PA9905 | B10: 46274 | C10: Inv. 9498.00 CA 01 | E10: =E9+D10 -> 46632.54 | F10: 3291.65 | G10: =G9+F10 -> 3291.65 | H10: =H9-F10+D10 -> 43340.89
E11: =E10+D11 -> 46632.54 | G11: =G10+F11 -> 3291.65 | H11: =H10-F11+D11 -> 43340.89
E12: =E11+D12 -> 46632.54 | G12: =G11+F12 -> 3291.65 | H12: =H11-F12+D12 -> 43340.89
E13: =E12+D13 -> 46632.54 | G13: =G12+F13 -> 3291.65 | H13: =H12-F13+D13 -> 43340.89
E14: =E13+D14 -> 46632.54 | G14: =G13+F14 -> 3291.65 | H14: =H13-F14+D14 -> 43340.89
E15: =E14+D15 -> 46632.54 | G15: =G14+F15 -> 3291.65 | H15: =H14-F15+D15 -> 43340.89
E16: =E15+D16 -> 46632.54 | G16: =G15+F16 -> 3291.65 | H16: =H15-F16+D16 -> 43340.89
E17: =E16+D17 -> 46632.54 | G17: =G16+F17 -> 3291.65 | H17: =H16-F17+D17 -> 43340.89
E18: =E17+D18 -> 46632.54 | G18: =G17+F18 -> 3291.65 | H18: =H17-F18+D18 -> 43340.89
E19: =E18+D19 -> 46632.54 | G19: =G18+F19 -> 3291.65 | H19: =H18-F19+D19 -> 43340.89
E20: =E19+D20 -> 46632.54 | G20: =G19+F20 -> 3291.65 | H20: =H19-F20+D20 -> 43340.89
E21: =E20+D21 -> 46632.54 | G21: =G20+F21 -> 3291.65 | H21: =H20-F21+D21 -> 43340.89
C23: Totals: | D23: =SUM(D9:D22) -> 46632.54 | F23: =SUM(F10:F21) -> 3291.65 | H23: =D23-F23 -> 43340.89
C25: CM Services | D25: 41632.54 | F25: =3291.65 -> 3291.65 | H25: =D25-F25 -> 38340.89
C26: Reimbursables | D26: 5000 | H26: =D26-F26 -> 5000
C27: Total: | D27: =SUM(D25:D26) -> 46632.54 | F27: =SUM(F25:F26) -> 3291.65 | H27: =D27-F27 -> 43340.89

Sheet #9498.00 Concrete Connections
A1: ='RECAP #9498.00'!B1 -> DAS TH Parking Lot Retaining Wall Repairs
A2: ='RECAP #9498.00'!B2 -> Project # 9498.00
A3: ='RECAP #9498.00'!B3 -> Program code 949800 | D3: ='RECAP #9498.00'!E3 -> Major Program 4D04
A4: Concrete Connections | D4: Vendor: 00003177680
A5: Acct. Codes-0017-335-MM26-9255 | D5: RFB949800-01
A6: ='RECAP #9498.00'!B6 -> Project Manager - James T. | D6: Activity code: BRUM
A8: Doc # | B8: Date | C8: Activity | D8: Contract & C.O.'s | E8: Contract Total | F8: Payment Amount | G8: Total Paid | H8: Balance
A9: PO 33527229907 | B9: 46251 | C9: PO Procore | D9: 87870 | E9: =D9 -> 87870 | H9: =E9 -> 87870
E10: =E9+D10 -> 87870 | G10: =G9+F10 -> 0 | H10: =H9-F10+D10 -> 87870
E11: =E10+D11 -> 87870 | G11: =G10+F11 -> 0 | H11: =H10-F11+D11 -> 87870
E12: =E11+D12 -> 87870 | G12: =G11+F12 -> 0 | H12: =H11-F12+D12 -> 87870
E13: =E12+D13 -> 87870 | G13: =G12+F13 -> 0 | H13: =H12-F13+D13 -> 87870
E14: =E13+D14 -> 87870 | G14: =G13+F14 -> 0 | H14: =H13-F14+D14 -> 87870
E15: =E14+D15 -> 87870 | G15: =G14+F15 -> 0 | H15: =H14-F15+D15 -> 87870
E16: =E15+D16 -> 87870 | G16: =G15+F16 -> 0 | H16: =H15-F16+D16 -> 87870
E17: =E16+D17 -> 87870 | G17: =G16+F17 -> 0 | H17: =H16-F17+D17 -> 87870
E18: =E17+D18 -> 87870 | G18: =G17+F18 -> 0 | H18: =H17-F18+D18 -> 87870
E19: =E18+D19 -> 87870 | G19: =G18+F19 -> 0 | H19: =H18-F19+D19 -> 87870
E20: =E19+D20 -> 87870 | G20: =G19+F20 -> 0 | H20: =H19-F20+D20 -> 87870
E21: =E20+D21 -> 87870 | G21: =G20+F21 -> 0 | H21: =H20-F21+D21 -> 87870
C23: Totals: | D23: =SUM(D9:D22) -> 87870 | F23: =SUM(F10:F21) -> 0 | H23: =D23-F23 -> 87870

Sheet RECAP #9499.00
B1: IPBS 6535 Corporate Drive Parking Lot Replacement
B2: Project # 9499.00
B3: Program code 949900 | E3: Major Program 4E19
B4: Recap
B5: Acct. Codes-0017-335-MM26 | E5: Close Date:
B6: Project Manager - Brandon A.
C7: TRANSFERS | D7: CONTRACTED | E7: EXPENDED | F7: CONTRACTED, NOT EXPENDED | G7: UNDER(OVER) Budget
B8: Budget | C8: =FINANCIAL!G22 -> 440965
A10: C | B10: Boyd Jones | D10: ='#9499.00 Boyd Jones'!D23 -> 16566.1 | E10: ='#9499.00 Boyd Jones'!F23 -> 16566.1 | F10: ='#9499.00 Boyd Jones'!H23 -> 0
B11: PM TIME | D11: ='#9499.00 PM TIME '!E37 -> 17000 | E11: ='#9499.00 PM TIME '!G37 -> 15564.54 | F11: ='#9499.00 PM TIME '!I37 -> 1435.46
B12: Misc. | D12: ='#9499.00 Misc '!G22 -> 12950.43 | E12: ='#9499.00 Misc '!G22 -> 12950.43 | F12: =D12-E12 -> 0
A13: C | B13: Larson Engineering | D13: ='#9499.00 Larson Engineering'!D23 -> 33530 | E13: ='#9499.00 Larson Engineering'!F23 -> 33530 | F13: ='#9499.00 Larson Engineering'!H23 -> 0
B14: Boyd Jones (2) | D14: ='#9499.00 Boyd Jones (2)'!D23 -> 29267.48 | E14: ='#9499.00 Boyd Jones (2)'!F23 -> 29204.08 | F14: ='#9499.00 Boyd Jones (2)'!H23 -> 63.4
B15: Core Construction Services | D15: ='#9499.00 Core Construction'!D23 -> 310000 | E15: ='#9499.00 Core Construction'!F23 -> 292182.92 | F15: ='#9499.00 Core Construction'!H23 -> 17817.08
B17: Total Project Cost | C17: =SUM(C8:C16) -> 440965 | D17: =SUM(D8:D16) -> 419314.01 | E17: =SUM(E8:E16) -> 399998.07 | F17: =SUM(D17-E17) -> 19315.94 | G17: =C8-D17 -> 21650.99

Sheet #9499.00 Boyd Jones
A1: ='RECAP #9499.00'!B1 -> IPBS 6535 Corporate Drive Parking Lot Replacement
A2: ='RECAP #9499.00'!B2 -> Project # 9499.00
A3: ='RECAP #9499.00'!B3 -> Program code 949900 | D3: ='RECAP #9499.00'!E3 -> Major Program 4E19
A4: Boyd Jones | D4: Vendor: 00003193325
A5: Acct. Codes-0017-335-MM26-9255 | D5: RFP1821335228-BoydJones11012021
A6: ='RECAP #9499.00'!B6 -> Project Manager - Brandon A. | D6: Activity code: CMGR
A8: Doc # | B8: Date | C8: Activity | D8: Contract & C.O.'s | E8: Contract Total | F8: Payment Amount | G8: Total Paid | H8: Balance
A9: PO 33526342905 | B9: 45999 | C9: PO Procore | D9: 17986.57 | E9: =D9 -> 17986.57 | H9: =E9 -> 17986.57
A10: PRC 3352634PA2905 | B10: 45663 | C10: Inv. 9499.00-01 | E10: =E9+D10 -> 17986.57 | F10: 3657.72 | G10: =G9+F10 -> 3657.72 | H10: =H9-F10+D10 -> 14328.85
A11: PRC 3352634PB2905 | B11: 46069 | C11: Inv. 9499.00-02 | E11: =E10+D11 -> 17986.57 | F11: 1902.69 | G11: =G10+F11 -> 5560.41 | H11: =H10-F11+D11 -> 12426.16
A12: PRC 3352634PC2905 | B12: 46100 | C12: Inv. 9499.00-03 | E12: =E11+D12 -> 17986.57 | F12: 5535.28 | G12: =G11+F12 -> 11095.69 | H12: =H11-F12+D12 -> 6890.88
A13: PRC 3352634PD2905 | B13: 46128 | C13: Inv. 9499.00-04 | E13: =E12+D13 -> 17986.57 | F13: 5470.41 | G13: =G12+F13 -> 16566.1 | H13: =H12-F13+D13 -> 1420.47
A14: PO 33526342905 | B14: 46231 | C14: Closing PO Per PM | D14: -1420.47 | E14: =E13+D14 -> 16566.1 | G14: =G13+F14 -> 16566.1 | H14: =H13-F14+D14 -> 0
E15: =E14+D15 -> 16566.1 | G15: =G14+F15 -> 16566.1 | H15: =H14-F15+D15 -> 0
E16: =E15+D16 -> 16566.1 | G16: =G15+F16 -> 16566.1 | H16: =H15-F16+D16 -> 0
E17: =E16+D17 -> 16566.1 | G17: =G16+F17 -> 16566.1 | H17: =H16-F17+D17 -> 0
E18: =E17+D18 -> 16566.1 | G18: =G17+F18 -> 16566.1 | H18: =H17-F18+D18 -> 0
E19: =E18+D19 -> 16566.1 | G19: =G18+F19 -> 16566.1 | H19: =H18-F19+D19 -> 0
E20: =E19+D20 -> 16566.1 | G20: =G19+F20 -> 16566.1 | H20: =H19-F20+D20 -> 0
E21: =E20+D21 -> 16566.1 | G21: =G20+F21 -> 16566.1 | H21: =H20-F21+D21 -> 0
C23: Totals: | D23: =SUM(D9:D22) -> 16566.1 | F23: =SUM(F9:F22) -> 16566.1 | H23: =D23-F23 -> 0
C26: CM Services | D26: =17686.57-1123.47 -> 16563.1 | F26: =3657.72+1902.69+5535.28+5467.41 -> 16563.1 | H26: =D26-F26 -> 0
C27: Reimbursables | D27: =300-297 -> 3 | F27: =3 -> 3 | H27: =D27-F27 -> 0
C28: Total: | D28: =SUM(D26:D27) -> 16566.1 | F28: =SUM(F26:F27) -> 16566.1 | H28: =SUM(H26:H27) -> 0

Sheet #9499.00 PM TIME 
A1: ='RECAP #9499.00'!B1 -> IPBS 6535 Corporate Drive Parking Lot Replacement
A2: ='RECAP #9499.00'!B2 -> Project # 9499.00
A3: ='RECAP #9499.00'!B3 -> Program code 949900 | E3: ='RECAP #9499.00'!E3 -> Major Program 4E19
A4: PM TIME | E4: Internal documents
A6: Acct. Codes-0017-335-MM26-xxxx | E6: eDAS 734O
A7: ='RECAP #9499.00'!B6 -> Project Manager - Brandon A.
A8: Doc # | B8: Date | C8: Object Code | D8: Activity Code | E8: Contract & C.O.'s | F8: Contract Total | G8: Payment Amount | H8: Total Paid | I8: Balance
D9: Budget amount | E9: =15000+2000 -> 17000 | F9: =E9 -> 17000 | I9: =F9 -> 17000
A10: IET DAS202604115300001 | B10: 45968 | C10: 2507 | D10: Finance Support for October 01-31, 2025 | F10: =F9+E10 -> 17000 | G10: 128.14 | H10: =H9+G10 -> 128.14 | I10: =I9-G10+E10 -> 16871.86
A11: IET DAS202604115300001 | B11: 45968 | C11: 9500 | D11: DAS Support for October 01-31, 2025 | F11: =F10+E11 -> 17000 | G11: 1311.2 | H11: =H10+G11 -> 1439.34 | I11: =I10-G11+E11 -> 15560.66
A12: IET DAS202605115300001 | B12: 45996 | C12: 2507 | D12: Finance Support for November 1-30, 2025 | F12: =F11+E12 -> 17000 | G12: 145.53 | H12: =H11+G12 -> 1584.87 | I12: =I11-G12+E12 -> 15415.13
A13: IET DAS202605115300001 | B13: 45996 | C13: 9500 | D13: DAS Support for November 1-30, 2025 | F13: =F12+E13 -> 17000 | G13: 904.2 | H13: =H12+G13 -> 2489.07 | I13: =I12-G13+E13 -> 14510.93
A14: IET DAS202606115300001 | B14: 46030 | C14: 2507 | D14: Finance Support for December 1-31, 2025 | F14: =F13+E14 -> 17000 | G14: 130.35 | H14: =H13+G14 -> 2619.42 | I14: =I13-G14+E14 -> 14380.58
A15: IET DAS202606115300001 | B15: 46030 | C15: 9500 | D15: DAS Support for December 1-31, 2025 | F15: =F14+E15 -> 17000 | G15: 1478.4 | H15: =H14+G15 -> 4097.82 | I15: =I14-G15+E15 -> 12902.18
A16: IET DAS202607115300001 | B16: 46062 | C16: 2507 | D16: Finance Support for January 1-31, 2026 | F16: =F15+E16 -> 17000 | G16: 74.43 | H16: =H15+G16 -> 4172.25 | I16: =I15-G16+E16 -> 12827.75
A17: IET DAS202607115300001 | B17: 46062 | C17: 9500 | D17: DAS Support for January 1-31, 2026 | F17: =F16+E17 -> 17000 | G17: 924.6 | H17: =H16+G17 -> 5096.85 | I17: =I16-G17+E17 -> 11903.15
A18: IET DAS202608115300001 | B18: 46090 | C18: 2507 | D18: Finance Support for February 1-28, 2026 | F18: =F17+E18 -> 17000 | G18: 77.35 | H18: =H17+G18 -> 5174.2 | I18: =I17-G18+E18 -> 11825.8
A19: IET DAS202608115300001 | B19: 46090 | C19: 9500 | D19: DAS Support for February 1-28, 2026 | F19: =F18+E19 -> 17000 | G19: 891.2 | H19: =H18+G19 -> 6065.4 | I19: =I18-G19+E19 -> 10934.6
A20: IET DAS202609115300001 | B20: 46118 | C20: 2507 | D20: Finance Support for March 01-31, 2026 | F20: =F19+E20 -> 17000 | G20: 131.67 | H20: =H19+G20 -> 6197.07 | I20: =I19-G20+E20 -> 10802.93
A21: IET DAS202609115300001 | B21: 46118 | C21: 9500 | D21: DAS Support for March 01-31, 2026 | F21: =F20+E21 -> 17000 | G21: 1074.2 | H21: =H20+G21 -> 7271.27 | I21: =I20-G21+E21 -> 9728.73
A22: IET DAS202610115300001 | B22: 46149 | C22: 2507 | D22: Finance Support for April 01-30, 2026 | F22: =F21+E22 -> 17000 | G22: 196.51 | H22: =H21+G22 -> 7467.78 | I22: =I21-G22+E22 -> 9532.22
A23: IET DAS202610115300001 | B23: 46149 | C23: 9500 | D23: DAS Support for April 01-30, 2026 | F23: =F22+E23 -> 17000 | G23: 2048.1 | H23: =H22+G23 -> 9515.88 | I23: =I22-G23+E23 -> 7484.12
A24: IET DAS202611115300001 | B24: 46181 | C24: 2507 | D24: Finance Support for May 01-31, 2026 | F24: =F23+E24 -> 17000 | G24: 129.5 | H24: =H23+G24 -> 9645.38 | I24: =I23-G24+E24 -> 7354.62
A25: IET DAS202611115300001 | B25: 46181 | C25: 9500 | D25: DAS Support for May 01-31, 2026 | F25: =F24+E25 -> 17000 | G25: 1590.1 | H25: =H24+G25 -> 11235.48 | I25: =I24-G25+E25 -> 5764.52
A26: IET DAS202612115300001 | B26: 46211 | C26: 2507 | D26: Finance Support for June 01-30, 2026 | F26: =F25+E26 -> 17000 | G26: 192.31 | H26: =H25+G26 -> 11427.79 | I26: =I25-G26+E26 -> 5572.21
A27: IET DAS202612115300001 | B27: 46211 | C27: 9500 | D27: DAS Support for June 01-30, 2026 | F27: =F26+E27 -> 17000 | G27: 2216.5 | H27: =H26+G27 -> 13644.29 | I27: =I26-G27+E27 -> 3355.71
A28: IET DAS202613115300001 | B28: 46218 | C28: 2507 | D28: Finance Support for June 01-30, 2026 (Period 13) | F28: =F27+E28 -> 17000 | G28: 76.89 | H28: =H27+G28 -> 13721.18 | I28: =I27-G28+E28 -> 3278.82
A29: IET DAS202701115300001 | B29: 46241 | C29: 2507 | D29: Finance Support for July 01-31, 2026 | F29: =F28+E29 -> 17000 | G29: 98.67 | H29: =H28+G29 -> 13819.85 | I29: =I28-G29+E29 -> 3180.15
A30: IET DAS202701115300001 | B30: 46241 | C30: 9500 | D30: DAS Support for July 01-31, 2026 | F30: =F29+E30 -> 17000 | G30: 1055.7 | H30: =H29+G30 -> 14875.55 | I30: =I29-G30+E30 -> 2124.45
A31: IET DAS202702115300001 | B31: 46272 | C31: 2507 | D31: Finance Support for August 01-31, 2026 | F31: =F30+E31 -> 17000 | G31: 63.89 | H31: =H30+G31 -> 14939.44 | I31: =I30-G31+E31 -> 2060.56
A32: IET DAS202702115300001 | B32: 46272 | C32: 9500 | D32: DAS Support for August 01-31, 2026 | F32: =F31+E32 -> 17000 | G32: 625.1 | H32: =H31+G32 -> 15564.54 | I32: =I31-G32+E32 -> 1435.46
F33: =F32+E33 -> 17000 | H33: =H32+G33 -> 15564.54 | I33: =I32-G33+E33 -> 1435.46
F34: =F33+E34 -> 17000 | H34: =H33+G34 -> 15564.54 | I34: =I33-G34+E34 -> 1435.46
F35: =F34+E35 -> 17000 | H35: =H34+G35 -> 15564.54 | I35: =I34-G35+E35 -> 1435.46
D37: Totals: | E37: =SUM(E9:E36) -> 17000 | G37: =SUM(G9:G36) -> 15564.54 | I37: =E37-G37 -> 1435.46

Sheet #9499.00 Misc 
A1: ='RECAP #9499.00'!B1 -> IPBS 6535 Corporate Drive Parking Lot Replacement
A2: ='RECAP #9499.00'!B2 -> Project # 9499.00
A3: ='RECAP #9499.00'!B3 -> Program code 949900 | E3: ='RECAP #9499.00'!E3 -> Major Program 4E19
A4: Misc
E5: Do not code PM, EADOC, or Builders Risk here
A6: Acct. Codes-0017-335-MM26-xxxx | E6: Shipping Code: 225
A7: ='RECAP #9499.00'!B6 -> Project Manager - Brandon A.
A8: Doc # | B8: Date | C8: Object Code | D8: Activity Code | E8: Activity | F8: Invoice | G8: Payment Amount | H8: Total Paid
A9: GAX 33526120912 | B9: 46142 | C9: 9500 | D9: CNST | E9: GPRS V#(00003035582) | F9: Inv. 959633 | G9: 1150 | H9: =G9 -> 1150
A10: GAX 33526169915 | B10: 46191 | C10: 9500 | D10: CNST | E10: GPRS V#(00003035582) | F10: Inv. 1001437 | G10: 700 | H10: =H9+G10 -> 1850
A11: PRC 33526181915 | B11: 46203 | C11: 9500 | D11: CNST | E11: Rapids Reproductions V#(00002111375) | F11: Inv. INVCL2931 | G11: 200 | H11: =H10+G11 -> 2050
A12: GAX 33526194903 | B12: 46216 | C12: 9500 | D12: CNST | E12: A Plus Lawn & Landscape V#(00003096472) | F12: Inv. 2262561 | G12: 2602.83 | H12: =H11+G12 -> 4652.83
A13: PRC 33527204900 | B13: 46226 | C13: 9500 | D13: CNST | E13: Baker Group V#(00002109043) | F13: Inv. 328431 | G13: 1777.1 | H13: =H12+G13 -> 6429.93
A14: GAX 33526225901 | B14: 46247 | C14: 9500 | D14: CNST | E14: Terracon Consultants V#(00002116512) | F14: Inv. 23531 | G14: 6520.5 | H14: =H13+G14 -> 12950.43
H15: =H14+G15 -> 12950.43
H16: =H15+G16 -> 12950.43
H17: =H16+G17 -> 12950.43
H18: =H17+G18 -> 12950.43
H19: =H18+G19 -> 12950.43
H20: =H19+G20 -> 12950.43
E22: Totals: | G22: =SUM(G9:G21) -> 12950.43

Sheet #9499.00 Larson Engineering
A1: ='RECAP #9499.00'!B1 -> IPBS 6535 Corporate Drive Parking Lot Replacement
A2: ='RECAP #9499.00'!B2 -> Project # 9499.00
A3: ='RECAP #9499.00'!B3 -> Program code 949900 | D3: ='RECAP #9499.00'!E3 -> Major Program 4E19
A4: Larson Engineering | D4: Vendor: VS000002162
A5: Acct. Codes-0017-335-MM26-9260 | D5: 949900-01
A6: ='RECAP #9499.00'!B6 -> Project Manager - Brandon A. | D6: Activity code: DSGN
A8: Doc # | B8: Date | C8: Activity | D8: Contract & C.O.'s | E8: Contract Total | F8: Payment Amount | G8: Total Paid | H8: Balance
A9: PO 33526023912 | B9: 46045 | C9: PO Procore | D9: 33530 | E9: =D9 -> 33530 | H9: =E9 -> 33530
A10: PRC 3352602PA3912 | B10: 46073 | C10: Inv. 9499.00-01 | E10: =E9+D10 -> 33530 | F10: 14300 | G10: =G9+F10 -> 14300 | H10: =H9-F10+D10 -> 19230
A11: PRC 3352602PB3912 | B11: 46107 | C11: Inv. 9499.00-02 | E11: =E10+D11 -> 33530 | F11: 10420 | G11: =G10+F11 -> 24720 | H11: =H10-F11+D11 -> 8810
A12: PRC 3352602PC3912 | B12: 46125 | C12: Inv. 9499.00-03 | E12: =E11+D12 -> 33530 | F12: 2350 | G12: =G11+F12 -> 27070 | H12: =H11-F12+D12 -> 6460
A13: PRC 3352602PD3912 | B13: 46168 | C13: Inv. 9499.00-04 | E13: =E12+D13 -> 33530 | F13: 646 | G13: =G12+F13 -> 27716 | H13: =H12-F13+D13 -> 5814
A14: PRC 3352602PE3912 | B14: 46216 | C14: Inv. 9499.00-05 - Final | E14: =E13+D14 -> 33530 | F14: 5814 | G14: =G13+F14 -> 33530 | H14: =H13-F14+D14 -> 0
E15: =E14+D15 -> 33530 | G15: =G14+F15 -> 33530 | H15: =H14-F15+D15 -> 0
E16: =E15+D16 -> 33530 | G16: =G15+F16 -> 33530 | H16: =H15-F16+D16 -> 0
E17: =E16+D17 -> 33530 | G17: =G16+F17 -> 33530 | H17: =H16-F17+D17 -> 0
E18: =E17+D18 -> 33530 | G18: =G17+F18 -> 33530 | H18: =H17-F18+D18 -> 0
E19: =E18+D19 -> 33530 | G19: =G18+F19 -> 33530 | H19: =H18-F19+D19 -> 0
E20: =E19+D20 -> 33530 | G20: =G19+F20 -> 33530 | H20: =H19-F20+D20 -> 0
E21: =E20+D21 -> 33530 | G21: =G20+F21 -> 33530 | H21: =H20-F21+D21 -> 0
C23: Totals: | D23: =SUM(D9:D22) -> 33530 | F23: =SUM(F9:F22) -> 33530 | H23: =D23-F23 -> 0 | I23: FINAL
C26: Topographic Survey | D26: 2000 | F26: =2000 -> 2000 | H26: =D26-F26 -> 0
C27: Geotechnical Investigation | D27: 3200 | F27: =3200 -> 3200 | H27: =D27-F27 -> 0
C28: Design Development | D28: 9100 | F28: =9100 -> 9100 | H28: =D28-F28 -> 0
C29: Construction Documents | D29: 10420 | F29: =10420 -> 10420 | H29: =D29-F29 -> 0
C30: Bidding/Negotiation | D30: 2350 | F30: =2350 -> 2350 | H30: =D30-F30 -> 0
C31: Construction Phase | D31: 6460 | F31: =646+5814 -> 6460 | H31: =D31-F31 -> 0
C32: Total: | D32: =SUM(D26:D31) -> 33530 | F32: =SUM(F26:F31) -> 33530 | H32: =SUM(H26:H31) -> 0

Sheet #9499.00 Boyd Jones (2)
A1: ='RECAP #9499.00'!B1 -> IPBS 6535 Corporate Drive Parking Lot Replacement
A2: ='RECAP #9499.00'!B2 -> Project # 9499.00
A3: ='RECAP #9499.00'!B3 -> Program code 949900 | D3: ='RECAP #9499.00'!E3 -> Major Program 4E19
A4: Boyd Jones (2) | D4: Vendor: 00003193325
A5: Acct. Codes-0017-335-MM26-9255 | D5: RFP1821335228-BoydJones11012021
A6: ='RECAP #9499.00'!B6 -> Project Manager - Brandon A. | D6: Activity code: CMGR
A8: Doc # | B8: Date | C8: Activity | D8: Contract & C.O.'s | E8: Contract Total | F8: Payment Amount | G8: Total Paid | H8: Balance
A9: PO 33526089910 | B9: 46111 | C9: PO Procore | D9: 29267.48 | E9: =D9 -> 29267.48 | H9: =E9 -> 29267.48
A10: PRC 3352608PA9910 | B10: 46161 | C10: Inv. 9499.00-001 | E10: =E9+D10 -> 29267.48 | F10: 6557.86 | G10: =G9+F10 -> 6557.86 | H10: =H9-F10+D10 -> 22709.62
A11: PRC 3352608PB9910 | B11: 46210 | C11: Inv. 9499.00-002 | E11: =E10+D11 -> 29267.48 | F11: 15145.31 | G11: =G10+F11 -> 21703.17 | H11: =H10-F11+D11 -> 7564.31
A12: PRC 3352608PC9910 | B12: 46216 | C12: Inv. 9499.00-003 | E12: =E11+D12 -> 29267.48 | F12: 5710.01 | G12: =G11+F12 -> 27413.18 | H12: =H11-F12+D12 -> 1854.3 | I12: FY26
A13: PO 33527089910 | B13: 46225 | C13: Roll to FY27 | D13: 0 | E13: =E12+D13 -> 29267.48 | G13: =G12+F13 -> 27413.18 | H13: =H12-F13+D13 -> 1854.3
A14: PRC 3352708PD9910 | B14: 46240 | C14: Inv. 9499.00-004 | E14: =E13+D14 -> 29267.48 | F14: 1072.16 | G14: =G13+F14 -> 28485.34 | H14: =H13-F14+D14 -> 782.14
A15: PRC 3352708PE9910 | B15: 46279 | C15: Inv. 9499.00-005 | E15: =E14+D15 -> 29267.48 | F15: 718.74 | G15: =G14+F15 -> 29204.08 | H15: =H14-F15+D15 -> 63.4
E16: =E15+D16 -> 29267.48 | G16: =G15+F16 -> 29204.08 | H16: =H15-F16+D16 -> 63.4
E17: =E16+D17 -> 29267.48 | G17: =G16+F17 -> 29204.08 | H17: =H16-F17+D17 -> 63.4
E18: =E17+D18 -> 29267.48 | G18: =G17+F18 -> 29204.08 | H18: =H17-F18+D18 -> 63.4
E19: =E18+D19 -> 29267.48 | G19: =G18+F19 -> 29204.08 | H19: =H18-F19+D19 -> 63.4
E20: =E19+D20 -> 29267.48 | G20: =G19+F20 -> 29204.08 | H20: =H19-F20+D20 -> 63.4
E21: =E20+D21 -> 29267.48 | G21: =G20+F21 -> 29204.08 | H21: =H20-F21+D21 -> 63.4
C23: Totals: | D23: =SUM(D9:D22) -> 29267.48 | F23: =SUM(F9:F22) -> 29204.08 | H23: =D23-F23 -> 63.4
C26: CM Services | D26: 29141.48 | F26: =6545.86+15091.31+5689.01+1072.16+718.74 -> 29117.08 | H26: =D26-F26 -> 24.4
C27: Reimbursables | D27: 126 | F27: =12+54+21 -> 87 | H27: =D27-F27 -> 39
C28: Total: | D28: =SUM(D26:D27) -> 29267.48 | F28: =SUM(F26:F27) -> 29204.08 | H28: =SUM(H26:H27) -> 63.4
A31: Vendor used Inv. 9499.00-0X in previous tabe, pleaes use Inv. 9499.00-001 in this tab.

Sheet #9499.00 Core Construction
A1: ='RECAP #9499.00'!B1 -> IPBS 6535 Corporate Drive Parking Lot Replacement
A2: ='RECAP #9499.00'!B2 -> Project # 9499.00
A3: ='RECAP #9499.00'!B3 -> Program code 949900 | D3: ='RECAP #9499.00'!E3 -> Major Program 4E19
A4: Core Construction | D4: Vendor: 00003201207
A5: Acct. Codes-0017-335-MM26-9255 | D5: 949900-01
A6: ='RECAP #9499.00'!B6 -> Project Manager - Brandon A. | D6: Activity code: BRUM
A8: Doc # | B8: Date | C8: Activity | D8: Contract & C.O.'s | E8: Contract Total | F8: Payment Amount | G8: Total Paid | H8: Balance | I8: Retainage
A9: PO 33526098913 | B9: 46120 | C9: PO Procore | D9: 310000 | E9: =D9 -> 310000 | H9: =E9 -> 310000
A10: PCR 3352609PA8913 | B10: 46183 | C10: Inv. 9499.00-001 | E10: =E9+D10 -> 310000 | F10: 30301.83 | G10: =G9+F10 -> 30301.83 | H10: =H9-F10+D10 -> 279698.17 | I10: 937.17
A11: PCR 3352609PB8913 | B11: 46198 | C11: Inv. 9499.00-002 | E11: =E10+D11 -> 310000 | F11: 248681.4 | G11: =G10+F11 -> 278983.23 | H11: =H10-F11+D11 -> 31016.77 | I11: =I10+7691.18 -> 8628.35
A12: PCR 3352609PC8913 | B12: 46217 | C12: Inv. 9499.00-003 | E12: =E11+D12 -> 310000 | F12: 9454.51 | G12: =G11+F12 -> 288437.74 | H12: =H11-F12+D12 -> 21562.26 | I12: =I11+292.41 -> 8920.76 | J12: FY26
A13: PO 33527098913 | B13: 46231 | C13: Roll to FY27 | D13: 0 | E13: =E12+D13 -> 310000 | G13: =G12+F13 -> 288437.74 | H13: =H12-F13+D13 -> 21562.26
A14: PRC 3352709PD8913 | B14: 46241 | C14: Inv. 9499.00-04 | E14: =E13+D14 -> 310000 | F14: 1746.99 | G14: =G13+F14 -> 290184.73 | H14: =H13-F14+D14 -> 19815.27 | I14: =I12+54.03 -> 8974.79
A15: PRC 3352709PE8913 | B15: 46273 | C15: Inv. 9499.00-05 | E15: =E14+D15 -> 310000 | F15: 1998.19 | G15: =G14+F15 -> 292182.92 | H15: =H14-F15+D15 -> 17817.08 | I15: =I14+61.81 -> 9036.6
E16: =E15+D16 -> 310000 | G16: =G15+F16 -> 292182.92 | H16: =H15-F16+D16 -> 17817.08
E17: =E16+D17 -> 310000 | G17: =G16+F17 -> 292182.92 | H17: =H16-F17+D17 -> 17817.08
E18: =E17+D18 -> 310000 | G18: =G17+F18 -> 292182.92 | H18: =H17-F18+D18 -> 17817.08
E19: =E18+D19 -> 310000 | G19: =G18+F19 -> 292182.92 | H19: =H18-F19+D19 -> 17817.08
E20: =E19+D20 -> 310000 | G20: =G19+F20 -> 292182.92 | H20: =H19-F20+D20 -> 17817.08
E21: =E20+D21 -> 310000 | G21: =G20+F21 -> 292182.92 | H21: =H20-F21+D21 -> 17817.08
C23: Totals: | D23: =SUM(D9:D22) -> 310000 | F23: =SUM(F9:F22) -> 292182.92 | H23: =D23-F23 -> 17817.08

Sheet RECAP #9500.00
B1: DOC MPCF Spill Containment for Diesel Tank
B2: Project # 9500.00
B3: Program code 950000 | E3: Major Program 4E01
B4: Recap
B5: Acct. Codes-0017-335-MM26 | E5: Close Date:
B6: Project Manager - Brandon A.
C7: TRANSFERS | D7: CONTRACTED | E7: EXPENDED | F7: CONTRACTED, NOT EXPENDED | G7: UNDER(OVER) Budget
B8: Budget | C8: =FINANCIAL!G23 -> 550000
A10: C | B10: McGough Construction | D10: ='#9500.00 McGough Construction'!D23 -> 12611.76 | E10: ='#9500.00 McGough Construction'!F23 -> 12611.76 | F10: ='#9500.00 McGough Construction'!H23 -> 0
B11: PM TIME | D11: ='#9500.00 PM TIME'!E39 -> 15000 | E11: ='#9500.00 PM TIME'!G39 -> 13999.94 | F11: ='#9500.00 PM TIME'!I39 -> 1000.06
B12: Misc. | D12: ='#9500.00 Misc'!G22 -> 2362.65 | E12: ='#9500.00 Misc'!G22 -> 2362.65 | F12: =D12-E12 -> 0
B13: KCL Engineering | D13: ='#9500.00 KCL Engineering'!D23 -> 36975 | E13: ='#9500.00 KCL Engineering'!F23 -> 32442 | F13: ='#9500.00 KCL Engineering'!H23 -> 4533
A14: C | B14: Terracon Consultants | D14: ='#9500.00 Terracon Consultants'!D23 -> 5968 | E14: ='#9500.00 Terracon Consultants'!F23 -> 5968 | F14: ='#9500.00 Terracon Consultants'!H23 -> 0
B15: McGough Construction(2) | D15: ='#9500.00 McGough Constructi (2)'!D23 -> 64134.14 | E15: ='#9500.00 McGough Constructi (2)'!F23 -> 6211.92 | F15: ='#9500.00 McGough Constructi (2)'!H23 -> 57922.22
B16: Acterra Group Inc | D16: ='#9500.00 Acterra Group'!D23 -> 368885 | E16: ='#9500.00 Acterra Group'!F23 -> 10185 | F16: ='#9500.00 Acterra Group'!H23 -> 358700
B18: Total Project Cost | C18: =SUM(C8:C17) -> 550000 | D18: =SUM(D8:D17) -> 505936.55 | E18: =SUM(E8:E17) -> 83781.27 | F18: =SUM(D18-E18) -> 422155.28 | G18: =C8-D18 -> 44063.45

Sheet #9500.00 McGough Construction
A1: ='RECAP #9500.00'!B1 -> DOC MPCF Spill Containment for Diesel Tank
A2: ='RECAP #9500.00'!B2 -> Project # 9500.00
A3: ='RECAP #9500.00'!B3 -> Program code 950000 | D3: ='RECAP #9500.00'!E3 -> Major Program 4E01
A4: McGough Construction | D4: Vendor: 00003193334
A5: Acct. Codes-0017-335-MM26-9255 | D5: RFP1821335228-McGough11012021
A6: ='RECAP #9500.00'!B6 -> Project Manager - Brandon A. | D6: Activity code: CMGR
A8: Doc # | B8: Date | C8: Activity | D8: Contract & C.O.'s | E8: Contract Total | F8: Payment Amount | G8: Total Paid | H8: Balance
A9: PO 33526329902 | B9: 45986 | C9: PO Procore | D9: 15864.97 | E9: =D9 -> 15864.97 | H9: =E9 -> 15864.97
